Workbook

Sheet Hoja
B2: FORMATO ANALISIS DE COSTOS - ESTUDIO DE MERCADO
AO3: 0.2
B6: DATOS DE INGRESO | Z6: Valores unitarios por cotización | AI6: FUMIGACIÓN | AS6: Valores unitarios seleccionados y Calculo del POE
B8: No. | C8: ITEM | D8: SEDE | E8: CIUDAD | F8: DIRECCION | G8: UND | H8: CANT. | I8: VALOR HISTORICO 2024 CTO 835-2024 | K8: VALOR IPC 2024 - (5.20%) CTO 835-2024 | M8: VALOR IPC 2025 ( 5.10%) CTO 835-2024 | O8: VALOR HISTORICO 2025 CTO 536-2025 | Q8: VALOR IPC 2025 5.10% CTO 536-2025 | S8: PROVEEDOR 1 IGNER SAS | U8: PROVEEDOR 2 SOID SAS | W8: PROVEEDOR 3 TECNICONTROL FUMIGACIONES SAS | Z8: =+I8 -> VALOR HISTORICO 2024 CTO 835-2024 | AA8: =+K8 -> VALOR IPC 2024 - (5.20%) CTO 835-2024 | AB8: =+M8 -> VALOR IPC 2025 ( 5.10%) CTO 835-2024 | AC8: =+O8 -> VALOR HISTORICO 2025 CTO 536-2025 | AD8: =+Q8 -> VALOR IPC 2025 5.10% CTO 536-2025 | AE8: =+S8 -> PROVEEDOR 1 IGNER SAS | AF8: =+U8 -> PROVEEDOR 2 SOID SAS | AG8: =+W8 -> PROVEEDOR 3 TECNICONTROL FUMIGACIONES SAS | AI8: MIN | AJ8: MAX | AK8: Promedio | AL8: Media aritmetica baja | AM8: Mediana estadística | AN8: Media Geométrica | AO8: Media Acotada | AP8: Media Armónica | AQ8: s Stdr | AS8: Medida de tendencia seleccionada | AT8: Valor Unitario | AU8: Valor Por un servicio | AV8: Valor Tres servicios
I9: VR. UNITARIO | J9: VR. TOTAL | K9: VR. UNITARIO | L9: VR. TOTAL | M9: VR. UNITARIO | N9: VR. TOTAL | O9: VR. UNITARIO | P9: VR. TOTAL | Q9: VR. UNITARIO | R9: VR. TOTAL | S9: VR. UNITARIO | T9: VR. TOTAL | U9: VR. UNITARIO | V9: VR. TOTAL | W9: VR. UNITARIO | X9: VR. TOTAL
B10: 1 | C10: Desinfeccion, fumigacion | D10: DT ANTIOQUIA | E10: MEDELLIN - ANTIOQUIA | F10: CRA 64 C Nº 78-580 Local 245N, 246N, 247N, 248N, 249N, 250N– TERMINAL DE TRANSPORTE NORTE OFIC.250 | G10: M2 | H10: 490 | I10: 616 | J10: =+H10*I10 -> 301840 | K10: =+I10+(I10*5.2%) -> 648.032 | L10: =+H10*K10 -> 317535.68 | M10: =+K10+(K10*5.1%) -> 681.08163 | N10: =+H10*M10 -> 333730 | O10: 760 | P10: =+H10*O10 -> 372400 | Q10: =+O10+(O10*5.1%) -> 798.76 | R10: =+H10*Q10 -> 391392.4 | S10: 6420 | T10: =+H10*S10 -> 3145800 | U10: 7000 | V10: =+H10*U10 -> 3430000 | W10: 6000 | X10: =+H10*W10 -> 2940000 | Z10: =+I10 -> 616 | AA10: =+K10 -> 648.032 | AB10: =+M10 -> 681.08163 | AC10: =+O10 -> 760 | AD10: =+Q10 -> 798.76 | AE10: =+S10 -> 6420 | AF10: =+U10 -> 7000 | AG10: =+W10 -> 6000 | AI10: {=+MIN(IF(Z10:AG10>0,Z10:AG10))} -> 616 | AJ10: {=MAX(IF(Z10:AG10>0,Z10:AG10))} -> 7000 | AK10: {=ROUND(AVERAGE(IF(Z10:AG10>0,Z10:AG10)),0)} -> 2865 | AL10: =+AVERAGE(AI10,AK10) -> 1740.5 | AM10: =ROUND(MEDIAN(Z10,AA10,AB10,AC10,AD10,AE10,AF10,AG10),0) -> 779 | AN10: =ROUND(GEOMEAN(Z10,AA10,AB10,AC10,AD10,AE10,AF10,AG10),0) -> 1607 | AO10: =ROUND(TRIMMEAN(Z10:AG10,$AO$3),0) -> 2865 | AP10: =ROUND(HARMEAN(Z10:AG10),0) -> 1043 | AQ10: {=STDEVA(IF(Z10:AG10>0,Z10:AG10))} -> 3000.1736 | AS10: =_xlfn.XLOOKUP(AT10,AK10:AQ10,$AK$8:$AQ$8,0) -> Mediana estadística | AT10: =+MIN(AK10:AP10) -> 779 | AU10: =+AT10*H10 -> 381710 | AV10: =+AU10*3 -> 1145130 | AW10: 490 | AX10: =+AW10-H10 -> 0
B11: 2 | C11: Desinfeccion, fumigacion | D11: DT ATLANTICO | E11: BARRANQUILLA - ATLANTICO | F11: CARRERA 57 No.75-42 BARRANQUILLA | G11: M2 | H11: 1114 | I11: 616 | J11: =+H11*I11 -> 686224 | K11: =+I11+(I11*5.2%) -> 648.032 | L11: =+H11*K11 -> 721907.65 | M11: =+K11+(K11*5.1%) -> 681.08163 | N11: =+H11*M11 -> 758724.94 | O11: 760 | P11: =+H11*O11 -> 846640 | Q11: =+O11+(O11*5.1%) -> 798.76 | R11: =+H11*Q11 -> 889818.64 | S11: 5120 | T11: =+H11*S11 -> 5703680 | U11: 5000 | V11: =+H11*U11 -> 5570000 | W11: 4000 | X11: =+H11*W11 -> 4456000 | Z11: =+I11 -> 616 | AA11: =+K11 -> 648.032 | AB11: =+M11 -> 681.08163 | AC11: =+O11 -> 760 | AD11: =+Q11 -> 798.76 | AE11: =+S11 -> 5120 | AF11: =+U11 -> 5000 | AG11: =+W11 -> 4000 | AI11: {=+MIN(IF(Z11:AG11>0,Z11:AG11))} -> 616 | AJ11: {=MAX(IF(Z11:AG11>0,Z11:AG11))} -> 5120 | AK11: {=ROUND(AVERAGE(IF(Z11:AG11>0,Z11:AG11)),0)} -> 2203 | AL11: =+AVERAGE(AI11,AK11) -> 1409.5 | AM11: =ROUND(MEDIAN(Z11,AD11,AE11,AF11,AG11),0) -> 4000 | AN11: =ROUND(GEOMEAN(Z11,AD11,AE11,AF11,AG11),0) -> 2190 | AO11: =ROUND(TRIMMEAN(Z11:AG11,$AO$3),0) -> 2203 | AP11: =ROUND(HARMEAN(Z11:AG11),0) -> 1019 | AQ11: {=STDEVA(IF(Z11:AG11>0,Z11:AG11))} -> 2099.938 | AS11: =_xlfn.XLOOKUP(AT11,AK11:AQ11,$AK$8:$AQ$8,0) -> Media Armónica | AT11: =+MIN(AK11:AP11) -> 1019 | AU11: =+AT11*H11 -> 1135166 | AV11: =+AU11*3 -> 3405498 | AW11: 1114 | AX11: =+AW11-H11 -> 0
B12: 3 | C12: Desinfeccion, fumigacion | D12: DT BOLIVAR | E12: CARTAGENA - BOLIVAR | F12: Calle Candilejo y Román No. 33-41/43/47/49/57/63 (Cra. 6 No. 33-63) 3er piso | G12: M2 | H12: 835 | I12: 616 | J12: =+H12*I12 -> 514360 | K12: =+I12+(I12*5.2%) -> 648.032 | L12: =+H12*K12 -> 541106.72 | M12: =+K12+(K12*5.1%) -> 681.08163 | N12: =+H12*M12 -> 568703.16 | O12: 760 | P12: =+H12*O12 -> 634600 | Q12: =+O12+(O12*5.1%) -> 798.76 | R12: =+H12*Q12 -> 666964.6 | S12: 6420 | T12: =+H12*S12 -> 5360700 | U12: 7000 | V12: =+H12*U12 -> 5845000 | W12: 6000 | X12: =+H12*W12 -> 5010000 | Z12: =+I12 -> 616 | AA12: =+K12 -> 648.032 | AB12: =+M12 -> 681.08163 | AC12: =+O12 -> 760 | AD12: =+Q12 -> 798.76 | AE12: =+S12 -> 6420 | AF12: =+U12 -> 7000 | AG12: =+W12 -> 6000 | AI12: {=+MIN(IF(Z12:AG12>0,Z12:AG12))} -> 616 | AJ12: {=MAX(IF(Z12:AG12>0,Z12:AG12))} -> 7000 | AK12: {=ROUND(AVERAGE(IF(Z12:AG12>0,Z12:AG12)),0)} -> 2865 | AL12: =+AVERAGE(AI12,AK12) -> 1740.5 | AM12: =ROUND(MEDIAN(Z12,AD12,AE12,AF12,AG12),0) -> 6000 | AN12: =ROUND(GEOMEAN(Z12,AD12,AE12,AF12,AG12),0) -> 2658 | AO12: =ROUND(TRIMMEAN(Z12:AG12,$AO$3),0) -> 2865 | AP12: =ROUND(HARMEAN(Z12:AG12),0) -> 1043 | AQ12: {=STDEVA(IF(Z12:AG12>0,Z12:AG12))} -> 3000.1736 | AS12: =_xlfn.XLOOKUP(AT12,AK12:AQ12,$AK$8:$AQ$8,0) -> Media Armónica | AT12: =+MIN(AK12:AP12) -> 1043 | AU12: =+AT12*H12 -> 870905 | AV12: =+AU12*3 -> 2612715 | AW12: 835 | AX12: =+AW12-H12 -> 0
B13: 4 | C13: Desinfeccion, fumigacion | D13: DT BOYACA | E13: DUITAMA - BOYACA | F13: Calle 16 No.14-68 Oficina 401-402 DUITAMA | G13: M2 | H13: 437 | I13: 616 | J13: =+H13*I13 -> 269192 | K13: =+I13+(I13*5.2%) -> 648.032 | L13: =+H13*K13 -> 283189.98 | M13: =+K13+(K13*5.1%) -> 681.08163 | N13: =+H13*M13 -> 297632.67 | O13: 760 | P13: =+H13*O13 -> 332120 | Q13: =+O13+(O13*5.1%) -> 798.76 | R13: =+H13*Q13 -> 349058.12 | S13: 7490 | T13: =+H13*S13 -> 3273130 | U13: 8000 | V13: =+H13*U13 -> 3496000 | W13: 7000 | X13: =+H13*W13 -> 3059000 | Z13: =+I13 -> 616 | AA13: =+K13 -> 648.032 | AB13: =+M13 -> 681.08163 | AC13: =+O13 -> 760 | AD13: =+Q13 -> 798.76 | AE13: =+S13 -> 7490 | AF13: =+U13 -> 8000 | AG13: =+W13 -> 7000 | AI13: {=+MIN(IF(Z13:AG13>0,Z13:AG13))} -> 616 | AJ13: {=MAX(IF(Z13:AG13>0,Z13:AG13))} -> 8000 | AK13: {=ROUND(AVERAGE(IF(Z13:AG13>0,Z13:AG13)),0)} -> 3249 | AL13: =+AVERAGE(AI13,AK13) -> 1932.5 | AM13: =ROUND(MEDIAN(Z13,AD13,AE13,AF13,AG13),0) -> 7000 | AN13: =ROUND(GEOMEAN(Z13,AD13,AE13,AF13,AG13),0) -> 2904 | AO13: =ROUND(TRIMMEAN(Z13:AG13,$AO$3),0) -> 3249 | AP13: =ROUND(HARMEAN(Z13:AG13),0) -> 1052 | AQ13: {=STDEVA(IF(Z13:AG13>0,Z13:AG13))} -> 3527.8243 | AS13: =_xlfn.XLOOKUP(AT13,AK13:AQ13,$AK$8:$AQ$8,0) -> Media Armónica | AT13: =+MIN(AK13:AP13) -> 1052 | AU13: =+AT13*H13 -> 459724 | AV13: =+AU13*3 -> 1379172 | AW13: 437 | AX13: =+AW13-H13 -> 0
B14: 5 | C14: Desinfeccion, fumigacion | D14: DT CALDAS | E14: MANIZALES - CALDAS | F14: Calle 21 No.21- 45 Edif. Millan y Asociados Piso 9 Manizales | G14: M2 | H14: 166 | I14: 616 | J14: =+H14*I14 -> 102256 | K14: =+I14+(I14*5.2%) -> 648.032 | L14: =+H14*K14 -> 107573.31 | M14: =+K14+(K14*5.1%) -> 681.08163 | N14: =+H14*M14 -> 113059.55 | O14: 760 | P14: =+H14*O14 -> 126160 | Q14: =+O14+(O14*5.1%) -> 798.76 | R14: =+H14*Q14 -> 132594.16 | S14: 8560 | T14: =+H14*S14 -> 1420960 | U14: 9000 | V14: =+H14*U14 -> 1494000 | W14: 8000 | X14: =+H14*W14 -> 1328000 | Z14: =+I14 -> 616 | AA14: =+K14 -> 648.032 | AB14: =+M14 -> 681.08163 | AC14: =+O14 -> 760 | AD14: =+Q14 -> 798.76 | AE14: =+S14 -> 8560 | AF14: =+U14 -> 9000 | AG14: =+W14 -> 8000 | AI14: {=+MIN(IF(Z14:AG14>0,Z14:AG14))} -> 616 | AJ14: {=MAX(IF(Z14:AG14>0,Z14:AG14))} -> 9000 | AK14: {=ROUND(AVERAGE(IF(Z14:AG14>0,Z14:AG14)),0)} -> 3633 | AL14: =+AVERAGE(AI14,AK14) -> 2124.5 | AM14: =ROUND(MEDIAN(Z14,AD14,AE14,AF14,AG14),0) -> 8000 | AN14: =ROUND(GEOMEAN(Z14,AD14,AE14,AF14,AG14),0) -> 3136 | AO14: =ROUND(TRIMMEAN(Z14:AG14,$AO$3),0) -> 3633 | AP14: =ROUND(HARMEAN(Z14:AG14),0) -> 1059 | AQ14: {=STDEVA(IF(Z14:AG14>0,Z14:AG14))} -> 4056.1047 | AS14: =_xlfn.XLOOKUP(AT14,AK14:AQ14,$AK$8:$AQ$8,0) -> Media Armónica | AT14: =+MIN(AK14:AP14) -> 1059 | AU14: =+AT14*H14 -> 175794 | AV14: =+AU14*3 -> 527382 | AW14: 166 | AX14: =+AW14-H14 -> 0
B15: 6 | C15: Desinfeccion, fumigacion | D15: DT CAUCA | E15: POPAYAN - CAUCA | F15: Calle 25N Nº 11 – 96 1º piso | G15: M2 | H15: 390 | I15: 616 | J15: =+H15*I15 -> 240240 | K15: =+I15+(I15*5.2%) -> 648.032 | L15: =+H15*K15 -> 252732.48 | M15: =+K15+(K15*5.1%) -> 681.08163 | N15: =+H15*M15 -> 265621.84 | O15: 760 | P15: =+H15*O15 -> 296400 | Q15: =+O15+(O15*5.1%) -> 798.76 | R15: =+H15*Q15 -> 311516.4 | S15: 7490 | T15: =+H15*S15 -> 2921100 | U15: 8000 | V15: =+H15*U15 -> 3120000 | W15: 7000 | X15: =+H15*W15 -> 2730000 | Z15: =+I15 -> 616 | AA15: =+K15 -> 648.032 | AB15: =+M15 -> 681.08163 | AC15: =+O15 -> 760 | AD15: =+Q15 -> 798.76 | AE15: =+S15 -> 7490 | AF15: =+U15 -> 8000 | AG15: =+W15 -> 7000 | AI15: {=+MIN(IF(Z15:AG15>0,Z15:AG15))} -> 616 | AJ15: {=MAX(IF(Z15:AG15>0,Z15:AG15))} -> 8000 | AK15: {=ROUND(AVERAGE(IF(Z15:AG15>0,Z15:AG15)),0)} -> 3249 | AL15: =+AVERAGE(AI15,AK15) -> 1932.5 | AM15: =ROUND(MEDIAN(Z15,AD15,AE15,AF15,AG15),0) -> 7000 | AN15: =ROUND(GEOMEAN(Z15,AD15,AE15,AF15,AG15),0) -> 2904 | AO15: =ROUND(TRIMMEAN(Z15:AG15,$AO$3),0) -> 3249 | AP15: =ROUND(HARMEAN(Z15:AG15),0) -> 1052 | AQ15: {=STDEVA(IF(Z15:AG15>0,Z15:AG15))} -> 3527.8243 | AS15: =_xlfn.XLOOKUP(AT15,AK15:AQ15,$AK$8:$AQ$8,0) -> Media Armónica | AT15: =+MIN(AK15:AP15) -> 1052 | AU15: =+AT15*H15 -> 410280 | AV15: =+AU15*3 -> 1230840 | AW15: 390 | AX15: =+AW15-H15 -> 0
B16: 7 | C16: Desinfeccion, fumigacion | D16: DT CESAR | E16: VALLEDUPAR - CESAR | F16: Calle 16 A No. 12-89 Valledupar - Cesar | G16: M2 | H16: 248 | I16: 616 | J16: =+H16*I16 -> 152768 | K16: =+I16+(I16*5.2%) -> 648.032 | L16: =+H16*K16 -> 160711.94 | M16: =+K16+(K16*5.1%) -> 681.08163 | N16: =+H16*M16 -> 168908.24 | O16: 760 | P16: =+H16*O16 -> 188480 | Q16: =+O16+(O16*5.1%) -> 798.76 | R16: =+H16*Q16 -> 198092.48 | S16: 8560 | T16: =+H16*S16 -> 2122880 | U16: 9000 | V16: =+H16*U16 -> 2232000 | W16: 8000 | X16: =+H16*W16 -> 1984000 | Z16: =+I16 -> 616 | AA16: =+K16 -> 648.032 | AB16: =+M16 -> 681.08163 | AC16: =+O16 -> 760 | AD16: =+Q16 -> 798.76 | AE16: =+S16 -> 8560 | AF16: =+U16 -> 9000 | AG16: =+W16 -> 8000 | AI16: {=+MIN(IF(Z16:AG16>0,Z16:AG16))} -> 616 | AJ16: {=MAX(IF(Z16:AG16>0,Z16:AG16))} -> 9000 | AK16: {=ROUND(AVERAGE(IF(Z16:AG16>0,Z16:AG16)),0)} -> 3633 | AL16: =+AVERAGE(AI16,AK16) -> 2124.5 | AM16: =ROUND(MEDIAN(Z16,AD16,AE16,AF16,AG16),0) -> 8000 | AN16: =ROUND(GEOMEAN(Z16,AD16,AE16,AF16,AG16),0) -> 3136 | AO16: =ROUND(TRIMMEAN(Z16:AG16,$AO$3),0) -> 3633 | AP16: =ROUND(HARMEAN(Z16:AG16),0) -> 1059 | AQ16: {=STDEVA(IF(Z16:AG16>0,Z16:AG16))} -> 4056.1047 | AS16: =_xlfn.XLOOKUP(AT16,AK16:AQ16,$AK$8:$AQ$8,0) -> Media Armónica | AT16: =+MIN(AK16:AP16) -> 1059 | AU16: =+AT16*H16 -> 262632 | AV16: =+AU16*3 -> 787896 | AW16: 248 | AX16: =+AW16-H16 -> 0
B17: 8 | C17: Desinfeccion, fumigacion | D17: DT CORDOBA | E17: MONTERIA - CORDOBA | F17: CALLE 55 nº 6- 1-95 Barrio Castellana | G17: M2 | H17: 772 | I17: 616 | J17: =+H17*I17 -> 475552 | K17: =+I17+(I17*5.2%) -> 648.032 | L17: =+H17*K17 -> 500280.7 | M17: =+K17+(K17*5.1%) -> 681.08163 | N17: =+H17*M17 -> 525795.02 | O17: 760 | P17: =+H17*O17 -> 586720 | Q17: =+O17+(O17*5.1%) -> 798.76 | R17: =+H17*Q17 -> 616642.72 | S17: 6420 | T17: =+H17*S17 -> 4956240 | U17: 7000 | V17: =+H17*U17 -> 5404000 | W17: 6000 | X17: =+H17*W17 -> 4632000 | Z17: =+I17 -> 616 | AA17: =+K17 -> 648.032 | AB17: =+M17 -> 681.08163 | AC17: =+O17 -> 760 | AD17: =+Q17 -> 798.76 | AE17: =+S17 -> 6420 | AF17: =+U17 -> 7000 | AG17: =+W17 -> 6000 | AI17: {=+MIN(IF(Z17:AG17>0,Z17:AG17))} -> 616 | AJ17: {=MAX(IF(Z17:AG17>0,Z17:AG17))} -> 7000 | AK17: {=ROUND(AVERAGE(IF(Z17:AG17>0,Z17:AG17)),0)} -> 2865 | AL17: =+AVERAGE(AI17,AK17) -> 1740.5 | AM17: =ROUND(MEDIAN(Z17,AD17,AE17,AF17,AG17),0) -> 6000 | AN17: =ROUND(GEOMEAN(Z17,AD17,AE17,AF17,AG17),0) -> 2658 | AO17: =ROUND(TRIMMEAN(Z17:AG17,$AO$3),0) -> 2865 | AP17: =ROUND(HARMEAN(Z17:AG17),0) -> 1043 | AQ17: {=STDEVA(IF(Z17:AG17>0,Z17:AG17))} -> 3000.1736 | AS17: =_xlfn.XLOOKUP(AT17,AK17:AQ17,$AK$8:$AQ$8,0) -> Media Armónica | AT17: =+MIN(AK17:AP17) -> 1043 | AU17: =+AT17*H17 -> 805196 | AV17: =+AU17*3 -> 2415588 | AW17: 772 | AX17: =+AW17-H17 -> 0
B18: 9 | C18: Desinfeccion, fumigacion | D18: DT CUNDINAMARCA | F18: Centro Comercial Gran Estacion II - 9no y 10mo piso | G18: M2 | H18: 9490 | I18: 616 | J18: =+H18*I18 -> 5845840 | K18: =+I18+(I18*5.2%) -> 648.032 | L18: =+H18*K18 -> 6149823.7 | M18: =+K18+(K18*5.1%) -> 681.08163 | N18: =+H18*M18 -> 6463464.7 | O18: 760 | P18: =+H18*O18 -> 7212400 | Q18: =+O18+(O18*5.1%) -> 798.76 | R18: =+H18*Q18 -> 7580232.4 | S18: 2140 | T18: =+H18*S18 -> 20308600 | U18: 4000 | V18: =+H18*U18 -> 37960000 | W18: 2000 | X18: =+H18*W18 -> 18980000 | Z18: =+I18 -> 616 | AA18: =+K18 -> 648.032 | AB18: =+M18 -> 681.08163 | AC18: =+O18 -> 760 | AD18: =+Q18 -> 798.76 | AE18: =+S18 -> 2140 | AF18: =+U18 -> 4000 | AG18: =+W18 -> 2000 | AI18: {=+MIN(IF(Z18:AG18>0,Z18:AG18))} -> 616 | AJ18: {=MAX(IF(Z18:AG18>0,Z18:AG18))} -> 4000 | AK18: {=ROUND(AVERAGE(IF(Z18:AG18>0,Z18:AG18)),0)} -> 1455 | AL18: =+AVERAGE(AI18,AK18) -> 1035.5 | AM18: =ROUND(MEDIAN(Z18,AD18,AE18,AF18,AG18),0) -> 2000 | AN18: =ROUND(GEOMEAN(Z18,AD18,AE18,AF18,AG18),0) -> 1531 | AO18: =ROUND(TRIMMEAN(Z18:AG18,$AO$3),0) -> 1455 | AP18: =ROUND(HARMEAN(Z18:AG18),0) -> 950 | AQ18: {=STDEVA(IF(Z18:AG18>0,Z18:AG18))} -> 1201.8448 | AS18: =_xlfn.XLOOKUP(AT18,AK18:AQ18,$AK$8:$AQ$8,0) -> Media Armónica | AT18: =+MIN(AK18:AP18) -> 950 | AU18: =+AT18*H18 -> 9015500 | AV18: =+AU18*3 -> 27046500 | AW18: 9490 | AX18: =+AW18-H18 -> 0
B19: 10 | C19: Desinfeccion, fumigacion | D19: DT CUNDINAMARCA | F19: Carrera 128 #17-15, Archivo Central | G19: M2 | H19: 2312 | I19: 616 | J19: =+H19*I19 -> 1424192 | K19: =+I19+(I19*5.2%) -> 648.032 | L19: =+H19*K19 -> 1498250 | M19: =+K19+(K19*5.1%) -> 681.08163 | N19: =+H19*M19 -> 1574660.7 | O19: 760 | P19: =+H19*O19 -> 1757120 | Q19: =+O19+(O19*5.1%) -> 798.76 | R19: =+H19*Q19 -> 1846733.1 | S19: 2140 | T19: =+H19*S19 -> 4947680 | U19: 4000 | V19: =+H19*U19 -> 9248000 | W19: 2000 | X19: =+H19*W19 -> 4624000 | Z19: =+I19 -> 616 | AA19: =+K19 -> 648.032 | AB19: =+M19 -> 681.08163 | AC19: =+O19 -> 760 | AD19: =+Q19 -> 798.76 | AE19: =+S19 -> 2140 | AF19: =+U19 -> 4000 | AG19: =+W19 -> 2000 | AI19: {=+MIN(IF(Z19:AG19>0,Z19:AG19))} -> 616 | AJ19: {=MAX(IF(Z19:AG19>0,Z19:AG19))} -> 4000 | AK19: {=ROUND(AVERAGE(IF(Z19:AG19>0,Z19:AG19)),0)} -> 1455 | AL19: =+AVERAGE(AI19,AK19) -> 1035.5 | AM19: =ROUND(MEDIAN(Z19,AD19,AE19,AF19,AG19),0) -> 2000 | AN19: =ROUND(GEOMEAN(Z19,AD19,AE19,AF19,AG19),0) -> 1531 | AO19: =ROUND(TRIMMEAN(Z19:AG19,$AO$3),0) -> 1455 | AP19: =ROUND(HARMEAN(Z19:AG19),0) -> 950 | AQ19: {=STDEVA(IF(Z19:AG19>0,Z19:AG19))} -> 1201.8448 | AS19: =_xlfn.XLOOKUP(AT19,AK19:AQ19,$AK$8:$AQ$8,0) -> Media Armónica | AT19: =+MIN(AK19:AP19) -> 950 | AU19: =+AT19*H19 -> 2196400 | AV19: =+AU19*3 -> 6589200 | AW19: 2312 | AX19: =+AW19-H19 -> 0
B20: 11 | C20: Desinfeccion, fumigacion | D20: DT CUNDINAMARCA | F20: Centro empresarial Dorado Plaza, Av. Calle 26 No.85-D-55, 2do piso | G20: M2 | H20: 222 | I20: 616 | J20: =+H20*I20 -> 136752 | K20: =+I20+(I20*5.2%) -> 648.032 | L20: =+H20*K20 -> 143863.1 | M20: =+K20+(K20*5.1%) -> 681.08163 | N20: =+H20*M20 -> 151200.12 | O20: 760 | P20: =+H20*O20 -> 168720 | Q20: =+O20+(O20*5.1%) -> 798.76 | R20: =+H20*Q20 -> 177324.72 | S20: 8560 | T20: =+H20*S20 -> 1900320 | U20: 9000 | V20: =+H20*U20 -> 1998000 | W20: 8000 | X20: =+H20*W20 -> 1776000 | Z20: =+I20 -> 616 | AA20: =+K20 -> 648.032 | AB20: =+M20 -> 681.08163 | AC20: =+O20 -> 760 | AD20: =+Q20 -> 798.76 | AE20: =+S20 -> 8560 | AF20: =+U20 -> 9000 | AG20: =+W20 -> 8000 | AI20: {=+MIN(IF(Z20:AG20>0,Z20:AG20))} -> 616 | AJ20: {=MAX(IF(Z20:AG20>0,Z20:AG20))} -> 9000 | AK20: {=ROUND(AVERAGE(IF(Z20:AG20>0,Z20:AG20)),0)} -> 3633 | AL20: =+AVERAGE(AI20,AK20) -> 2124.5 | AM20: =ROUND(MEDIAN(Z20,AD20,AE20,AF20,AG20),0) -> 8000 | AN20: =ROUND(GEOMEAN(Z20,AD20,AE20,AF20,AG20),0) -> 3136 | AO20: =ROUND(TRIMMEAN(Z20:AG20,$AO$3),0) -> 3633 | AP20: =ROUND(HARMEAN(Z20:AG20),0) -> 1059 | AQ20: {=STDEVA(IF(Z20:AG20>0,Z20:AG20))} -> 4056.1047 | AS20: =_xlfn.XLOOKUP(AT20,AK20:AQ20,$AK$8:$AQ$8,0) -> Media Armónica | AT20: =+MIN(AK20:AP20) -> 1059 | AU20: =+AT20*H20 -> 235098 | AV20: =+AU20*3 -> 705294 | AW20: 222 | AX20: =+AW20-H20 -> 0
B21: 12 | C21: Desinfeccion, fumigacion | D21: DT CUNDINAMARCA | F21: Carrera 45 #26-61, Unidad Deportiva | G21: M2 | H21: 3662 | I21: 616 | J21: =+H21*I21 -> 2255792 | K21: =+I21+(I21*5.2%) -> 648.032 | L21: =+H21*K21 -> 2373093.2 | M21: =+K21+(K21*5.1%) -> 681.08163 | N21: =+H21*M21 -> 2494120.9 | O21: 760 | P21: =+H21*O21 -> 2783120 | Q21: =+O21+(O21*5.1%) -> 798.76 | R21: =+H21*Q21 -> 2925059.1 | S21: 2140 | T21: =+H21*S21 -> 7836680 | U21: 4000 | V21: =+H21*U21 -> 14648000 | W21: 2000 | X21: =+H21*W21 -> 7324000 | Z21: =+I21 -> 616 | AA21: =+K21 -> 648.032 | AB21: =+M21 -> 681.08163 | AC21: =+O21 -> 760 | AD21: =+Q21 -> 798.76 | AE21: =+S21 -> 2140 | AF21: =+U21 -> 4000 | AG21: =+W21 -> 2000 | AI21: {=+MIN(IF(Z21:AG21>0,Z21:AG21))} -> 616 | AJ21: {=MAX(IF(Z21:AG21>0,Z21:AG21))} -> 4000 | AK21: {=ROUND(AVERAGE(IF(Z21:AG21>0,Z21:AG21)),0)} -> 1455 | AL21: =+AVERAGE(AI21,AK21) -> 1035.5 | AM21: =ROUND(MEDIAN(Z21,AD21,AE21,AF21,AG21),0) -> 2000 | AN21: =ROUND(GEOMEAN(Z21,AD21,AE21,AF21,AG21),0) -> 1531 | AO21: =ROUND(TRIMMEAN(Z21:AG21,$AO$3),0) -> 1455 | AP21: =ROUND(HARMEAN(Z21:AG21),0) -> 950 | AQ21: {=STDEVA(IF(Z21:AG21>0,Z21:AG21))} -> 1201.8448 | AS21: =_xlfn.XLOOKUP(AT21,AK21:AQ21,$AK$8:$AQ$8,0) -> Media Armónica | AT21: =+MIN(AK21:AP21) -> 950 | AU21: =+AT21*H21 -> 3478900 | AV21: =+AU21*3 -> 10436700 | AW21: 3662 | AX21: =+AW21-H21 -> 0
B22: 13 | C22: Desinfeccion, fumigacion | D22: DT GUAJIRA | E22: NEIVA - HUILA | F22: CARRERA 5 No. 18-19 Centro NEIVA | G22: M2 | H22: 113 | I22: 616 | J22: =+H22*I22 -> 69608 | K22: =+I22+(I22*5.2%) -> 648.032 | L22: =+H22*K22 -> 73227.616 | M22: =+K22+(K22*5.1%) -> 681.08163 | N22: =+H22*M22 -> 76962.224 | O22: 760 | P22: =+H22*O22 -> 85880 | Q22: =+O22+(O22*5.1%) -> 798.76 | R22: =+H22*Q22 -> 90259.88 | S22: 8560 | T22: =+H22*S22 -> 967280 | U22: 9000 | V22: =+H22*U22 -> 1017000 | W22: 8000 | X22: =+H22*W22 -> 904000 | Z22: =+I22 -> 616 | AA22: =+K22 -> 648.032 | AB22: =+M22 -> 681.08163 | AC22: =+O22 -> 760 | AD22: =+Q22 -> 798.76 | AE22: =+S22 -> 8560 | AF22: =+U22 -> 9000 | AG22: =+W22 -> 8000 | AI22: {=+MIN(IF(Z22:AG22>0,Z22:AG22))} -> 616 | AJ22: {=MAX(IF(Z22:AG22>0,Z22:AG22))} -> 9000 | AK22: {=ROUND(AVERAGE(IF(Z22:AG22>0,Z22:AG22)),0)} -> 3633 | AL22: =+AVERAGE(AI22,AK22) -> 2124.5 | AM22: =ROUND(MEDIAN(Z22,AD22,AE22,AF22,AG22),0) -> 8000 | AN22: =ROUND(GEOMEAN(Z22,AD22,AE22,AF22,AG22),0) -> 3136 | AO22: =ROUND(TRIMMEAN(Z22:AG22,$AO$3),0) -> 3633 | AP22: =ROUND(HARMEAN(Z22:AG22),0) -> 1059 | AQ22: {=STDEVA(IF(Z22:AG22>0,Z22:AG22))} -> 4056.1047 | AS22: =_xlfn.XLOOKUP(AT22,AK22:AQ22,$AK$8:$AQ$8,0) -> Media Armónica | AT22: =+MIN(AK22:AP22) -> 1059 | AU22: =+AT22*H22 -> 119667 | AV22: =+AU22*3 -> 359001 | AW22: 113 | AX22: =+AW22-H22 -> 0
B23: 14 | C23: Desinfeccion, fumigacion | D23: DT HUILA | E23: VILLAVICENCIO - META | F23: Transversal 28 No 41 - 101 Barrio La Grama | G23: M2 | H23: 812 | I23: 616 | J23: =+H23*I23 -> 500192 | K23: =+I23+(I23*5.2%) -> 648.032 | L23: =+H23*K23 -> 526201.98 | M23: =+K23+(K23*5.1%) -> 681.08163 | N23: =+H23*M23 -> 553038.29 | O23: 760 | P23: =+H23*O23 -> 617120 | Q23: =+O23+(O23*5.1%) -> 798.76 | R23: =+H23*Q23 -> 648593.12 | S23: 6420 | T23: =+H23*S23 -> 5213040 | U23: 7000 | V23: =+H23*U23 -> 5684000 | W23: 6000 | X23: =+H23*W23 -> 4872000 | Z23: =+I23 -> 616 | AA23: =+K23 -> 648.032 | AB23: =+M23 -> 681.08163 | AC23: =+O23 -> 760 | AD23: =+Q23 -> 798.76 | AE23: =+S23 -> 6420 | AF23: =+U23 -> 7000 | AG23: =+W23 -> 6000 | AI23: {=+MIN(IF(Z23:AG23>0,Z23:AG23))} -> 616 | AJ23: {=MAX(IF(Z23:AG23>0,Z23:AG23))} -> 7000 | AK23: {=ROUND(AVERAGE(IF(Z23:AG23>0,Z23:AG23)),0)} -> 2865 | AL23: =+AVERAGE(AI23,AK23) -> 1740.5 | AM23: =ROUND(MEDIAN(Z23,AD23,AE23,AF23,AG23),0) -> 6000 | AN23: =ROUND(GEOMEAN(Z23,AD23,AE23,AF23,AG23),0) -> 2658 | AO23: =ROUND(TRIMMEAN(Z23:AG23,$AO$3),0) -> 2865 | AP23: =ROUND(HARMEAN(Z23:AG23),0) -> 1043 | AQ23: {=STDEVA(IF(Z23:AG23>0,Z23:AG23))} -> 3000.1736 | AS23: =_xlfn.XLOOKUP(AT23,AK23:AQ23,$AK$8:$AQ$8,0) -> Media Armónica | AT23: =+MIN(AK23:AP23) -> 1043 | AU23: =+AT23*H23 -> 846916 | AV23: =+AU23*3 -> 2540748 | AW23: 812 | AX23: =+AW23-H23 -> 0
B24: 15 | C24: Desinfeccion, fumigacion | D24: DT MAGDALENA | F24: Carrera 4 No. 26-40 Ciudad Comercial Prado Plaza 401 | G24: M2 | H24: 120 | I24: 616 | J24: =+H24*I24 -> 73920 | K24: =+I24+(I24*5.2%) -> 648.032 | L24: =+H24*K24 -> 77763.84 | M24: =+K24+(K24*5.1%) -> 681.08163 | N24: =+H24*M24 -> 81729.796 | O24: 760 | P24: =+H24*O24 -> 91200 | Q24: =+O24+(O24*5.1%) -> 798.76 | R24: =+H24*Q24 -> 95851.2 | S24: 8560 | T24: =+H24*S24 -> 1027200 | U24: 9000 | V24: =+H24*U24 -> 1080000 | W24: 8000 | X24: =+H24*W24 -> 960000 | Z24: =+I24 -> 616 | AA24: =+K24 -> 648.032 | AB24: =+M24 -> 681.08163 | AC24: =+O24 -> 760 | AD24: =+Q24 -> 798.76 | AE24: =+S24 -> 8560 | AF24: =+U24 -> 9000 | AG24: =+W24 -> 8000 | AI24: {=+MIN(IF(Z24:AG24>0,Z24:AG24))} -> 616 | AJ24: {=MAX(IF(Z24:AG24>0,Z24:AG24))} -> 9000 | AK24: {=ROUND(AVERAGE(IF(Z24:AG24>0,Z24:AG24)),0)} -> 3633 | AL24: =+AVERAGE(AI24,AK24) -> 2124.5 | AM24: =ROUND(MEDIAN(Z24,AD24,AE24,AF24,AG24),0) -> 8000 | AN24: =ROUND(GEOMEAN(Z24,AD24,AE24,AF24,AG24),0) -> 3136 | AO24: =ROUND(TRIMMEAN(Z24:AG24,$AO$3),0) -> 3633 | AP24: =ROUND(HARMEAN(Z24:AG24),0) -> 1059 | AQ24: {=STDEVA(IF(Z24:AG24>0,Z24:AG24))} -> 4056.1047 | AS24: =_xlfn.XLOOKUP(AT24,AK24:AQ24,$AK$8:$AQ$8,0) -> Media Armónica | AT24: =+MIN(AK24:AP24) -> 1059 | AU24: =+AT24*H24 -> 127080 | AV24: =+AU24*3 -> 381240 | AW24: 120 | AX24: =+AW24-H24 -> 0
B25: 16 | C25: Desinfeccion, fumigacion | D25: DT META | E25: PASTO - NARIÑO | F25: LOS ROSALES II - ANGANOY-EDIFICIO INVIAS-PASTO-NARIÑO | G25: M2 | H25: 1120 | I25: 616 | J25: =+H25*I25 -> 689920 | K25: =+I25+(I25*5.2%) -> 648.032 | L25: =+H25*K25 -> 725795.84 | M25: =+K25+(K25*5.1%) -> 681.08163 | N25: =+H25*M25 -> 762811.43 | O25: 760 | P25: =+H25*O25 -> 851200 | Q25: =+O25+(O25*5.1%) -> 798.76 | R25: =+H25*Q25 -> 894611.2 | S25: 5120 | T25: =+H25*S25 -> 5734400 | U25: 5000 | V25: =+H25*U25 -> 5600000 | W25: 4000 | X25: =+H25*W25 -> 4480000 | Z25: =+I25 -> 616 | AA25: =+K25 -> 648.032 | AB25: =+M25 -> 681.08163 | AC25: =+O25 -> 760 | AD25: =+Q25 -> 798.76 | AE25: =+S25 -> 5120 | AF25: =+U25 -> 5000 | AG25: =+W25 -> 4000 | AI25: {=+MIN(IF(Z25:AG25>0,Z25:AG25))} -> 616 | AJ25: {=MAX(IF(Z25:AG25>0,Z25:AG25))} -> 5120 | AK25: {=ROUND(AVERAGE(IF(Z25:AG25>0,Z25:AG25)),0)} -> 2203 | AL25: =+AVERAGE(AI25,AK25) -> 1409.5 | AM25: =ROUND(MEDIAN(Z25,AD25,AE25,AF25,AG25),0) -> 4000 | AN25: =ROUND(GEOMEAN(Z25,AD25,AE25,AF25,AG25),0) -> 2190 | AO25: =ROUND(TRIMMEAN(Z25:AG25,$AO$3),0) -> 2203 | AP25: =ROUND(HARMEAN(Z25:AG25),0) -> 1019 | AQ25: {=STDEVA(IF(Z25:AG25>0,Z25:AG25))} -> 2099.938 | AS25: =_xlfn.XLOOKUP(AT25,AK25:AQ25,$AK$8:$AQ$8,0) -> Media Armónica | AT25: =+MIN(AK25:AP25) -> 1019 | AU25: =+AT25*H25 -> 1141280 | AV25: =+AU25*3 -> 3423840 | AW25: 1120 | AX25: =+AW25-H25 -> 0
B26: 17 | C26: Desinfeccion, fumigacion | D26: DT NARIÑO | E26: CUCUTA - NTE. SANTANDER | F26: AV.DEMETRIO MENDOZA- ANTIGUA SEDE M.O.P.T. BARRIO SAN LUIS -CÚCUTA | G26: M2 | H26: 200 | I26: 616 | J26: =+H26*I26 -> 123200 | K26: =+I26+(I26*5.2%) -> 648.032 | L26: =+H26*K26 -> 129606.4 | M26: =+K26+(K26*5.1%) -> 681.08163 | N26: =+H26*M26 -> 136216.33 | O26: 760 | P26: =+H26*O26 -> 152000 | Q26: =+O26+(O26*5.1%) -> 798.76 | R26: =+H26*Q26 -> 159752 | S26: 8560 | T26: =+H26*S26 -> 1712000 | U26: 9000 | V26: =+H26*U26 -> 1800000 | W26: 8000 | X26: =+H26*W26 -> 1600000 | Z26: =+I26 -> 616 | AA26: =+K26 -> 648.032 | AB26: =+M26 -> 681.08163 | AC26: =+O26 -> 760 | AD26: =+Q26 -> 798.76 | AE26: =+S26 -> 8560 | AF26: =+U26 -> 9000 | AG26: =+W26 -> 8000 | AI26: {=+MIN(IF(Z26:AG26>0,Z26:AG26))} -> 616 | AJ26: {=MAX(IF(Z26:AG26>0,Z26:AG26))} -> 9000 | AK26: {=ROUND(AVERAGE(IF(Z26:AG26>0,Z26:AG26)),0)} -> 3633 | AL26: =+AVERAGE(AI26,AK26) -> 2124.5 | AM26: =ROUND(MEDIAN(Z26,AD26,AE26,AF26,AG26),0) -> 8000 | AN26: =ROUND(GEOMEAN(Z26,AD26,AE26,AF26,AG26),0) -> 3136 | AO26: =ROUND(TRIMMEAN(Z26:AG26,$AO$3),0) -> 3633 | AP26: =ROUND(HARMEAN(Z26:AG26),0) -> 1059 | AQ26: {=STDEVA(IF(Z26:AG26>0,Z26:AG26))} -> 4056.1047 | AS26: =_xlfn.XLOOKUP(AT26,AK26:AQ26,$AK$8:$AQ$8,0) -> Media Armónica | AT26: =+MIN(AK26:AP26) -> 1059 | AU26: =+AT26*H26 -> 211800 | AV26: =+AU26*3 -> 635400 | AW26: 200 | AX26: =+AW26-H26 -> 0
B27: 18 | C27: Desinfeccion, fumigacion | D27: DT NORTE DE SANTANDER | E27: ARMENIA - QUINDIO | F27: Carrera 14 No.1-333 Local 10 - C.Comercial Baleraes | G27: M2 | H27: 3000 | I27: 616 | J27: =+H27*I27 -> 1848000 | K27: =+I27+(I27*5.2%) -> 648.032 | L27: =+H27*K27 -> 1944096 | M27: =+K27+(K27*5.1%) -> 681.08163 | N27: =+H27*M27 -> 2043244.9 | O27: 760 | P27: =+H27*O27 -> 2280000 | Q27: =+O27+(O27*5.1%) -> 798.76 | R27: =+H27*Q27 -> 2396280 | S27: 2140 | T27: =+H27*S27 -> 6420000 | U27: 4000 | V27: =+H27*U27 -> 12000000 | W27: 2000 | X27: =+H27*W27 -> 6000000 | Z27: =+I27 -> 616 | AA27: =+K27 -> 648.032 | AB27: =+M27 -> 681.08163 | AC27: =+O27 -> 760 | AD27: =+Q27 -> 798.76 | AE27: =+S27 -> 2140 | AF27: =+U27 -> 4000 | AG27: =+W27 -> 2000 | AI27: {=+MIN(IF(Z27:AG27>0,Z27:AG27))} -> 616 | AJ27: {=MAX(IF(Z27:AG27>0,Z27:AG27))} -> 4000 | AK27: {=ROUND(AVERAGE(IF(Z27:AG27>0,Z27:AG27)),0)} -> 1455 | AL27: =+AVERAGE(AI27,AK27) -> 1035.5 | AM27: =ROUND(MEDIAN(Z27,AD27,AE27,AF27,AG27),0) -> 2000 | AN27: =ROUND(GEOMEAN(Z27,AD27,AE27,AF27,AG27),0) -> 1531 | AO27: =ROUND(TRIMMEAN(Z27:AG27,$AO$3),0) -> 1455 | AP27: =ROUND(HARMEAN(Z27:AG27),0) -> 950 | AQ27: {=STDEVA(IF(Z27:AG27>0,Z27:AG27))} -> 1201.8448 | AS27: =_xlfn.XLOOKUP(AT27,AK27:AQ27,$AK$8:$AQ$8,0) -> Media Armónica | AT27: =+MIN(AK27:AP27) -> 950 | AU27: =+AT27*H27 -> 2850000 | AV27: =+AU27*3 -> 8550000 | AW27: 3000 | AX27: =+AW27-H27 -> 0
B28: 19 | C28: Desinfeccion, fumigacion | D28: DT QUINDIO | E28: PEREIRA - RISARALDA | F28: VIA MERCASA AVENIDA DE LAS AMERICAS | G28: M2 | H28: 286 | I28: 616 | J28: =+H28*I28 -> 176176 | K28: =+I28+(I28*5.2%) -> 648.032 | L28: =+H28*K28 -> 185337.15 | M28: =+K28+(K28*5.1%) -> 681.08163 | N28: =+H28*M28 -> 194789.35 | O28: 760 | P28: =+H28*O28 -> 217360 | Q28: =+O28+(O28*5.1%) -> 798.76 | R28: =+H28*Q28 -> 228445.36 | S28: 8560 | T28: =+H28*S28 -> 2448160 | U28: 9000 | V28: =+H28*U28 -> 2574000 | W28: 8000 | X28: =+H28*W28 -> 2288000 | Z28: =+I28 -> 616 | AA28: =+K28 -> 648.032 | AB28: =+M28 -> 681.08163 | AC28: =+O28 -> 760 | AD28: =+Q28 -> 798.76 | AE28: =+S28 -> 8560 | AF28: =+U28 -> 9000 | AG28: =+W28 -> 8000 | AI28: {=+MIN(IF(Z28:AG28>0,Z28:AG28))} -> 616 | AJ28: {=MAX(IF(Z28:AG28>0,Z28:AG28))} -> 9000 | AK28: {=ROUND(AVERAGE(IF(Z28:AG28>0,Z28:AG28)),0)} -> 3633 | AL28: =+AVERAGE(AI28,AK28) -> 2124.5 | AM28: =ROUND(MEDIAN(Z28,AD28,AE28,AF28,AG28),0) -> 8000 | AN28: =ROUND(GEOMEAN(Z28,AD28,AE28,AF28,AG28),0) -> 3136 | AO28: =ROUND(TRIMMEAN(Z28:AG28,$AO$3),0) -> 3633 | AP28: =ROUND(HARMEAN(Z28:AG28),0) -> 1059 | AQ28: {=STDEVA(IF(Z28:AG28>0,Z28:AG28))} -> 4056.1047 | AS28: =_xlfn.XLOOKUP(AT28,AK28:AQ28,$AK$8:$AQ$8,0) -> Media Armónica | AT28: =+MIN(AK28:AP28) -> 1059 | AU28: =+AT28*H28 -> 302874 | AV28: =+AU28*3 -> 908622 | AW28: 286 | AX28: =+AW28-H28 -> 0
B29: 20 | C29: Desinfeccion, fumigacion | D29: DT RISARALDA | E29: BUCARAMANGA - SANTANDER | F29: KILÓMETRO 1. RUITOQUE ANTIGUO DISTRITO 15- FLORIDA BLANCA | G29: M2 | H29: 238 | I29: 616 | J29: =+H29*I29 -> 146608 | K29: =+I29+(I29*5.2%) -> 648.032 | L29: =+H29*K29 -> 154231.62 | M29: =+K29+(K29*5.1%) -> 681.08163 | N29: =+H29*M29 -> 162097.43 | O29: 760 | P29: =+H29*O29 -> 180880 | Q29: =+O29+(O29*5.1%) -> 798.76 | R29: =+H29*Q29 -> 190104.88 | S29: 8560 | T29: =+H29*S29 -> 2037280 | U29: 9000 | V29: =+H29*U29 -> 2142000 | W29: 8000 | X29: =+H29*W29 -> 1904000 | Z29: =+I29 -> 616 | AA29: =+K29 -> 648.032 | AB29: =+M29 -> 681.08163 | AC29: =+O29 -> 760 | AD29: =+Q29 -> 798.76 | AE29: =+S29 -> 8560 | AF29: =+U29 -> 9000 | AG29: =+W29 -> 8000 | AI29: {=+MIN(IF(Z29:AG29>0,Z29:AG29))} -> 616 | AJ29: {=MAX(IF(Z29:AG29>0,Z29:AG29))} -> 9000 | AK29: {=ROUND(AVERAGE(IF(Z29:AG29>0,Z29:AG29)),0)} -> 3633 | AL29: =+AVERAGE(AI29,AK29) -> 2124.5 | AM29: =ROUND(MEDIAN(Z29,AD29,AE29,AF29,AG29),0) -> 8000 | AN29: =ROUND(GEOMEAN(Z29,AD29,AE29,AF29,AG29),0) -> 3136 | AO29: =ROUND(TRIMMEAN(Z29:AG29,$AO$3),0) -> 3633 | AP29: =ROUND(HARMEAN(Z29:AG29),0) -> 1059 | AQ29: {=STDEVA(IF(Z29:AG29>0,Z29:AG29))} -> 4056.1047 | AS29: =_xlfn.XLOOKUP(AT29,AK29:AQ29,$AK$8:$AQ$8,0) -> Media Armónica | AT29: =+MIN(AK29:AP29) -> 1059 | AU29: =+AT29*H29 -> 252042 | AV29: =+AU29*3 -> 756126 | AW29: 238 | AX29: =+AW29-H29 -> 0
B30: 21 | C30: Desinfeccion, fumigacion | D30: DT SANTANDER | E30: IBAGUE - TOLIMA | F30: Carrera 5ª Calle 60 Barrio El Jordan 1ª etapa | G30: M2 | H30: 4800 | I30: 616 | J30: =+H30*I30 -> 2956800 | K30: =+I30+(I30*5.2%) -> 648.032 | L30: =+H30*K30 -> 3110553.6 | M30: =+K30+(K30*5.1%) -> 681.08163 | N30: =+H30*M30 -> 3269191.8 | O30: 760 | P30: =+H30*O30 -> 3648000 | Q30: =+O30+(O30*5.1%) -> 798.76 | R30: =+H30*Q30 -> 3834048 | S30: 2140 | T30: =+H30*S30 -> 10272000 | U30: 5000 | V30: =+H30*U30 -> 24000000 | W30: 2000 | X30: =+H30*W30 -> 9600000 | Z30: =+I30 -> 616 | AA30: =+K30 -> 648.032 | AB30: =+M30 -> 681.08163 | AC30: =+O30 -> 760 | AD30: =+Q30 -> 798.76 | AE30: =+S30 -> 2140 | AF30: =+U30 -> 5000 | AG30: =+W30 -> 2000 | AI30: {=+MIN(IF(Z30:AG30>0,Z30:AG30))} -> 616 | AJ30: {=MAX(IF(Z30:AG30>0,Z30:AG30))} -> 5000 | AK30: {=ROUND(AVERAGE(IF(Z30:AG30>0,Z30:AG30)),0)} -> 1580 | AL30: =+AVERAGE(AI30,AK30) -> 1098 | AM30: =ROUND(MEDIAN(Z30,AD30,AE30,AF30,AG30),0) -> 2000 | AN30: =ROUND(GEOMEAN(Z30,AD30,AE30,AF30,AG30),0) -> 1601 | AO30: =ROUND(TRIMMEAN(Z30:AG30,$AO$3),0) -> 1580 | AP30: =ROUND(HARMEAN(Z30:AG30),0) -> 956 | AQ30: {=STDEVA(IF(Z30:AG30>0,Z30:AG30))} -> 1515.3995 | AS30: =_xlfn.XLOOKUP(AT30,AK30:AQ30,$AK$8:$AQ$8,0) -> Media Armónica | AT30: =+MIN(AK30:AP30) -> 956 | AU30: =+AT30*H30 -> 4588800 | AV30: =+AU30*3 -> 13766400 | AW30: 4800 | AX30: =+AW30-H30 -> 0
B31: 22 | C31: Desinfeccion, fumigacion | D31: DT TOLIMA | E31: CALI - VALLE DEL CAUCA | F31: Carrera 39 A No. 5D-10 Barrio Tequendama | G31: M2 | H31: 1318 | I31: 616 | J31: =+H31*I31 -> 811888 | K31: =+I31+(I31*5.2%) -> 648.032 | L31: =+H31*K31 -> 854106.18 | M31: =+K31+(K31*5.1%) -> 681.08163 | N31: =+H31*M31 -> 897665.59 | O31: 760 | P31: =+H31*O31 -> 1001680 | Q31: =+O31+(O31*5.1%) -> 798.76 | R31: =+H31*Q31 -> 1052765.7 | S31: 5120 | T31: =+H31*S31 -> 6748160 | U31: 5000 | V31: =+H31*U31 -> 6590000 | W31: 4000 | X31: =+H31*W31 -> 5272000 | Z31: =+I31 -> 616 | AA31: =+K31 -> 648.032 | AB31: =+M31 -> 681.08163 | AC31: =+O31 -> 760 | AD31: =+Q31 -> 798.76 | AE31: =+S31 -> 5120 | AF31: =+U31 -> 5000 | AG31: =+W31 -> 4000 | AI31: {=+MIN(IF(Z31:AG31>0,Z31:AG31))} -> 616 | AJ31: {=MAX(IF(Z31:AG31>0,Z31:AG31))} -> 5120 | AK31: {=ROUND(AVERAGE(IF(Z31:AG31>0,Z31:AG31)),0)} -> 2203 | AL31: =+AVERAGE(AI31,AK31) -> 1409.5 | AM31: =ROUND(MEDIAN(Z31,AD31,AE31,AF31,AG31),0) -> 4000 | AN31: =ROUND(GEOMEAN(Z31,AD31,AE31,AF31,AG31),0) -> 2190 | AO31: =ROUND(TRIMMEAN(Z31:AG31,$AO$3),0) -> 2203 | AP31: =ROUND(HARMEAN(Z31:AG31),0) -> 1019 | AQ31: {=STDEVA(IF(Z31:AG31>0,Z31:AG31))} -> 2099.938 | AS31: =_xlfn.XLOOKUP(AT31,AK31:AQ31,$AK$8:$AQ$8,0) -> Media Armónica | AT31: =+MIN(AK31:AP31) -> 1019 | AU31: =+AT31*H31 -> 1343042 | AV31: =+AU31*3 -> 4029126 | AW31: 1318 | AX31: =+AW31-H31 -> 0
B32: 23 | C32: Desinfeccion, fumigacion | D32: DT VALLE DEL CAUCA | E32: ARAUCA - ARAUCA | F32: Calle 23 No. 26-17 – Municipio de Arauca | G32: M2 | H32: 546 | I32: 616 | J32: =+H32*I32 -> 336336 | K32: =+I32+(I32*5.2%) -> 648.032 | L32: =+H32*K32 -> 353825.47 | M32: =+K32+(K32*5.1%) -> 681.08163 | N32: =+H32*M32 -> 371870.57 | O32: 760 | P32: =+H32*O32 -> 414960 | Q32: =+O32+(O32*5.1%) -> 798.76 | R32: =+H32*Q32 -> 436122.96 | S32: 7490 | T32: =+H32*S32 -> 4089540 | U32: 8000 | V32: =+H32*U32 -> 4368000 | W32: 7000 | X32: =+H32*W32 -> 3822000 | Z32: =+I32 -> 616 | AA32: =+K32 -> 648.032 | AB32: =+M32 -> 681.08163 | AC32: =+O32 -> 760 | AD32: =+Q32 -> 798.76 | AE32: =+S32 -> 7490 | AF32: =+U32 -> 8000 | AG32: =+W32 -> 7000 | AI32: {=+MIN(IF(Z32:AG32>0,Z32:AG32))} -> 616 | AJ32: {=MAX(IF(Z32:AG32>0,Z32:AG32))} -> 8000 | AK32: {=ROUND(AVERAGE(IF(Z32:AG32>0,Z32:AG32)),0)} -> 3249 | AL32: =+AVERAGE(AI32,AK32) -> 1932.5 | AM32: =ROUND(MEDIAN(Z32,AD32,AE32,AF32,AG32),0) -> 7000 | AN32: =ROUND(GEOMEAN(Z32,AD32,AE32,AF32,AG32),0) -> 2904 | AO32: =ROUND(TRIMMEAN(Z32:AG32,$AO$3),0) -> 3249 | AP32: =ROUND(HARMEAN(Z32:AG32),0) -> 1052 | AQ32: {=STDEVA(IF(Z32:AG32>0,Z32:AG32))} -> 3527.8243 | AS32: =_xlfn.XLOOKUP(AT32,AK32:AQ32,$AK$8:$AQ$8,0) -> Media Armónica | AT32: =+MIN(AK32:AP32) -> 1052 | AU32: =+AT32*H32 -> 574392 | AV32: =+AU32*3 -> 1723176 | AW32: 546 | AX32: =+AW32-H32 -> 0
B33: 24 | C33: Desinfeccion, fumigacion | D33: OFICINA SUCRE | E33: SUCRE SINCELEJO | F33: Cl. 38 No. 8-159 Carrera Troncal (Calle 1a del Comercio) | G33: M2 | H33: 117 | I33: 616 | J33: =+H33*I33 -> 72072 | K33: =+I33+(I33*5.2%) -> 648.032 | L33: =+H33*K33 -> 75819.744 | M33: =+K33+(K33*5.1%) -> 681.08163 | N33: =+H33*M33 -> 79686.551 | O33: 760 | P33: =+H33*O33 -> 88920 | Q33: =+O33+(O33*5.1%) -> 798.76 | R33: =+H33*Q33 -> 93454.92 | S33: 8560 | T33: =+H33*S33 -> 1001520 | U33: 9000 | V33: =+H33*U33 -> 1053000 | W33: 8000 | X33: =+H33*W33 -> 936000 | Z33: =+I33 -> 616 | AA33: =+K33 -> 648.032 | AB33: =+M33 -> 681.08163 | AC33: =+O33 -> 760 | AD33: =+Q33 -> 798.76 | AE33: =+S33 -> 8560 | AF33: =+U33 -> 9000 | AG33: =+W33 -> 8000 | AI33: {=+MIN(IF(Z33:AG33>0,Z33:AG33))} -> 616 | AJ33: {=MAX(IF(Z33:AG33>0,Z33:AG33))} -> 9000 | AK33: {=ROUND(AVERAGE(IF(Z33:AG33>0,Z33:AG33)),0)} -> 3633 | AL33: =+AVERAGE(AI33,AK33) -> 2124.5 | AM33: =ROUND(MEDIAN(Z33,AD33,AE33,AF33,AG33),0) -> 8000 | AN33: =ROUND(GEOMEAN(Z33,AD33,AE33,AF33,AG33),0) -> 3136 | AO33: =ROUND(TRIMMEAN(Z33:AG33,$AO$3),0) -> 3633 | AP33: =ROUND(HARMEAN(Z33:AG33),0) -> 1059 | AQ33: {=STDEVA(IF(Z33:AG33>0,Z33:AG33))} -> 4056.1047 | AS33: =_xlfn.XLOOKUP(AT33,AK33:AQ33,$AK$8:$AQ$8,0) -> Media Armónica | AT33: =+MIN(AK33:AP33) -> 1059 | AU33: =+AT33*H33 -> 123903 | AV33: =+AU33*3 -> 371709 | AW33: 117 | AX33: =+AW33-H33 -> 0
B34: 25 | C34: Desinfeccion, fumigacion | D34: OFICINA YOPAL | E34: YOPAL | F34: Calle 40 No. 21 - 75 Instalaciones del INVIAS - Yopal, Casanare | G34: M2 | H34: 100 | I34: 616 | J34: =+H34*I34 -> 61600 | K34: =+I34+(I34*5.2%) -> 648.032 | L34: =+H34*K34 -> 64803.2 | M34: =+K34+(K34*5.1%) -> 681.08163 | N34: =+H34*M34 -> 68108.163 | O34: 760 | P34: =+H34*O34 -> 76000 | Q34: =+O34+(O34*5.1%) -> 798.76 | R34: =+H34*Q34 -> 79876 | S34: 8560 | T34: =+H34*S34 -> 856000 | U34: 9000 | V34: =+H34*U34 -> 900000 | W34: 8000 | X34: =+H34*W34 -> 800000 | Z34: =+I34 -> 616 | AA34: =+K34 -> 648.032 | AB34: =+M34 -> 681.08163 | AC34: =+O34 -> 760 | AD34: =+Q34 -> 798.76 | AE34: =+S34 -> 8560 | AF34: =+U34 -> 9000 | AG34: =+W34 -> 8000 | AI34: {=+MIN(IF(Z34:AG34>0,Z34:AG34))} -> 616 | AJ34: {=MAX(IF(Z34:AG34>0,Z34:AG34))} -> 9000 | AK34: {=ROUND(AVERAGE(IF(Z34:AG34>0,Z34:AG34)),0)} -> 3633 | AL34: =+AVERAGE(AI34,AK34) -> 2124.5 | AM34: =ROUND(MEDIAN(Z34,AD34,AE34,AF34,AG34),0) -> 8000 | AN34: =ROUND(GEOMEAN(Z34,AD34,AE34,AF34,AG34),0) -> 3136 | AO34: =ROUND(TRIMMEAN(Z34:AG34,$AO$3),0) -> 3633 | AP34: =ROUND(HARMEAN(Z34:AG34),0) -> 1059 | AQ34: {=STDEVA(IF(Z34:AG34>0,Z34:AG34))} -> 4056.1047 | AS34: =_xlfn.XLOOKUP(AT34,AK34:AQ34,$AK$8:$AQ$8,0) -> Media Armónica | AT34: =+MIN(AK34:AP34) -> 1059 | AU34: =+AT34*H34 -> 105900 | AV34: =+AU34*3 -> 317700 | AW34: 100 | AX34: =+AW34-H34 -> 0
B35: 26 | C35: Desinfeccion, fumigacion | D35: IF ARAUCA | E35: ARAUCA | F35: Carrera 1 Calle 53 Esquina Terminal Fluvial Yuma | G35: M2 | H35: 125 | I35: 616 | J35: =+H35*I35 -> 77000 | K35: =+I35+(I35*5.2%) -> 648.032 | L35: =+H35*K35 -> 81004 | M35: =+K35+(K35*5.1%) -> 681.08163 | N35: =+H35*M35 -> 85135.204 | O35: 760 | P35: =+H35*O35 -> 95000 | Q35: =+O35+(O35*5.1%) -> 798.76 | R35: =+H35*Q35 -> 99845 | S35: 8560 | T35: =+H35*S35 -> 1070000 | U35: 9000 | V35: =+H35*U35 -> 1125000 | W35: 8000 | X35: =+H35*W35 -> 1000000 | Z35: =+I35 -> 616 | AA35: =+K35 -> 648.032 | AB35: =+M35 -> 681.08163 | AC35: =+O35 -> 760 | AD35: =+Q35 -> 798.76 | AE35: =+S35 -> 8560 | AF35: =+U35 -> 9000 | AG35: =+W35 -> 8000 | AI35: {=+MIN(IF(Z35:AG35>0,Z35:AG35))} -> 616 | AJ35: {=MAX(IF(Z35:AG35>0,Z35:AG35))} -> 9000 | AK35: {=ROUND(AVERAGE(IF(Z35:AG35>0,Z35:AG35)),0)} -> 3633 | AL35: =+AVERAGE(AI35,AK35) -> 2124.5 | AM35: =ROUND(MEDIAN(Z35,AD35,AE35,AF35,AG35),0) -> 8000 | AN35: =ROUND(GEOMEAN(Z35,AD35,AE35,AF35,AG35),0) -> 3136 | AO35: =ROUND(TRIMMEAN(Z35:AG35,$AO$3),0) -> 3633 | AP35: =ROUND(HARMEAN(Z35:AG35),0) -> 1059 | AQ35: {=STDEVA(IF(Z35:AG35>0,Z35:AG35))} -> 4056.1047 | AS35: =_xlfn.XLOOKUP(AT35,AK35:AQ35,$AK$8:$AQ$8,0) -> Media Armónica | AT35: =+MIN(AK35:AP35) -> 1059 | AU35: =+AT35*H35 -> 132375 | AV35: =+AU35*3 -> 397125 | AW35: 125 | AX35: =+AW35-H35 -> 0
B36: 27 | C36: Desinfeccion, fumigacion | D36: IF BETANIA | E36: BETANIA | F36: Carrera 1 No. 24-4 en el municipio de Calamar- Bolívar | G36: M2 | H36: 65 | I36: 616 | J36: =+H36*I36 -> 40040 | K36: =+I36+(I36*5.2%) -> 648.032 | L36: =+H36*K36 -> 42122.08 | M36: =+K36+(K36*5.1%) -> 681.08163 | N36: =+H36*M36 -> 44270.306 | O36: 760 | P36: =+H36*O36 -> 49400 | Q36: =+O36+(O36*5.1%) -> 798.76 | R36: =+H36*Q36 -> 51919.4 | S36: 10700 | T36: =+H36*S36 -> 695500 | U36: 11000 | V36: =+H36*U36 -> 715000 | W36: 10000 | X36: =+H36*W36 -> 650000 | Z36: =+I36 -> 616 | AA36: =+K36 -> 648.032 | AB36: =+M36 -> 681.08163 | AC36: =+O36 -> 760 | AD36: =+Q36 -> 798.76 | AE36: =+S36 -> 10700 | AF36: =+U36 -> 11000 | AG36: =+W36 -> 10000 | AI36: {=+MIN(IF(Z36:AG36>0,Z36:AG36))} -> 616 | AJ36: {=MAX(IF(Z36:AG36>0,Z36:AG36))} -> 11000 | AK36: {=ROUND(AVERAGE(IF(Z36:AG36>0,Z36:AG36)),0)} -> 4400 | AL36: =+AVERAGE(AI36,AK36) -> 2508 | AM36: =ROUND(MEDIAN(Z36,AD36,AE36,AF36,AG36),0) -> 10000 | AN36: =ROUND(GEOMEAN(Z36,AD36,AE36,AF36,AG36),0) -> 3569 | AO36: =ROUND(TRIMMEAN(Z36:AG36,$AO$3),0) -> 4400 | AP36: =ROUND(HARMEAN(Z36:AG36),0) -> 1069 | AQ36: {=STDEVA(IF(Z36:AG36>0,Z36:AG36))} -> 5113.7741 | AS36: =_xlfn.XLOOKUP(AT36,AK36:AQ36,$AK$8:$AQ$8,0) -> Media Armónica | AT36: =+MIN(AK36:AP36) -> 1069 | AU36: =+AT36*H36 -> 69485 | AV36: =+AU36*3 -> 208455 | AW36: 65 | AX36: =+AW36-H36 -> 0
... B51: 42 | C51: Desinfeccion, fumigacion | D51: IF MAGANGUE | E51: MAGANGUÉ - BOLIVAR | F51: Calle 55 No. 6 - 195 | G51: M2 | H51: 700 | I51: 616 | J51: =+H51*I51 -> 431200 | K51: =+I51+(I51*5.2%) -> 648.032 | L51: =+H51*K51 -> 453622.4 | M51: =+K51+(K51*5.1%) -> 681.08163 | N51: =+H51*M51 -> 476757.14 | O51: 760 | P51: =+H51*O51 -> 532000 | Q51: =+O51+(O51*5.1%) -> 798.76 | R51: =+H51*Q51 -> 559132 | S51: 6420 | T51: =+H51*S51 -> 4494000 | U51: 7000 | V51: =+H51*U51 -> 4900000 | W51: 6000 | X51: =+H51*W51 -> 4200000 | Z51: =+I51 -> 616 | AA51: =+K51 -> 648.032 | AB51: =+M51 -> 681.08163 | AC51: =+O51 -> 760 | AD51: =+Q51 -> 798.76 | AE51: =+S51 -> 6420 | AF51: =+U51 -> 7000 | AG51: =+W51 -> 6000 | AI51: {=+MIN(IF(Z51:AG51>0,Z51:AG51))} -> 616 | AJ51: {=MAX(IF(Z51:AG51>0,Z51:AG51))} -> 7000 | AK51: {=ROUND(AVERAGE(IF(Z51:AG51>0,Z51:AG51)),0)} -> 2865 | AL51: =+AVERAGE(AI51,AK51) -> 1740.5 | AM51: =ROUND(MEDIAN(Z51,AD51,AE51,AF51,AG51),0) -> 6000 | AN51: =ROUND(GEOMEAN(Z51,AD51,AE51,AF51,AG51),0) -> 2658 | AO51: =ROUND(TRIMMEAN(Z51:AG51,$AO$3),0) -> 2865 | AP51: =ROUND(HARMEAN(Z51:AG51),0) -> 1043 | AQ51: {=STDEVA(IF(Z51:AG51>0,Z51:AG51))} -> 3000.1736 | AS51: =_xlfn.XLOOKUP(AT51,AK51:AQ51,$AK$8:$AQ$8,0) -> Media Armónica | AT51: =+MIN(AK51:AP51) -> 1043 | AU51: =+AT51*H51 -> 730100 | AV51: =+AU51*3 -> 2190300 | AW51: 700 | AX51: =+AW51-H51 -> 0
B52: 43 | C52: Desinfeccion, fumigacion | D52: IF PUERTO ASIS | F52: Carrera 1ª No. 50 -02 | G52: M2 | H52: 967 | I52: 616 | J52: =+H52*I52 -> 595672 | K52: =+I52+(I52*5.2%) -> 648.032 | L52: =+H52*K52 -> 626646.94 | M52: =+K52+(K52*5.1%) -> 681.08163 | N52: =+H52*M52 -> 658605.94 | O52: 760 | P52: =+H52*O52 -> 734920 | Q52: =+O52+(O52*5.1%) -> 798.76 | R52: =+H52*Q52 -> 772400.92 | S52: 6420 | T52: =+H52*S52 -> 6208140 | U52: 7000 | V52: =+H52*U52 -> 6769000 | W52: 6000 | X52: =+H52*W52 -> 5802000 | Z52: =+I52 -> 616 | AA52: =+K52 -> 648.032 | AB52: =+M52 -> 681.08163 | AC52: =+O52 -> 760 | AD52: =+Q52 -> 798.76 | AE52: =+S52 -> 6420 | AF52: =+U52 -> 7000 | AG52: =+W52 -> 6000 | AI52: {=+MIN(IF(Z52:AG52>0,Z52:AG52))} -> 616 | AJ52: {=MAX(IF(Z52:AG52>0,Z52:AG52))} -> 7000 | AK52: {=ROUND(AVERAGE(IF(Z52:AG52>0,Z52:AG52)),0)} -> 2865 | AL52: =+AVERAGE(AI52,AK52) -> 1740.5 | AM52: =ROUND(MEDIAN(Z52,AD52,AE52,AF52,AG52),0) -> 6000 | AN52: =ROUND(GEOMEAN(Z52,AD52,AE52,AF52,AG52),0) -> 2658 | AO52: =ROUND(TRIMMEAN(Z52:AG52,$AO$3),0) -> 2865 | AP52: =ROUND(HARMEAN(Z52:AG52),0) -> 1043 | AQ52: {=STDEVA(IF(Z52:AG52>0,Z52:AG52))} -> 3000.1736 | AS52: =_xlfn.XLOOKUP(AT52,AK52:AQ52,$AK$8:$AQ$8,0) -> Media Armónica | AT52: =+MIN(AK52:AP52) -> 1043 | AU52: =+AT52*H52 -> 1008581 | AV52: =+AU52*3 -> 3025743 | AW52: 967 | AX52: =+AW52-H52 -> 0
B53: 44 | C53: Desinfeccion, fumigacion | D53: IF PUERTO BERRIO | E53: PUERTO BERRIO - ANTIOQUIA | F53: Carrera 1ª No.7-137 - Muelle Fluvial - | G53: M2 | H53: 20 | I53: 616 | J53: =+H53*I53 -> 12320 | K53: =+I53+(I53*5.2%) -> 648.032 | L53: =+H53*K53 -> 12960.64 | M53: =+K53+(K53*5.1%) -> 681.08163 | N53: =+H53*M53 -> 13621.633 | O53: 760 | P53: =+H53*O53 -> 15200 | Q53: =+O53+(O53*5.1%) -> 798.76 | R53: =+H53*Q53 -> 15975.2 | S53: 8560 | T53: =+H53*S53 -> 171200 | U53: 9000 | V53: =+H53*U53 -> 180000 | W53: 8000 | X53: =+H53*W53 -> 160000 | Z53: =+I53 -> 616 | AA53: =+K53 -> 648.032 | AB53: =+M53 -> 681.08163 | AC53: =+O53 -> 760 | AD53: =+Q53 -> 798.76 | AE53: =+S53 -> 8560 | AF53: =+U53 -> 9000 | AG53: =+W53 -> 8000 | AI53: {=+MIN(IF(Z53:AG53>0,Z53:AG53))} -> 616 | AJ53: {=MAX(IF(Z53:AG53>0,Z53:AG53))} -> 9000 | AK53: {=ROUND(AVERAGE(IF(Z53:AG53>0,Z53:AG53)),0)} -> 3633 | AL53: =+AVERAGE(AI53,AK53) -> 2124.5 | AM53: =ROUND(MEDIAN(Z53,AD53,AE53,AF53,AG53),0) -> 8000 | AN53: =ROUND(GEOMEAN(Z53,AD53,AE53,AF53,AG53),0) -> 3136 | AO53: =ROUND(TRIMMEAN(Z53:AG53,$AO$3),0) -> 3633 | AP53: =ROUND(HARMEAN(Z53:AG53),0) -> 1059 | AQ53: {=STDEVA(IF(Z53:AG53>0,Z53:AG53))} -> 4056.1047 | AS53: =_xlfn.XLOOKUP(AT53,AK53:AQ53,$AK$8:$AQ$8,0) -> Media Armónica | AT53: =+MIN(AK53:AP53) -> 1059 | AU53: =+AT53*H53 -> 21180 | AV53: =+AU53*3 -> 63540 | AW53: 20 | AX53: =+AW53-H53 -> 0
B54: 45 | C54: Desinfeccion, fumigacion | D54: IF PUERTO CARREÑO | E54: PUERTO CARREÑO - VICHADA | F54: Carrera 2 N° 11 -53 | G54: M2 | H54: 260 | I54: 616 | J54: =+H54*I54 -> 160160 | K54: =+I54+(I54*5.2%) -> 648.032 | L54: =+H54*K54 -> 168488.32 | M54: =+K54+(K54*5.1%) -> 681.08163 | N54: =+H54*M54 -> 177081.22 | O54: 760 | P54: =+H54*O54 -> 197600 | Q54: =+O54+(O54*5.1%) -> 798.76 | R54: =+H54*Q54 -> 207677.6 | S54: 8560 | T54: =+H54*S54 -> 2225600 | U54: 9000 | V54: =+H54*U54 -> 2340000 | W54: 8000 | X54: =+H54*W54 -> 2080000 | Z54: =+I54 -> 616 | AA54: =+K54 -> 648.032 | AB54: =+M54 -> 681.08163 | AC54: =+O54 -> 760 | AD54: =+Q54 -> 798.76 | AE54: =+S54 -> 8560 | AF54: =+U54 -> 9000 | AG54: =+W54 -> 8000 | AI54: {=+MIN(IF(Z54:AG54>0,Z54:AG54))} -> 616 | AJ54: {=MAX(IF(Z54:AG54>0,Z54:AG54))} -> 9000 | AK54: {=ROUND(AVERAGE(IF(Z54:AG54>0,Z54:AG54)),0)} -> 3633 | AL54: =+AVERAGE(AI54,AK54) -> 2124.5 | AM54: =ROUND(MEDIAN(Z54,AD54,AE54,AF54,AG54),0) -> 8000 | AN54: =ROUND(GEOMEAN(Z54,AD54,AE54,AF54,AG54),0) -> 3136 | AO54: =ROUND(TRIMMEAN(Z54:AG54,$AO$3),0) -> 3633 | AP54: =ROUND(HARMEAN(Z54:AG54),0) -> 1059 | AQ54: {=STDEVA(IF(Z54:AG54>0,Z54:AG54))} -> 4056.1047 | AS54: =_xlfn.XLOOKUP(AT54,AK54:AQ54,$AK$8:$AQ$8,0) -> Media Armónica | AT54: =+MIN(AK54:AP54) -> 1059 | AU54: =+AT54*H54 -> 275340 | AV54: =+AU54*3 -> 826020 | AW54: 260 | AX54: =+AW54-H54 -> 0
B55: 46 | C55: Desinfeccion, fumigacion | D55: IF PUERTO GAITÁN | E55: PUERTO GAITÁN - META | F55: Muelle Fluvial | G55: M2 | H55: 250 | I55: 616 | J55: =+H55*I55 -> 154000 | K55: =+I55+(I55*5.2%) -> 648.032 | L55: =+H55*K55 -> 162008 | M55: =+K55+(K55*5.1%) -> 681.08163 | N55: =+H55*M55 -> 170270.41 | O55: 760 | P55: =+H55*O55 -> 190000 | Q55: =+O55+(O55*5.1%) -> 798.76 | R55: =+H55*Q55 -> 199690 | S55: 8560 | T55: =+H55*S55 -> 2140000 | U55: 9000 | V55: =+H55*U55 -> 2250000 | W55: 8000 | X55: =+H55*W55 -> 2000000 | Z55: =+I55 -> 616 | AA55: =+K55 -> 648.032 | AB55: =+M55 -> 681.08163 | AC55: =+O55 -> 760 | AD55: =+Q55 -> 798.76 | AE55: =+S55 -> 8560 | AF55: =+U55 -> 9000 | AG55: =+W55 -> 8000 | AI55: {=+MIN(IF(Z55:AG55>0,Z55:AG55))} -> 616 | AJ55: {=MAX(IF(Z55:AG55>0,Z55:AG55))} -> 9000 | AK55: {=ROUND(AVERAGE(IF(Z55:AG55>0,Z55:AG55)),0)} -> 3633 | AL55: =+AVERAGE(AI55,AK55) -> 2124.5 | AM55: =ROUND(MEDIAN(Z55,AD55,AE55,AF55,AG55),0) -> 8000 | AN55: =ROUND(GEOMEAN(Z55,AD55,AE55,AF55,AG55),0) -> 3136 | AO55: =ROUND(TRIMMEAN(Z55:AG55,$AO$3),0) -> 3633 | AP55: =ROUND(HARMEAN(Z55:AG55),0) -> 1059 | AQ55: {=STDEVA(IF(Z55:AG55>0,Z55:AG55))} -> 4056.1047 | AS55: =_xlfn.XLOOKUP(AT55,AK55:AQ55,$AK$8:$AQ$8,0) -> Media Armónica | AT55: =+MIN(AK55:AP55) -> 1059 | AU55: =+AT55*H55 -> 264750 | AV55: =+AU55*3 -> 794250 | AW55: 250 | AX55: =+AW55-H55 -> 0
B56: 47 | C56: Desinfeccion, fumigacion | D56: IF PUERTO INÍRIDA | E56: PUERTO INÍRIDA - GUAINIA | F56: Carrera 3 #3-57, Barrio Centro del municipio de Puerto Leguizamo | G56: M2 | H56: 125 | I56: 616 | J56: =+H56*I56 -> 77000 | K56: =+I56+(I56*5.2%) -> 648.032 | L56: =+H56*K56 -> 81004 | M56: =+K56+(K56*5.1%) -> 681.08163 | N56: =+H56*M56 -> 85135.204 | O56: 760 | P56: =+H56*O56 -> 95000 | Q56: =+O56+(O56*5.1%) -> 798.76 | R56: =+H56*Q56 -> 99845 | S56: 8560 | T56: =+H56*S56 -> 1070000 | U56: 9000 | V56: =+H56*U56 -> 1125000 | W56: 8000 | X56: =+H56*W56 -> 1000000 | Z56: =+I56 -> 616 | AA56: =+K56 -> 648.032 | AB56: =+M56 -> 681.08163 | AC56: =+O56 -> 760 | AD56: =+Q56 -> 798.76 | AE56: =+S56 -> 8560 | AF56: =+U56 -> 9000 | AG56: =+W56 -> 8000 | AI56: {=+MIN(IF(Z56:AG56>0,Z56:AG56))} -> 616 | AJ56: {=MAX(IF(Z56:AG56>0,Z56:AG56))} -> 9000 | AK56: {=ROUND(AVERAGE(IF(Z56:AG56>0,Z56:AG56)),0)} -> 3633 | AL56: =+AVERAGE(AI56,AK56) -> 2124.5 | AM56: =ROUND(MEDIAN(Z56,AD56,AE56,AF56,AG56),0) -> 8000 | AN56: =ROUND(GEOMEAN(Z56,AD56,AE56,AF56,AG56),0) -> 3136 | AO56: =ROUND(TRIMMEAN(Z56:AG56,$AO$3),0) -> 3633 | AP56: =ROUND(HARMEAN(Z56:AG56),0) -> 1059 | AQ56: {=STDEVA(IF(Z56:AG56>0,Z56:AG56))} -> 4056.1047 | AS56: =_xlfn.XLOOKUP(AT56,AK56:AQ56,$AK$8:$AQ$8,0) -> Media Armónica | AT56: =+MIN(AK56:AP56) -> 1059 | AU56: =+AT56*H56 -> 132375 | AV56: =+AU56*3 -> 397125 | AW56: 125 | AX56: =+AW56-H56 -> 0
B57: 48 | C57: Desinfeccion, fumigacion | D57: IF PUERTO LEGUIZAMO | E57: PUERTO LEGUIZAMO - PUTUMAYO | F57: Carrera 3 No. 6 - 32 | G57: M2 | H57: 146 | I57: 616 | J57: =+H57*I57 -> 89936 | K57: =+I57+(I57*5.2%) -> 648.032 | L57: =+H57*K57 -> 94612.672 | M57: =+K57+(K57*5.1%) -> 681.08163 | N57: =+H57*M57 -> 99437.918 | O57: 760 | P57: =+H57*O57 -> 110960 | Q57: =+O57+(O57*5.1%) -> 798.76 | R57: =+H57*Q57 -> 116618.96 | S57: 8560 | T57: =+H57*S57 -> 1249760 | U57: 9000 | V57: =+H57*U57 -> 1314000 | W57: 8000 | X57: =+H57*W57 -> 1168000 | Z57: =+I57 -> 616 | AA57: =+K57 -> 648.032 | AB57: =+M57 -> 681.08163 | AC57: =+O57 -> 760 | AD57: =+Q57 -> 798.76 | AE57: =+S57 -> 8560 | AF57: =+U57 -> 9000 | AG57: =+W57 -> 8000 | AI57: {=+MIN(IF(Z57:AG57>0,Z57:AG57))} -> 616 | AJ57: {=MAX(IF(Z57:AG57>0,Z57:AG57))} -> 9000 | AK57: {=ROUND(AVERAGE(IF(Z57:AG57>0,Z57:AG57)),0)} -> 3633 | AL57: =+AVERAGE(AI57,AK57) -> 2124.5 | AM57: =ROUND(MEDIAN(Z57,AD57,AE57,AF57,AG57),0) -> 8000 | AN57: =ROUND(GEOMEAN(Z57,AD57,AE57,AF57,AG57),0) -> 3136 | AO57: =ROUND(TRIMMEAN(Z57:AG57,$AO$3),0) -> 3633 | AP57: =ROUND(HARMEAN(Z57:AG57),0) -> 1059 | AQ57: {=STDEVA(IF(Z57:AG57>0,Z57:AG57))} -> 4056.1047 | AS57: =_xlfn.XLOOKUP(AT57,AK57:AQ57,$AK$8:$AQ$8,0) -> Media Armónica | AT57: =+MIN(AK57:AP57) -> 1059 | AU57: =+AT57*H57 -> 154614 | AV57: =+AU57*3 -> 463842 | AW57: 146 | AX57: =+AW57-H57 -> 0
B58: 49 | C58: Desinfeccion, fumigacion | D58: IF PUERTO LOPEZ | E58: PUERTO LOPEZ - META | F58: Cra. 14 No. 17B-275 Barrio Primero de Mayo | G58: M2 | H58: 1100 | I58: 616 | J58: =+H58*I58 -> 677600 | K58: =+I58+(I58*5.2%) -> 648.032 | L58: =+H58*K58 -> 712835.2 | M58: =+K58+(K58*5.1%) -> 681.08163 | N58: =+H58*M58 -> 749189.8 | O58: 760 | P58: =+H58*O58 -> 836000 | Q58: =+O58+(O58*5.1%) -> 798.76 | R58: =+H58*Q58 -> 878636 | S58: 5120 | T58: =+H58*S58 -> 5632000 | U58: 5000 | V58: =+H58*U58 -> 5500000 | W58: 4000 | X58: =+H58*W58 -> 4400000 | Z58: =+I58 -> 616 | AA58: =+K58 -> 648.032 | AB58: =+M58 -> 681.08163 | AC58: =+O58 -> 760 | AD58: =+Q58 -> 798.76 | AE58: =+S58 -> 5120 | AF58: =+U58 -> 5000 | AG58: =+W58 -> 4000 | AI58: {=+MIN(IF(Z58:AG58>0,Z58:AG58))} -> 616 | AJ58: {=MAX(IF(Z58:AG58>0,Z58:AG58))} -> 5120 | AK58: {=ROUND(AVERAGE(IF(Z58:AG58>0,Z58:AG58)),0)} -> 2203 | AL58: =+AVERAGE(AI58,AK58) -> 1409.5 | AM58: =ROUND(MEDIAN(Z58,AD58,AE58,AF58,AG58),0) -> 4000 | AN58: =ROUND(GEOMEAN(Z58,AD58,AE58,AF58,AG58),0) -> 2190 | AO58: =ROUND(TRIMMEAN(Z58:AG58,$AO$3),0) -> 2203 | AP58: =ROUND(HARMEAN(Z58:AG58),0) -> 1019 | AQ58: {=STDEVA(IF(Z58:AG58>0,Z58:AG58))} -> 2099.938 | AS58: =_xlfn.XLOOKUP(AT58,AK58:AQ58,$AK$8:$AQ$8,0) -> Media Armónica | AT58: =+MIN(AK58:AP58) -> 1019 | AU58: =+AT58*H58 -> 1120900 | AV58: =+AU58*3 -> 3362700 | AW58: 1100 | AX58: =+AW58-H58 -> 0
B59: 50 | C59: Desinfeccion, fumigacion | D59: IF PUERTO SALGAR | E59: PUERTO SALGAR - CUNDINAMARCA | F59: Carrera 1 No. 24 - 10 | G59: M2 | H59: 823 | I59: 616 | J59: =+H59*I59 -> 506968 | K59: =+I59+(I59*5.2%) -> 648.032 | L59: =+H59*K59 -> 533330.34 | M59: =+K59+(K59*5.1%) -> 681.08163 | N59: =+H59*M59 -> 560530.18 | O59: 760 | P59: =+H59*O59 -> 625480 | Q59: =+O59+(O59*5.1%) -> 798.76 | R59: =+H59*Q59 -> 657379.48 | S59: 6420 | T59: =+H59*S59 -> 5283660 | U59: 7000 | V59: =+H59*U59 -> 5761000 | W59: 6000 | X59: =+H59*W59 -> 4938000 | Z59: =+I59 -> 616 | AA59: =+K59 -> 648.032 | AB59: =+M59 -> 681.08163 | AC59: =+O59 -> 760 | AD59: =+Q59 -> 798.76 | AE59: =+S59 -> 6420 | AF59: =+U59 -> 7000 | AG59: =+W59 -> 6000 | AI59: {=+MIN(IF(Z59:AG59>0,Z59:AG59))} -> 616 | AJ59: {=MAX(IF(Z59:AG59>0,Z59:AG59))} -> 7000 | AK59: {=ROUND(AVERAGE(IF(Z59:AG59>0,Z59:AG59)),0)} -> 2865 | AL59: =+AVERAGE(AI59,AK59) -> 1740.5 | AM59: =ROUND(MEDIAN(Z59,AD59,AE59,AF59,AG59),0) -> 6000 | AN59: =ROUND(GEOMEAN(Z59,AD59,AE59,AF59,AG59),0) -> 2658 | AO59: =ROUND(TRIMMEAN(Z59:AG59,$AO$3),0) -> 2865 | AP59: =ROUND(HARMEAN(Z59:AG59),0) -> 1043 | AQ59: {=STDEVA(IF(Z59:AG59>0,Z59:AG59))} -> 3000.1736 | AS59: =_xlfn.XLOOKUP(AT59,AK59:AQ59,$AK$8:$AQ$8,0) -> Media Armónica | AT59: =+MIN(AK59:AP59) -> 1043 | AU59: =+AT59*H59 -> 858389 | AV59: =+AU59*3 -> 2575167 | AW59: 823 | AX59: =+AW59-H59 -> 0
B60: 51 | C60: Desinfeccion, fumigacion | D60: IF QUIBDÓ | E60: QUIBDÓ - CHOCO | F60: Barrio Maket - Calle Principal | G60: M2 | H60: 234 | I60: 616 | J60: =+H60*I60 -> 144144 | K60: =+I60+(I60*5.2%) -> 648.032 | L60: =+H60*K60 -> 151639.49 | M60: =+K60+(K60*5.1%) -> 681.08163 | N60: =+H60*M60 -> 159373.1 | O60: 760 | P60: =+H60*O60 -> 177840 | Q60: =+O60+(O60*5.1%) -> 798.76 | R60: =+H60*Q60 -> 186909.84 | S60: 8560 | T60: =+H60*S60 -> 2003040 | U60: 9000 | V60: =+H60*U60 -> 2106000 | W60: 8000 | X60: =+H60*W60 -> 1872000 | Z60: =+I60 -> 616 | AA60: =+K60 -> 648.032 | AB60: =+M60 -> 681.08163 | AC60: =+O60 -> 760 | AD60: =+Q60 -> 798.76 | AE60: =+S60 -> 8560 | AF60: =+U60 -> 9000 | AG60: =+W60 -> 8000 | AI60: {=+MIN(IF(Z60:AG60>0,Z60:AG60))} -> 616 | AJ60: {=MAX(IF(Z60:AG60>0,Z60:AG60))} -> 9000 | AK60: {=ROUND(AVERAGE(IF(Z60:AG60>0,Z60:AG60)),0)} -> 3633 | AL60: =+AVERAGE(AI60,AK60) -> 2124.5 | AM60: =ROUND(MEDIAN(Z60,AD60,AE60,AF60,AG60),0) -> 8000 | AN60: =ROUND(GEOMEAN(Z60,AD60,AE60,AF60,AG60),0) -> 3136 | AO60: =ROUND(TRIMMEAN(Z60:AG60,$AO$3),0) -> 3633 | AP60: =ROUND(HARMEAN(Z60:AG60),0) -> 1059 | AQ60: {=STDEVA(IF(Z60:AG60>0,Z60:AG60))} -> 4056.1047 | AS60: =_xlfn.XLOOKUP(AT60,AK60:AQ60,$AK$8:$AQ$8,0) -> Media Armónica | AT60: =+MIN(AK60:AP60) -> 1059 | AU60: =+AT60*H60 -> 247806 | AV60: =+AU60*3 -> 743418 | AW60: 234 | AX60: =+AW60-H60 -> 0
B61: 52 | C61: Desinfeccion, fumigacion | D61: IF RIOSUCIO | E61: RIOSUCIO - CHOCO | F61: Calle 21 N°5-15/23 Centro Muelle Fluvial | G61: M2 | H61: 45 | I61: 616 | J61: =+H61*I61 -> 27720 | K61: =+I61+(I61*5.2%) -> 648.032 | L61: =+H61*K61 -> 29161.44 | M61: =+K61+(K61*5.1%) -> 681.08163 | N61: =+H61*M61 -> 30648.673 | O61: 760 | P61: =+H61*O61 -> 34200 | Q61: =+O61+(O61*5.1%) -> 798.76 | R61: =+H61*Q61 -> 35944.2 | S61: 10700 | T61: =+H61*S61 -> 481500 | U61: 11000 | V61: =+H61*U61 -> 495000 | W61: 10000 | X61: =+H61*W61 -> 450000 | Z61: =+I61 -> 616 | AA61: =+K61 -> 648.032 | AB61: =+M61 -> 681.08163 | AC61: =+O61 -> 760 | AD61: =+Q61 -> 798.76 | AE61: =+S61 -> 10700 | AF61: =+U61 -> 11000 | AG61: =+W61 -> 10000 | AI61: {=+MIN(IF(Z61:AG61>0,Z61:AG61))} -> 616 | AJ61: {=MAX(IF(Z61:AG61>0,Z61:AG61))} -> 11000 | AK61: {=ROUND(AVERAGE(IF(Z61:AG61>0,Z61:AG61)),0)} -> 4400 | AL61: =+AVERAGE(AI61,AK61) -> 2508 | AM61: =ROUND(MEDIAN(Z61,AD61,AE61,AF61,AG61),0) -> 10000 | AN61: =ROUND(GEOMEAN(Z61,AD61,AE61,AF61,AG61),0) -> 3569 | AO61: =ROUND(TRIMMEAN(Z61:AG61,$AO$3),0) -> 4400 | AP61: =ROUND(HARMEAN(Z61:AG61),0) -> 1069 | AQ61: {=STDEVA(IF(Z61:AG61>0,Z61:AG61))} -> 5113.7741 | AS61: =_xlfn.XLOOKUP(AT61,AK61:AQ61,$AK$8:$AQ$8,0) -> Media Armónica | AT61: =+MIN(AK61:AP61) -> 1069 | AU61: =+AT61*H61 -> 48105 | AV61: =+AU61*3 -> 144315 | AW61: 45 | AX61: =+AW61-H61 -> 0
B62: 53 | C62: Desinfeccion, fumigacion | D62: IF SAN JOSE DE GUAVIARE | E62: SAN JOSE DE GUAVIARE - GUAVIARE | F62: Calle 6 # 2 – 52/56 en la ciudad de Solano - Caquetá | G62: M2 | H62: 325 | I62: 616 | J62: =+H62*I62 -> 200200 | K62: =+I62+(I62*5.2%) -> 648.032 | L62: =+H62*K62 -> 210610.4 | M62: =+K62+(K62*5.1%) -> 681.08163 | N62: =+H62*M62 -> 221351.53 | O62: 760 | P62: =+H62*O62 -> 247000 | Q62: =+O62+(O62*5.1%) -> 798.76 | R62: =+H62*Q62 -> 259597 | S62: 7490 | T62: =+H62*S62 -> 2434250 | U62: 8000 | V62: =+H62*U62 -> 2600000 | W62: 7000 | X62: =+H62*W62 -> 2275000 | Z62: =+I62 -> 616 | AA62: =+K62 -> 648.032 | AB62: =+M62 -> 681.08163 | AC62: =+O62 -> 760 | AD62: =+Q62 -> 798.76 | AE62: =+S62 -> 7490 | AF62: =+U62 -> 8000 | AG62: =+W62 -> 7000 | AI62: {=+MIN(IF(Z62:AG62>0,Z62:AG62))} -> 616 | AJ62: {=MAX(IF(Z62:AG62>0,Z62:AG62))} -> 8000 | AK62: {=ROUND(AVERAGE(IF(Z62:AG62>0,Z62:AG62)),0)} -> 3249 | AL62: =+AVERAGE(AI62,AK62) -> 1932.5 | AM62: =ROUND(MEDIAN(Z62,AD62,AE62,AF62,AG62),0) -> 7000 | AN62: =ROUND(GEOMEAN(Z62,AD62,AE62,AF62,AG62),0) -> 2904 | AO62: =ROUND(TRIMMEAN(Z62:AG62,$AO$3),0) -> 3249 | AP62: =ROUND(HARMEAN(Z62:AG62),0) -> 1052 | AQ62: {=STDEVA(IF(Z62:AG62>0,Z62:AG62))} -> 3527.8243 | AS62: =_xlfn.XLOOKUP(AT62,AK62:AQ62,$AK$8:$AQ$8,0) -> Media Armónica | AT62: =+MIN(AK62:AP62) -> 1052 | AU62: =+AT62*H62 -> 341900 | AV62: =+AU62*3 -> 1025700 | AW62: 325 | AX62: =+AW62-H62 -> 0
B63: 54 | C63: Desinfeccion, fumigacion | D63: IF SOLANO | E63: SOLANO - CAQUETA | F63: Calle 100 No. 12 - 65. Edificio El Pirata. Local 2 | G63: M2 | H63: 135 | I63: 616 | J63: =+H63*I63 -> 83160 | K63: =+I63+(I63*5.2%) -> 648.032 | L63: =+H63*K63 -> 87484.32 | M63: =+K63+(K63*5.1%) -> 681.08163 | N63: =+H63*M63 -> 91946.02 | O63: 760 | P63: =+H63*O63 -> 102600 | Q63: =+O63+(O63*5.1%) -> 798.76 | R63: =+H63*Q63 -> 107832.6 | S63: 8560 | T63: =+H63*S63 -> 1155600 | U63: 9000 | V63: =+H63*U63 -> 1215000 | W63: 8000 | X63: =+H63*W63 -> 1080000 | Z63: =+I63 -> 616 | AA63: =+K63 -> 648.032 | AB63: =+M63 -> 681.08163 | AC63: =+O63 -> 760 | AD63: =+Q63 -> 798.76 | AE63: =+S63 -> 8560 | AF63: =+U63 -> 9000 | AG63: =+W63 -> 8000 | AI63: {=+MIN(IF(Z63:AG63>0,Z63:AG63))} -> 616 | AJ63: {=MAX(IF(Z63:AG63>0,Z63:AG63))} -> 9000 | AK63: {=ROUND(AVERAGE(IF(Z63:AG63>0,Z63:AG63)),0)} -> 3633 | AL63: =+AVERAGE(AI63,AK63) -> 2124.5 | AM63: =ROUND(MEDIAN(Z63,AD63,AE63,AF63,AG63),0) -> 8000 | AN63: =ROUND(GEOMEAN(Z63,AD63,AE63,AF63,AG63),0) -> 3136 | AO63: =ROUND(TRIMMEAN(Z63:AG63,$AO$3),0) -> 3633 | AP63: =ROUND(HARMEAN(Z63:AG63),0) -> 1059 | AQ63: {=STDEVA(IF(Z63:AG63>0,Z63:AG63))} -> 4056.1047 | AS63: =_xlfn.XLOOKUP(AT63,AK63:AQ63,$AK$8:$AQ$8,0) -> Media Armónica | AT63: =+MIN(AK63:AP63) -> 1059 | AU63: =+AT63*H63 -> 142965 | AV63: =+AU63*3 -> 428895 | AW63: 135 | AX63: =+AW63-H63 -> 0
B64: 55 | C64: Desinfeccion, fumigacion | D64: IF TURBO | E64: TURBO - ANTIOQUIA | F64: Calle 40 No. 21 - 75 Instalaciones del INVIAS - Yopal, Casanare | G64: M2 | H64: 44 | I64: 616 | J64: =+H64*I64 -> 27104 | K64: =+I64+(I64*5.2%) -> 648.032 | L64: =+H64*K64 -> 28513.408 | M64: =+K64+(K64*5.1%) -> 681.08163 | N64: =+H64*M64 -> 29967.592 | O64: 760 | P64: =+H64*O64 -> 33440 | Q64: =+O64+(O64*5.1%) -> 798.76 | R64: =+H64*Q64 -> 35145.44 | S64: 10700 | T64: =+H64*S64 -> 470800 | U64: 11000 | V64: =+H64*U64 -> 484000 | W64: 10000 | X64: =+H64*W64 -> 440000 | Z64: =+I64 -> 616 | AA64: =+K64 -> 648.032 | AB64: =+M64 -> 681.08163 | AC64: =+O64 -> 760 | AD64: =+Q64 -> 798.76 | AE64: =+S64 -> 10700 | AF64: =+U64 -> 11000 | AG64: =+W64 -> 10000 | AI64: {=+MIN(IF(Z64:AG64>0,Z64:AG64))} -> 616 | AJ64: {=MAX(IF(Z64:AG64>0,Z64:AG64))} -> 11000 | AK64: {=ROUND(AVERAGE(IF(Z64:AG64>0,Z64:AG64)),0)} -> 4400 | AL64: =+AVERAGE(AI64,AK64) -> 2508 | AM64: =ROUND(MEDIAN(Z64,AD64,AE64,AF64,AG64),0) -> 10000 | AN64: =ROUND(GEOMEAN(Z64,AD64,AE64,AF64,AG64),0) -> 3569 | AO64: =ROUND(TRIMMEAN(Z64:AG64,$AO$3),0) -> 4400 | AP64: =ROUND(HARMEAN(Z64:AG64),0) -> 1069 | AQ64: {=STDEVA(IF(Z64:AG64>0,Z64:AG64))} -> 5113.7741 | AS64: =_xlfn.XLOOKUP(AT64,AK64:AQ64,$AK$8:$AQ$8,0) -> Media Armónica | AT64: =+MIN(AK64:AP64) -> 1069 | AU64: =+AT64*H64 -> 47036 | AV64: =+AU64*3 -> 141108 | AW64: 44 | AX64: =+AW64-H64 -> 0
... B72: 54 | C72: Termonebulizacion | D72: DT CORDOBA | E72: MONTERIA - CORDOBA | F72: CALLE 55 nº 6- 1-95 Barrio Castellana | G72: M2 | H72: 38 | I72: 3474 | J72: =+H72*I72 -> 132012 | K72: =+I72+(I72*5.2%) -> 3654.648 | L72: =+H72*K72 -> 138876.62 | M72: =+K72+(K72*5.1%) -> 3841.035 | N72: =+H72*M72 -> 145959.33 | O72: 4100 | P72: =+H72*O72 -> 155800 | Q72: =+O72+(O72*5.1%) -> 4309.1 | R72: =+H72*Q72 -> 163745.8 | S72: 20140 | T72: =+H72*S72 -> 765320 | U72: 20000 | V72: =+H72*U72 -> 760000 | W72: 20000 | X72: =+H72*W72 -> 760000 | Z72: =+I72 -> 3474 | AA72: =+K72 -> 3654.648 | AB72: =+M72 -> 3841.035 | AC72: =+O72 -> 4100 | AD72: =+Q72 -> 4309.1 | AE72: =+S72 -> 20140 | AF72: =+U72 -> 20000 | AG72: =+W72 -> 20000 | AI72: {=+MIN(IF(Z72:AG72>0,Z72:AG72))} -> 3474 | AJ72: {=MAX(IF(Z72:AG72>0,Z72:AG72))} -> 20140 | AK72: {=ROUND(AVERAGE(IF(Z72:AG72>0,Z72:AG72)),0)} -> 9940 | AL72: =+AVERAGE(AI72,AK72) -> 6707 | AM72: =ROUND(MEDIAN(Z72,AD72,AE72,AF72,AG72),0) -> 20000 | AN72: =ROUND(GEOMEAN(Z72,AD72,AE72,AF72,AG72),0) -> 10382 | AO72: =ROUND(TRIMMEAN(Z72:AG72,$AO$3),0) -> 9940 | AP72: =ROUND(HARMEAN(Z72:AG72),0) -> 5527 | AQ72: {=STDEVA(IF(Z72:AG72>0,Z72:AG72))} -> 8373.1886 | AS72: =_xlfn.XLOOKUP(AT72,AK72:AQ72,$AK$8:$AQ$8,0) -> Media Armónica | AT72: =+MIN(AK72:AP72) -> 5527 | AU72: =+AT72*H72 -> 210026 | AV72: =+AU72*3 -> 630078 | AW72: 38 | AX72: =+AW72-H72 -> 0
B73: 55 | C73: Termonebulizacion | D73: DT CUNDINAMARCA | F73: Centro Comercial Gran Estacion II - 9no y 10mo piso | G73: M2 | H73: 357 | I73: 3474 | J73: =+H73*I73 -> 1240218 | K73: =+I73+(I73*5.2%) -> 3654.648 | L73: =+H73*K73 -> 1304709.3 | M73: =+K73+(K73*5.1%) -> 3841.035 | N73: =+H73*M73 -> 1371249.5 | O73: 4100 | P73: =+H73*O73 -> 1463700 | Q73: =+O73+(O73*5.1%) -> 4309.1 | R73: =+H73*Q73 -> 1538348.7 | S73: 10700 | T73: =+H73*S73 -> 3819900 | U73: 10000 | V73: =+H73*U73 -> 3570000 | W73: 10000 | X73: =+H73*W73 -> 3570000 | Z73: =+I73 -> 3474 | AA73: =+K73 -> 3654.648 | AB73: =+M73 -> 3841.035 | AC73: =+O73 -> 4100 | AD73: =+Q73 -> 4309.1 | AE73: =+S73 -> 10700 | AF73: =+U73 -> 10000 | AG73: =+W73 -> 10000 | AI73: {=+MIN(IF(Z73:AG73>0,Z73:AG73))} -> 3474 | AJ73: {=MAX(IF(Z73:AG73>0,Z73:AG73))} -> 10700 | AK73: {=ROUND(AVERAGE(IF(Z73:AG73>0,Z73:AG73)),0)} -> 6260 | AL73: =+AVERAGE(AI73,AK73) -> 4867 | AM73: =ROUND(MEDIAN(Z73,AD73,AE73,AF73,AG73),0) -> 10000 | AN73: =ROUND(GEOMEAN(Z73,AD73,AE73,AF73,AG73),0) -> 6933 | AO73: =ROUND(TRIMMEAN(Z73:AG73,$AO$3),0) -> 6260 | AP73: =ROUND(HARMEAN(Z73:AG73),0) -> 5027 | AQ73: {=STDEVA(IF(Z73:AG73>0,Z73:AG73))} -> 3307.1666 | AS73: =_xlfn.XLOOKUP(AT73,AK73:AQ73,$AK$8:$AQ$8,0) -> Media aritmetica baja | AT73: =+MIN(AK73:AP73) -> 4867 | AU73: =+AT73*H73 -> 1737519 | AV73: =+AU73*3 -> 5212557 | AW73: 357 | AX73: =+AW73-H73 -> 0
B74: 56 | C74: Termonebulizacion | D74: DT CUNDINAMARCA | F74: Carrera 128 #17-15, Archivo Central | G74: M2 | H74: 3826 | I74: 3474 | J74: =+H74*I74 -> 13291524 | K74: =+I74+(I74*5.2%) -> 3654.648 | L74: =+H74*K74 -> 13982683 | M74: =+K74+(K74*5.1%) -> 3841.035 | N74: =+H74*M74 -> 14695800 | O74: 4100 | P74: =+H74*O74 -> 15686600 | Q74: =+O74+(O74*5.1%) -> 4309.1 | R74: =+H74*Q74 -> 16486617 | S74: 5350 | T74: =+H74*S74 -> 20469100 | U74: 5000 | V74: =+H74*U74 -> 19130000 | W74: 5000 | X74: =+H74*W74 -> 19130000 | Z74: =+I74 -> 3474 | AA74: =+K74 -> 3654.648 | AB74: =+M74 -> 3841.035 | AC74: =+O74 -> 4100 | AD74: =+Q74 -> 4309.1 | AE74: =+S74 -> 5350 | AF74: =+U74 -> 5000 | AG74: =+W74 -> 5000 | AI74: {=+MIN(IF(Z74:AG74>0,Z74:AG74))} -> 3474 | AJ74: {=MAX(IF(Z74:AG74>0,Z74:AG74))} -> 5350 | AK74: {=ROUND(AVERAGE(IF(Z74:AG74>0,Z74:AG74)),0)} -> 4341 | AL74: =+AVERAGE(AI74,AK74) -> 3907.5 | AM74: =ROUND(MEDIAN(Z74,AD74,AE74,AF74,AG74),0) -> 5000 | AN74: =ROUND(GEOMEAN(Z74,AD74,AE74,AF74,AG74),0) -> 4574 | AO74: =ROUND(TRIMMEAN(Z74:AG74,$AO$3),0) -> 4341 | AP74: =ROUND(HARMEAN(Z74:AG74),0) -> 4245 | AQ74: {=STDEVA(IF(Z74:AG74>0,Z74:AG74))} -> 698.82294 | AS74: =_xlfn.XLOOKUP(AT74,AK74:AQ74,$AK$8:$AQ$8,0) -> Media aritmetica baja | AT74: =+MIN(AK74:AP74) -> 3907.5 | AU74: =+AT74*H74 -> 14950095 | AV74: =+AU74*3 -> 44850285 | AW74: 3826 | AX74: =+AW74-H74 -> 0
B75: 57 | C75: Termonebulizacion | D75: DT CUNDINAMARCA | F75: Centro empresarial Dorado Plaza, Av. Calle 26 No.85-D-55, 2do piso | G75: M2 | H75: 12 | I75: 3474 | J75: =+H75*I75 -> 41688 | K75: =+I75+(I75*5.2%) -> 3654.648 | L75: =+H75*K75 -> 43855.776 | M75: =+K75+(K75*5.1%) -> 3841.035 | N75: =+H75*M75 -> 46092.421 | O75: 4100 | P75: =+H75*O75 -> 49200 | Q75: =+O75+(O75*5.1%) -> 4309.1 | R75: =+H75*Q75 -> 51709.2 | S75: 10700 | T75: =+H75*S75 -> 128400 | U75: 10000 | V75: =+H75*U75 -> 120000 | W75: 10000 | X75: =+H75*W75 -> 120000 | Z75: =+I75 -> 3474 | AA75: =+K75 -> 3654.648 | AB75: =+M75 -> 3841.035 | AC75: =+O75 -> 4100 | AD75: =+Q75 -> 4309.1 | AE75: =+S75 -> 10700 | AF75: =+U75 -> 10000 | AG75: =+W75 -> 10000 | AI75: {=+MIN(IF(Z75:AG75>0,Z75:AG75))} -> 3474 | AJ75: {=MAX(IF(Z75:AG75>0,Z75:AG75))} -> 10700 | AK75: {=ROUND(AVERAGE(IF(Z75:AG75>0,Z75:AG75)),0)} -> 6260 | AL75: =+AVERAGE(AI75,AK75) -> 4867 | AM75: =ROUND(MEDIAN(Z75,AD75,AE75,AF75,AG75),0) -> 10000 | AN75: =ROUND(GEOMEAN(Z75,AD75,AE75,AF75,AG75),0) -> 6933 | AO75: =ROUND(TRIMMEAN(Z75:AG75,$AO$3),0) -> 6260 | AP75: =ROUND(HARMEAN(Z75:AG75),0) -> 5027 | AQ75: {=STDEVA(IF(Z75:AG75>0,Z75:AG75))} -> 3307.1666 | AS75: =_xlfn.XLOOKUP(AT75,AK75:AQ75,$AK$8:$AQ$8,0) -> Media aritmetica baja | AT75: =+MIN(AK75:AP75) -> 4867 | AU75: =+AT75*H75 -> 58404 | AV75: =+AU75*3 -> 175212 | AW75: 12 | AX75: =+AW75-H75 -> 0
B76: 59 | C76: Termonebulizacion | D76: DT GUAJIRA | E76: NEIVA - HUILA | F76: CARRERA 5 No. 18-19 Centro NEIVA | G76: M2 | H76: 27 | I76: 3474 | J76: =+H76*I76 -> 93798 | K76: =+I76+(I76*5.2%) -> 3654.648 | L76: =+H76*K76 -> 98675.496 | M76: =+K76+(K76*5.1%) -> 3841.035 | N76: =+H76*M76 -> 103707.95 | O76: 4100 | P76: =+H76*O76 -> 110700 | Q76: =+O76+(O76*5.1%) -> 4309.1 | R76: =+H76*Q76 -> 116345.7 | S76: 20140 | T76: =+H76*S76 -> 543780 | U76: 20000 | V76: =+H76*U76 -> 540000 | W76: 20000 | X76: =+H76*W76 -> 540000 | Z76: =+I76 -> 3474 | AA76: =+K76 -> 3654.648 | AB76: =+M76 -> 3841.035 | AC76: =+O76 -> 4100 | AD76: =+Q76 -> 4309.1 | AE76: =+S76 -> 20140 | AF76: =+U76 -> 20000 | AG76: =+W76 -> 20000 | AI76: {=+MIN(IF(Z76:AG76>0,Z76:AG76))} -> 3474 | AJ76: {=MAX(IF(Z76:AG76>0,Z76:AG76))} -> 20140 | AK76: {=ROUND(AVERAGE(IF(Z76:AG76>0,Z76:AG76)),0)} -> 9940 | AL76: =+AVERAGE(AI76,AK76) -> 6707 | AM76: =ROUND(MEDIAN(Z76,AD76,AE76,AF76,AG76),0) -> 20000 | AN76: =ROUND(GEOMEAN(Z76,AD76,AE76,AF76,AG76),0) -> 10382 | AO76: =ROUND(TRIMMEAN(Z76:AG76,$AO$3),0) -> 9940 | AP76: =ROUND(HARMEAN(Z76:AG76),0) -> 5527 | AQ76: {=STDEVA(IF(Z76:AG76>0,Z76:AG76))} -> 8373.1886 | AS76: =_xlfn.XLOOKUP(AT76,AK76:AQ76,$AK$8:$AQ$8,0) -> Media Armónica | AT76: =+MIN(AK76:AP76) -> 5527 | AU76: =+AT76*H76 -> 149229 | AV76: =+AU76*3 -> 447687 | AW76: 27 | AX76: =+AW76-H76 -> 0
B77: 60 | C77: Termonebulizacion | D77: DT HUILA | E77: VILLAVICENCIO - META | F77: Transversal 28 No 41 - 101 Barrio La Grama | G77: M2 | H77: 63 | I77: 3474 | J77: =+H77*I77 -> 218862 | K77: =+I77+(I77*5.2%) -> 3654.648 | L77: =+H77*K77 -> 230242.82 | M77: =+K77+(K77*5.1%) -> 3841.035 | N77: =+H77*M77 -> 241985.21 | O77: 4100 | P77: =+H77*O77 -> 258300 | Q77: =+O77+(O77*5.1%) -> 4309.1 | R77: =+H77*Q77 -> 271473.3 | S77: 20140 | T77: =+H77*S77 -> 1268820 | U77: 20000 | V77: =+H77*U77 -> 1260000 | W77: 20000 | X77: =+H77*W77 -> 1260000 | Z77: =+I77 -> 3474 | AA77: =+K77 -> 3654.648 | AB77: =+M77 -> 3841.035 | AC77: =+O77 -> 4100 | AD77: =+Q77 -> 4309.1 | AE77: =+S77 -> 20140 | AF77: =+U77 -> 20000 | AG77: =+W77 -> 20000 | AI77: {=+MIN(IF(Z77:AG77>0,Z77:AG77))} -> 3474 | AJ77: {=MAX(IF(Z77:AG77>0,Z77:AG77))} -> 20140 | AK77: {=ROUND(AVERAGE(IF(Z77:AG77>0,Z77:AG77)),0)} -> 9940 | AL77: =+AVERAGE(AI77,AK77) -> 6707 | AM77: =ROUND(MEDIAN(Z77,AD77,AE77,AF77,AG77),0) -> 20000 | AN77: =ROUND(GEOMEAN(Z77,AD77,AE77,AF77,AG77),0) -> 10382 | AO77: =ROUND(TRIMMEAN(Z77:AG77,$AO$3),0) -> 9940 | AP77: =ROUND(HARMEAN(Z77:AG77),0) -> 5527 | AQ77: {=STDEVA(IF(Z77:AG77>0,Z77:AG77))} -> 8373.1886 | AS77: =_xlfn.XLOOKUP(AT77,AK77:AQ77,$AK$8:$AQ$8,0) -> Media Armónica | AT77: =+MIN(AK77:AP77) -> 5527 | AU77: =+AT77*H77 -> 348201 | AV77: =+AU77*3 -> 1044603 | AW77: 63 | AX77: =+AW77-H77 -> 0
B78: 61 | C78: Termonebulizacion | D78: DT MAGDALENA | F78: Carrera 4 No. 26-40 Ciudad Comercial Prado Plaza 401 | G78: M2 | H78: 13 | I78: 3474 | J78: =+H78*I78 -> 45162 | K78: =+I78+(I78*5.2%) -> 3654.648 | L78: =+H78*K78 -> 47510.424 | M78: =+K78+(K78*5.1%) -> 3841.035 | N78: =+H78*M78 -> 49933.456 | O78: 4100 | P78: =+H78*O78 -> 53300 | Q78: =+O78+(O78*5.1%) -> 4309.1 | R78: =+H78*Q78 -> 56018.3 | S78: 20140 | T78: =+H78*S78 -> 261820 | U78: 20000 | V78: =+H78*U78 -> 260000 | W78: 20000 | X78: =+H78*W78 -> 260000 | Z78: =+I78 -> 3474 | AA78: =+K78 -> 3654.648 | AB78: =+M78 -> 3841.035 | AC78: =+O78 -> 4100 | AD78: =+Q78 -> 4309.1 | AE78: =+S78 -> 20140 | AF78: =+U78 -> 20000 | AG78: =+W78 -> 20000 | AI78: {=+MIN(IF(Z78:AG78>0,Z78:AG78))} -> 3474 | AJ78: {=MAX(IF(Z78:AG78>0,Z78:AG78))} -> 20140 | AK78: {=ROUND(AVERAGE(IF(Z78:AG78>0,Z78:AG78)),0)} -> 9940 | AL78: =+AVERAGE(AI78,AK78) -> 6707 | AM78: =ROUND(MEDIAN(Z78,AD78,AE78,AF78,AG78),0) -> 20000 | AN78: =ROUND(GEOMEAN(Z78,AD78,AE78,AF78,AG78),0) -> 10382 | AO78: =ROUND(TRIMMEAN(Z78:AG78,$AO$3),0) -> 9940 | AP78: =ROUND(HARMEAN(Z78:AG78),0) -> 5527 | AQ78: {=STDEVA(IF(Z78:AG78>0,Z78:AG78))} -> 8373.1886 | AS78: =_xlfn.XLOOKUP(AT78,AK78:AQ78,$AK$8:$AQ$8,0) -> Media Armónica | AT78: =+MIN(AK78:AP78) -> 5527 | AU78: =+AT78*H78 -> 71851 | AV78: =+AU78*3 -> 215553 | AW78: 13 | AX78: =+AW78-H78 -> 0
B79: 62 | C79: Termonebulizacion | D79: DT META | E79: PASTO - NARIÑO | F79: LOS ROSALES II - ANGANOY-EDIFICIO INVIAS-PASTO-NARIÑO | G79: M2 | H79: 180 | I79: 3474 | J79: =+H79*I79 -> 625320 | K79: =+I79+(I79*5.2%) -> 3654.648 | L79: =+H79*K79 -> 657836.64 | M79: =+K79+(K79*5.1%) -> 3841.035 | N79: =+H79*M79 -> 691386.31 | O79: 4100 | P79: =+H79*O79 -> 738000 | Q79: =+O79+(O79*5.1%) -> 4309.1 | R79: =+H79*Q79 -> 775638 | T79: =+H79*S79 -> 0 | U79: 15000 | V79: =+H79*U79 -> 2700000 | W79: 15000 | X79: =+H79*W79 -> 2700000 | Z79: =+I79 -> 3474 | AA79: =+K79 -> 3654.648 | AB79: =+M79 -> 3841.035 | AC79: =+O79 -> 4100 | AD79: =+Q79 -> 4309.1 | AE79: =+S79 -> 0 | AF79: =+U79 -> 15000 | AG79: =+W79 -> 15000 | AI79: {=+MIN(IF(Z79:AG79>0,Z79:AG79))} -> 3474 | AJ79: {=MAX(IF(Z79:AG79>0,Z79:AG79))} -> 15000 | AK79: {=ROUND(AVERAGE(IF(Z79:AG79>0,Z79:AG79)),0)} -> 7054 | AL79: =+AVERAGE(AI79,AK79) -> 5264 | AM79: =ROUND(MEDIAN(Z79,AD79,AE79,AF79,AG79),0) -> 4309 | AN79: =ROUND(GEOMEAN(Z79,AD79,AF79,AG79),0) -> 7618 | AO79: =ROUND(TRIMMEAN(Z79:AG79,$AO$3),0) -> 6172 | AP79: =ROUND(HARMEAN(Z79,AD79,AF79:AG79),0) -> 6123 | AQ79: {=STDEVA(IF(Z79:AG79>0,Z79:AG79))} -> 5434.9726 | AS79: =_xlfn.XLOOKUP(AT79,AK79:AQ79,$AK$8:$AQ$8,0) -> Mediana estadística | AT79: =+MIN(AK79:AP79) -> 4309 | AU79: =+AT79*H79 -> 775620 | AV79: =+AU79*3 -> 2326860 | AW79: 180 | AX79: =+AW79-H79 -> 0
B80: 63 | C80: Termonebulizacion | D80: DT NARIÑO | E80: CUCUTA - NTE. SANTANDER | F80: AV.DEMETRIO MENDOZA- ANTIGUA SEDE M.O.P.T. BARRIO SAN LUIS -CÚCUTA | G80: M2 | H80: 100 | I80: 3474 | J80: =+H80*I80 -> 347400 | K80: =+I80+(I80*5.2%) -> 3654.648 | L80: =+H80*K80 -> 365464.8 | M80: =+K80+(K80*5.1%) -> 3841.035 | N80: =+H80*M80 -> 384103.5 | O80: 4100 | P80: =+H80*O80 -> 410000 | Q80: =+O80+(O80*5.1%) -> 4309.1 | R80: =+H80*Q80 -> 430910 | S80: 20140 | T80: =+H80*S80 -> 2014000 | U80: 20000 | V80: =+H80*U80 -> 2000000 | W80: 20000 | X80: =+H80*W80 -> 2000000 | Z80: =+I80 -> 3474 | AA80: =+K80 -> 3654.648 | AB80: =+M80 -> 3841.035 | AC80: =+O80 -> 4100 | AD80: =+Q80 -> 4309.1 | AE80: =+S80 -> 20140 | AF80: =+U80 -> 20000 | AG80: =+W80 -> 20000 | AI80: {=+MIN(IF(Z80:AG80>0,Z80:AG80))} -> 3474 | AJ80: {=MAX(IF(Z80:AG80>0,Z80:AG80))} -> 20140 | AK80: {=ROUND(AVERAGE(IF(Z80:AG80>0,Z80:AG80)),0)} -> 9940 | AL80: =+AVERAGE(AI80,AK80) -> 6707 | AM80: =ROUND(MEDIAN(Z80,AD80,AE80,AF80,AG80),0) -> 20000 | AN80: =ROUND(GEOMEAN(Z80,AD80,AE80,AF80,AG80),0) -> 10382 | AO80: =ROUND(TRIMMEAN(Z80:AG80,$AO$3),0) -> 9940 | AP80: =ROUND(HARMEAN(Z80:AG80),0) -> 5527 | AQ80: {=STDEVA(IF(Z80:AG80>0,Z80:AG80))} -> 8373.1886 | AS80: =_xlfn.XLOOKUP(AT80,AK80:AQ80,$AK$8:$AQ$8,0) -> Media Armónica | AT80: =+MIN(AK80:AP80) -> 5527 | AU80: =+AT80*H80 -> 552700 | AV80: =+AU80*3 -> 1658100 | AW80: 100 | AX80: =+AW80-H80 -> 0
B81: 64 | C81: Termonebulizacion | D81: DT NORTE DE SANTANDER | E81: ARMENIA - QUINDIO | F81: Carrera 14 No.1-333 Local 10 - C.Comercial Baleraes | G81: M2 | H81: 10 | I81: 3474 | J81: =+H81*I81 -> 34740 | K81: =+I81+(I81*5.2%) -> 3654.648 | L81: =+H81*K81 -> 36546.48 | M81: =+K81+(K81*5.1%) -> 3841.035 | N81: =+H81*M81 -> 38410.35 | O81: 4100 | P81: =+H81*O81 -> 41000 | Q81: =+O81+(O81*5.1%) -> 4309.1 | R81: =+H81*Q81 -> 43091 | S81: 20140 | T81: =+H81*S81 -> 201400 | U81: 20000 | V81: =+H81*U81 -> 200000 | W81: 20000 | X81: =+H81*W81 -> 200000 | Z81: =+I81 -> 3474 | AA81: =+K81 -> 3654.648 | AB81: =+M81 -> 3841.035 | AC81: =+O81 -> 4100 | AD81: =+Q81 -> 4309.1 | AE81: =+S81 -> 20140 | AF81: =+U81 -> 20000 | AG81: =+W81 -> 20000 | AI81: {=+MIN(IF(Z81:AG81>0,Z81:AG81))} -> 3474 | AJ81: {=MAX(IF(Z81:AG81>0,Z81:AG81))} -> 20140 | AK81: {=ROUND(AVERAGE(IF(Z81:AG81>0,Z81:AG81)),0)} -> 9940 | AL81: =+AVERAGE(AI81,AK81) -> 6707 | AM81: =ROUND(MEDIAN(Z81,AD81,AE81,AF81,AG81),0) -> 20000 | AN81: =ROUND(GEOMEAN(Z81,AD81,AE81,AF81,AG81),0) -> 10382 | AO81: =ROUND(TRIMMEAN(Z81:AG81,$AO$3),0) -> 9940 | AP81: =ROUND(HARMEAN(Z81:AG81),0) -> 5527 | AQ81: {=STDEVA(IF(Z81:AG81>0,Z81:AG81))} -> 8373.1886 | AS81: =_xlfn.XLOOKUP(AT81,AK81:AQ81,$AK$8:$AQ$8,0) -> Media Armónica | AT81: =+MIN(AK81:AP81) -> 5527 | AU81: =+AT81*H81 -> 55270 | AV81: =+AU81*3 -> 165810 | AW81: 10 | AX81: =+AW81-H81 -> 0
B82: 65 | C82: Termonebulizacion | D82: DT QUINDIO | E82: PEREIRA - RISARALDA | F82: VIA MERCASA AVENIDA DE LAS AMERICAS | G82: M2 | H82: 36 | I82: 3474 | J82: =+H82*I82 -> 125064 | K82: =+I82+(I82*5.2%) -> 3654.648 | L82: =+H82*K82 -> 131567.33 | M82: =+K82+(K82*5.1%) -> 3841.035 | N82: =+H82*M82 -> 138277.26 | O82: 4100 | P82: =+H82*O82 -> 147600 | Q82: =+O82+(O82*5.1%) -> 4309.1 | R82: =+H82*Q82 -> 155127.6 | S82: 20140 | T82: =+H82*S82 -> 725040 | U82: 20000 | V82: =+H82*U82 -> 720000 | W82: 20000 | X82: =+H82*W82 -> 720000 | Z82: =+I82 -> 3474 | AA82: =+K82 -> 3654.648 | AB82: =+M82 -> 3841.035 | AC82: =+O82 -> 4100 | AD82: =+Q82 -> 4309.1 | AE82: =+S82 -> 20140 | AF82: =+U82 -> 20000 | AG82: =+W82 -> 20000 | AI82: {=+MIN(IF(Z82:AG82>0,Z82:AG82))} -> 3474 | AJ82: {=MAX(IF(Z82:AG82>0,Z82:AG82))} -> 20140 | AK82: {=ROUND(AVERAGE(IF(Z82:AG82>0,Z82:AG82)),0)} -> 9940 | AL82: =+AVERAGE(AI82,AK82) -> 6707 | AM82: =ROUND(MEDIAN(Z82,AD82,AE82,AF82,AG82),0) -> 20000 | AN82: =ROUND(GEOMEAN(Z82,AD82,AE82,AF82,AG82),0) -> 10382 | AO82: =ROUND(TRIMMEAN(Z82:AG82,$AO$3),0) -> 9940 | AP82: =ROUND(HARMEAN(Z82:AG82),0) -> 5527 | AQ82: {=STDEVA(IF(Z82:AG82>0,Z82:AG82))} -> 8373.1886 | AS82: =_xlfn.XLOOKUP(AT82,AK82:AQ82,$AK$8:$AQ$8,0) -> Media Armónica | AT82: =+MIN(AK82:AP82) -> 5527 | AU82: =+AT82*H82 -> 198972 | AV82: =+AU82*3 -> 596916 | AW82: 36 | AX82: =+AW82-H82 -> 0
B83: 66 | C83: Termonebulizacion | D83: DT RISARALDA | E83: BUCARAMANGA - SANTANDER | F83: KILÓMETRO 1. RUITOQUE ANTIGUO DISTRITO 15- FLORIDA BLANCA | G83: M2 | H83: 4 | I83: 3474 | J83: =+H83*I83 -> 13896 | K83: =+I83+(I83*5.2%) -> 3654.648 | L83: =+H83*K83 -> 14618.592 | M83: =+K83+(K83*5.1%) -> 3841.035 | N83: =+H83*M83 -> 15364.14 | O83: 4100 | P83: =+H83*O83 -> 16400 | Q83: =+O83+(O83*5.1%) -> 4309.1 | R83: =+H83*Q83 -> 17236.4 | S83: 20140 | T83: =+H83*S83 -> 80560 | U83: 20000 | V83: =+H83*U83 -> 80000 | W83: 20000 | X83: =+H83*W83 -> 80000 | Z83: =+I83 -> 3474 | AA83: =+K83 -> 3654.648 | AB83: =+M83 -> 3841.035 | AC83: =+O83 -> 4100 | AD83: =+Q83 -> 4309.1 | AE83: =+S83 -> 20140 | AF83: =+U83 -> 20000 | AG83: =+W83 -> 20000 | AI83: {=+MIN(IF(Z83:AG83>0,Z83:AG83))} -> 3474 | AJ83: {=MAX(IF(Z83:AG83>0,Z83:AG83))} -> 20140 | AK83: {=ROUND(AVERAGE(IF(Z83:AG83>0,Z83:AG83)),0)} -> 9940 | AL83: =+AVERAGE(AI83,AK83) -> 6707 | AM83: =ROUND(MEDIAN(Z83,AD83,AE83,AF83,AG83),0) -> 20000 | AN83: =ROUND(GEOMEAN(Z83,AD83,AE83,AF83,AG83),0) -> 10382 | AO83: =ROUND(TRIMMEAN(Z83:AG83,$AO$3),0) -> 9940 | AP83: =ROUND(HARMEAN(Z83:AG83),0) -> 5527 | AQ83: {=STDEVA(IF(Z83:AG83>0,Z83:AG83))} -> 8373.1886 | AS83: =_xlfn.XLOOKUP(AT83,AK83:AQ83,$AK$8:$AQ$8,0) -> Media Armónica | AT83: =+MIN(AK83:AP83) -> 5527 | AU83: =+AT83*H83 -> 22108 | AV83: =+AU83*3 -> 66324 | AW83: 4 | AX83: =+AW83-H83 -> 0
B84: 67 | C84: Termonebulizacion | D84: DT SANTANDER | E84: IBAGUE - TOLIMA | F84: Carrera 5ª Calle 60 Barrio El Jordan 1ª etapa | G84: M2 | H84: 101 | I84: 3474 | J84: =+H84*I84 -> 350874 | K84: =+I84+(I84*5.2%) -> 3654.648 | L84: =+H84*K84 -> 369119.45 | M84: =+K84+(K84*5.1%) -> 3841.035 | N84: =+H84*M84 -> 387944.54 | O84: 4100 | P84: =+H84*O84 -> 414100 | Q84: =+O84+(O84*5.1%) -> 4309.1 | R84: =+H84*Q84 -> 435219.1 | S84: 20140 | T84: =+H84*S84 -> 2034140 | U84: 20000 | V84: =+H84*U84 -> 2020000 | W84: 20000 | X84: =+H84*W84 -> 2020000 | Z84: =+I84 -> 3474 | AA84: =+K84 -> 3654.648 | AB84: =+M84 -> 3841.035 | AC84: =+O84 -> 4100 | AD84: =+Q84 -> 4309.1 | AE84: =+S84 -> 20140 | AF84: =+U84 -> 20000 | AG84: =+W84 -> 20000 | AI84: {=+MIN(IF(Z84:AG84>0,Z84:AG84))} -> 3474 | AJ84: {=MAX(IF(Z84:AG84>0,Z84:AG84))} -> 20140 | AK84: {=ROUND(AVERAGE(IF(Z84:AG84>0,Z84:AG84)),0)} -> 9940 | AL84: =+AVERAGE(AI84,AK84) -> 6707 | AM84: =ROUND(MEDIAN(Z84,AD84,AE84,AF84,AG84),0) -> 20000 | AN84: =ROUND(GEOMEAN(Z84,AD84,AE84,AF84,AG84),0) -> 10382 | AO84: =ROUND(TRIMMEAN(Z84:AG84,$AO$3),0) -> 9940 | AP84: =ROUND(HARMEAN(Z84:AG84),0) -> 5527 | AQ84: {=STDEVA(IF(Z84:AG84>0,Z84:AG84))} -> 8373.1886 | AS84: =_xlfn.XLOOKUP(AT84,AK84:AQ84,$AK$8:$AQ$8,0) -> Media Armónica | AT84: =+MIN(AK84:AP84) -> 5527 | AU84: =+AT84*H84 -> 558227 | AV84: =+AU84*3 -> 1674681 | AW84: 101 | AX84: =+AW84-H84 -> 0
B85: 68 | C85: Termonebulizacion | D85: DT TOLIMA | E85: CALI - VALLE DEL CAUCA | F85: Carrera 39 A No. 5D-10 Barrio Tequendama | G85: M2 | H85: 62 | I85: 3474 | J85: =+H85*I85 -> 215388 | K85: =+I85+(I85*5.2%) -> 3654.648 | L85: =+H85*K85 -> 226588.18 | M85: =+K85+(K85*5.1%) -> 3841.035 | N85: =+H85*M85 -> 238144.17 | O85: 4100 | P85: =+H85*O85 -> 254200 | Q85: =+O85+(O85*5.1%) -> 4309.1 | R85: =+H85*Q85 -> 267164.2 | S85: 20140 | T85: =+H85*S85 -> 1248680 | U85: 20000 | V85: =+H85*U85 -> 1240000 | W85: 20000 | X85: =+H85*W85 -> 1240000 | Z85: =+I85 -> 3474 | AA85: =+K85 -> 3654.648 | AB85: =+M85 -> 3841.035 | AC85: =+O85 -> 4100 | AD85: =+Q85 -> 4309.1 | AE85: =+S85 -> 20140 | AF85: =+U85 -> 20000 | AG85: =+W85 -> 20000 | AI85: {=+MIN(IF(Z85:AG85>0,Z85:AG85))} -> 3474 | AJ85: {=MAX(IF(Z85:AG85>0,Z85:AG85))} -> 20140 | AK85: {=ROUND(AVERAGE(IF(Z85:AG85>0,Z85:AG85)),0)} -> 9940 | AL85: =+AVERAGE(AI85,AK85) -> 6707 | AM85: =ROUND(MEDIAN(Z85,AD85,AE85,AF85,AG85),0) -> 20000 | AN85: =ROUND(GEOMEAN(Z85,AD85,AE85,AF85,AG85),0) -> 10382 | AO85: =ROUND(TRIMMEAN(Z85:AG85,$AO$3),0) -> 9940 | AP85: =ROUND(HARMEAN(Z85:AG85),0) -> 5527 | AQ85: {=STDEVA(IF(Z85:AG85>0,Z85:AG85))} -> 8373.1886 | AS85: =_xlfn.XLOOKUP(AT85,AK85:AQ85,$AK$8:$AQ$8,0) -> Media Armónica | AT85: =+MIN(AK85:AP85) -> 5527 | AU85: =+AT85*H85 -> 342674 | AV85: =+AU85*3 -> 1028022 | AW85: 62 | AX85: =+AW85-H85 -> 0
B86: 69 | C86: Termonebulizacion | D86: DT VALLE DEL CAUCA | E86: ARAUCA - ARAUCA | F86: Calle 23 No. 26-17 – Municipio de Arauca | G86: M2 | H86: 55 | I86: 3474 | J86: =+H86*I86 -> 191070 | K86: =+I86+(I86*5.2%) -> 3654.648 | L86: =+H86*K86 -> 201005.64 | M86: =+K86+(K86*5.1%) -> 3841.035 | N86: =+H86*M86 -> 211256.93 | O86: 4100 | P86: =+H86*O86 -> 225500 | Q86: =+O86+(O86*5.1%) -> 4309.1 | R86: =+H86*Q86 -> 237000.5 | S86: 20140 | T86: =+H86*S86 -> 1107700 | U86: 20000 | V86: =+H86*U86 -> 1100000 | W86: 20000 | X86: =+H86*W86 -> 1100000 | Z86: =+I86 -> 3474 | AA86: =+K86 -> 3654.648 | AB86: =+M86 -> 3841.035 | AC86: =+O86 -> 4100 | AD86: =+Q86 -> 4309.1 | AE86: =+S86 -> 20140 | AF86: =+U86 -> 20000 | AG86: =+W86 -> 20000 | AI86: {=+MIN(IF(Z86:AG86>0,Z86:AG86))} -> 3474 | AJ86: {=MAX(IF(Z86:AG86>0,Z86:AG86))} -> 20140 | AK86: {=ROUND(AVERAGE(IF(Z86:AG86>0,Z86:AG86)),0)} -> 9940 | AL86: =+AVERAGE(AI86,AK86) -> 6707 | AM86: =ROUND(MEDIAN(Z86,AD86,AE86,AF86,AG86),0) -> 20000 | AN86: =ROUND(GEOMEAN(Z86,AD86,AE86,AF86,AG86),0) -> 10382 | AO86: =ROUND(TRIMMEAN(Z86:AG86,$AO$3),0) -> 9940 | AP86: =ROUND(HARMEAN(Z86:AG86),0) -> 5527 | AQ86: {=STDEVA(IF(Z86:AG86>0,Z86:AG86))} -> 8373.1886 | AS86: =_xlfn.XLOOKUP(AT86,AK86:AQ86,$AK$8:$AQ$8,0) -> Media Armónica | AT86: =+MIN(AK86:AP86) -> 5527 | AU86: =+AT86*H86 -> 303985 | AV86: =+AU86*3 -> 911955 | AW86: 55 | AX86: =+AW86-H86 -> 0
B87: 70 | C87: Termonebulizacion | D87: OFICINA SUCRE | E87: SINCELEJO SUCRE | F87: Cl. 38 No. 8-159 Carrera Troncal (Calle 1a del Comercio) | G87: M2 | H87: 25 | I87: 3474 | J87: =+H87*I87 -> 86850 | K87: =+I87+(I87*5.2%) -> 3654.648 | L87: =+H87*K87 -> 91366.2 | M87: =+K87+(K87*5.1%) -> 3841.035 | N87: =+H87*M87 -> 96025.876 | O87: 4100 | P87: =+H87*O87 -> 102500 | Q87: =+O87+(O87*5.1%) -> 4309.1 | R87: =+H87*Q87 -> 107727.5 | S87: 20140 | T87: =+H87*S87 -> 503500 | U87: 20000 | V87: =+H87*U87 -> 500000 | W87: 20000 | X87: =+H87*W87 -> 500000 | Z87: =+I87 -> 3474 | AA87: =+K87 -> 3654.648 | AB87: =+M87 -> 3841.035 | AC87: =+O87 -> 4100 | AD87: =+Q87 -> 4309.1 | AE87: =+S87 -> 20140 | AF87: =+U87 -> 20000 | AG87: =+W87 -> 20000 | AI87: {=+MIN(IF(Z87:AG87>0,Z87:AG87))} -> 3474 | AJ87: {=MAX(IF(Z87:AG87>0,Z87:AG87))} -> 20140 | AK87: {=ROUND(AVERAGE(IF(Z87:AG87>0,Z87:AG87)),0)} -> 9940 | AL87: =+AVERAGE(AI87,AK87) -> 6707 | AM87: =ROUND(MEDIAN(Z87,AD87,AE87,AF87,AG87),0) -> 20000 | AN87: =ROUND(GEOMEAN(Z87,AD87,AE87,AF87,AG87),0) -> 10382 | AO87: =ROUND(TRIMMEAN(Z87:AG87,$AO$3),0) -> 9940 | AP87: =ROUND(HARMEAN(Z87:AG87),0) -> 5527 | AQ87: {=STDEVA(IF(Z87:AG87>0,Z87:AG87))} -> 8373.1886 | AS87: =_xlfn.XLOOKUP(AT87,AK87:AQ87,$AK$8:$AQ$8,0) -> Media Armónica | AT87: =+MIN(AK87:AP87) -> 5527 | AU87: =+AT87*H87 -> 138175 | AV87: =+AU87*3 -> 414525 | AW87: 25 | AX87: =+AW87-H87 -> 0
C88: Termonebulizacion | D88: OFICINA YOPAL | E88: YOPAL | F88: Calle 40 No. 21 - 75 Instalaciones del INVIAS - Yopal, Casanare | G88: M2 | H88: 10 | I88: 3474 | J88: =+H88*I88 -> 34740 | K88: =+I88+(I88*5.2%) -> 3654.648 | L88: =+H88*K88 -> 36546.48 | M88: =+K88+(K88*5.1%) -> 3841.035 | N88: =+H88*M88 -> 38410.35 | O88: 4100 | P88: =+H88*O88 -> 41000 | Q88: =+O88+(O88*5.1%) -> 4309.1 | R88: =+H88*Q88 -> 43091 | S88: 20140 | T88: =+H88*S88 -> 201400 | U88: 20000 | V88: =+H88*U88 -> 200000 | W88: 20000 | X88: =+H88*W88 -> 200000 | Z88: =+I88 -> 3474 | AA88: =+K88 -> 3654.648 | AB88: =+M88 -> 3841.035 | AC88: =+O88 -> 4100 | AD88: =+Q88 -> 4309.1 | AE88: =+S88 -> 20140 | AF88: =+U88 -> 20000 | AG88: =+W88 -> 20000 | AI88: {=+MIN(IF(Z88:AG88>0,Z88:AG88))} -> 3474 | AJ88: {=MAX(IF(Z88:AG88>0,Z88:AG88))} -> 20140 | AK88: {=ROUND(AVERAGE(IF(Z88:AG88>0,Z88:AG88)),0)} -> 9940 | AL88: =+AVERAGE(AI88,AK88) -> 6707 | AM88: =ROUND(MEDIAN(Z88,AD88,AE88,AF88,AG88),0) -> 20000 | AN88: =ROUND(GEOMEAN(Z88,AD88,AE88,AF88,AG88),0) -> 10382 | AO88: =ROUND(TRIMMEAN(Z88:AG88,$AO$3),0) -> 9940 | AP88: =ROUND(HARMEAN(Z88:AG88),0) -> 5527 | AQ88: {=STDEVA(IF(Z88:AG88>0,Z88:AG88))} -> 8373.1886 | AS88: =_xlfn.XLOOKUP(AT88,AK88:AQ88,$AK$8:$AQ$8,0) -> Media Armónica | AT88: =+MIN(AK88:AP88) -> 5527 | AU88: =+AT88*H88 -> 55270 | AV88: =+AU88*3 -> 165810 | AW88: 10 | AX88: =+AW88-H88 -> 0
B89: 71 | C89: Termonebulizacion | D89: IF ARAUCA | E89: ARAUCA | F89: Carrera 1 Calle 53 Esquina Terminal Fluvial Yuma | G89: M2 | H89: 10 | I89: 3474 | J89: =+H89*I89 -> 34740 | K89: =+I89+(I89*5.2%) -> 3654.648 | L89: =+H89*K89 -> 36546.48 | M89: =+K89+(K89*5.1%) -> 3841.035 | N89: =+H89*M89 -> 38410.35 | O89: 4100 | P89: =+H89*O89 -> 41000 | Q89: =+O89+(O89*5.1%) -> 4309.1 | R89: =+H89*Q89 -> 43091 | S89: 20140 | T89: =+H89*S89 -> 201400 | U89: 20000 | V89: =+H89*U89 -> 200000 | W89: 20000 | X89: =+H89*W89 -> 200000 | Z89: =+I89 -> 3474 | AA89: =+K89 -> 3654.648 | AB89: =+M89 -> 3841.035 | AC89: =+O89 -> 4100 | AD89: =+Q89 -> 4309.1 | AE89: =+S89 -> 20140 | AF89: =+U89 -> 20000 | AG89: =+W89 -> 20000 | AI89: {=+MIN(IF(Z89:AG89>0,Z89:AG89))} -> 3474 | AJ89: {=MAX(IF(Z89:AG89>0,Z89:AG89))} -> 20140 | AK89: {=ROUND(AVERAGE(IF(Z89:AG89>0,Z89:AG89)),0)} -> 9940 | AL89: =+AVERAGE(AI89,AK89) -> 6707 | AM89: =ROUND(MEDIAN(Z89,AD89,AE89,AF89,AG89),0) -> 20000 | AN89: =ROUND(GEOMEAN(Z89,AD89,AE89,AF89,AG89),0) -> 10382 | AO89: =ROUND(TRIMMEAN(Z89:AG89,$AO$3),0) -> 9940 | AP89: =ROUND(HARMEAN(Z89:AG89),0) -> 5527 | AQ89: {=STDEVA(IF(Z89:AG89>0,Z89:AG89))} -> 8373.1886 | AS89: =_xlfn.XLOOKUP(AT89,AK89:AQ89,$AK$8:$AQ$8,0) -> Media Armónica | AT89: =+MIN(AK89:AP89) -> 5527 | AU89: =+AT89*H89 -> 55270 | AV89: =+AU89*3 -> 165810 | AW89: 10 | AX89: =+AW89-H89 -> 0
B90: 72 | C90: Termonebulizacion | D90: IF BETANIA | E90: BETANIA | F90: Carrera 1 No. 24-4 en el municipio de Calamar- Bolívar | G90: M2 | H90: 10 | I90: 3474 | J90: =+H90*I90 -> 34740 | K90: =+I90+(I90*5.2%) -> 3654.648 | L90: =+H90*K90 -> 36546.48 | M90: =+K90+(K90*5.1%) -> 3841.035 | N90: =+H90*M90 -> 38410.35 | O90: 4100 | P90: =+H90*O90 -> 41000 | Q90: =+O90+(O90*5.1%) -> 4309.1 | R90: =+H90*Q90 -> 43091 | S90: 20140 | T90: =+H90*S90 -> 201400 | U90: 20000 | V90: =+H90*U90 -> 200000 | W90: 20000 | X90: =+H90*W90 -> 200000 | Z90: =+I90 -> 3474 | AA90: =+K90 -> 3654.648 | AB90: =+M90 -> 3841.035 | AC90: =+O90 -> 4100 | AD90: =+Q90 -> 4309.1 | AE90: =+S90 -> 20140 | AF90: =+U90 -> 20000 | AG90: =+W90 -> 20000 | AI90: {=+MIN(IF(Z90:AG90>0,Z90:AG90))} -> 3474 | AJ90: {=MAX(IF(Z90:AG90>0,Z90:AG90))} -> 20140 | AK90: {=ROUND(AVERAGE(IF(Z90:AG90>0,Z90:AG90)),0)} -> 9940 | AL90: =+AVERAGE(AI90,AK90) -> 6707 | AM90: =ROUND(MEDIAN(Z90,AD90,AE90,AF90,AG90),0) -> 20000 | AN90: =ROUND(GEOMEAN(Z90,AD90,AE90,AF90,AG90),0) -> 10382 | AO90: =ROUND(TRIMMEAN(Z90:AG90,$AO$3),0) -> 9940 | AP90: =ROUND(HARMEAN(Z90:AG90),0) -> 5527 | AQ90: {=STDEVA(IF(Z90:AG90>0,Z90:AG90))} -> 8373.1886 | AS90: =_xlfn.XLOOKUP(AT90,AK90:AQ90,$AK$8:$AQ$8,0) -> Media Armónica | AT90: =+MIN(AK90:AP90) -> 5527 | AU90: =+AT90*H90 -> 55270 | AV90: =+AU90*3 -> 165810 | AW90: 10 | AX90: =+AW90-H90 -> 0
B91: 73 | C91: Termonebulizacion | D91: IF CALAMAR | E91: CALAMAR - BOLIVAR | F91: Carrera 8 No. 7 – 42 Darien - Valle | G91: M2 | H91: 10 | I91: 3474 | J91: =+H91*I91 -> 34740 | K91: =+I91+(I91*5.2%) -> 3654.648 | L91: =+H91*K91 -> 36546.48 | M91: =+K91+(K91*5.1%) -> 3841.035 | N91: =+H91*M91 -> 38410.35 | O91: 4100 | P91: =+H91*O91 -> 41000 | Q91: =+O91+(O91*5.1%) -> 4309.1 | R91: =+H91*Q91 -> 43091 | S91: 20140 | T91: =+H91*S91 -> 201400 | U91: 20000 | V91: =+H91*U91 -> 200000 | W91: 20000 | X91: =+H91*W91 -> 200000 | Z91: =+I91 -> 3474 | AA91: =+K91 -> 3654.648 | AB91: =+M91 -> 3841.035 | AC91: =+O91 -> 4100 | AD91: =+Q91 -> 4309.1 | AE91: =+S91 -> 20140 | AF91: =+U91 -> 20000 | AG91: =+W91 -> 20000 | AI91: {=+MIN(IF(Z91:AG91>0,Z91:AG91))} -> 3474 | AJ91: {=MAX(IF(Z91:AG91>0,Z91:AG91))} -> 20140 | AK91: {=ROUND(AVERAGE(IF(Z91:AG91>0,Z91:AG91)),0)} -> 9940 | AL91: =+AVERAGE(AI91,AK91) -> 6707 | AM91: =ROUND(MEDIAN(Z91,AD91,AE91,AF91,AG91),0) -> 20000 | AN91: =ROUND(GEOMEAN(Z91,AD91,AE91,AF91,AG91),0) -> 10382 | AO91: =ROUND(TRIMMEAN(Z91:AG91,$AO$3),0) -> 9940 | AP91: =ROUND(HARMEAN(Z91:AG91),0) -> 5527 | AQ91: {=STDEVA(IF(Z91:AG91>0,Z91:AG91))} -> 8373.1886 | AS91: =_xlfn.XLOOKUP(AT91,AK91:AQ91,$AK$8:$AQ$8,0) -> Media Armónica | AT91: =+MIN(AK91:AP91) -> 5527 | AU91: =+AT91*H91 -> 55270 | AV91: =+AU91*3 -> 165810 | AW91: 10 | AX91: =+AW91-H91 -> 0
B92: 74 | C92: Termonebulizacion | D92: IF CALIMA | E92: CALIMA - VALLE DEL CAUCA | F92: Calle 5 # 6-36 Cartagena del Chairá (Caquetá) | G92: M2 | H92: 24 | I92: 3474 | J92: =+H92*I92 -> 83376 | K92: =+I92+(I92*5.2%) -> 3654.648 | L92: =+H92*K92 -> 87711.552 | M92: =+K92+(K92*5.1%) -> 3841.035 | N92: =+H92*M92 -> 92184.841 | O92: 4100 | P92: =+H92*O92 -> 98400 | Q92: =+O92+(O92*5.1%) -> 4309.1 | R92: =+H92*Q92 -> 103418.4 | S92: 20140 | T92: =+H92*S92 -> 483360 | U92: 20000 | V92: =+H92*U92 -> 480000 | W92: 20000 | X92: =+H92*W92 -> 480000 | Z92: =+I92 -> 3474 | AA92: =+K92 -> 3654.648 | AB92: =+M92 -> 3841.035 | AC92: =+O92 -> 4100 | AD92: =+Q92 -> 4309.1 | AE92: =+S92 -> 20140 | AF92: =+U92 -> 20000 | AG92: =+W92 -> 20000 | AI92: {=+MIN(IF(Z92:AG92>0,Z92:AG92))} -> 3474 | AJ92: {=MAX(IF(Z92:AG92>0,Z92:AG92))} -> 20140 | AK92: {=ROUND(AVERAGE(IF(Z92:AG92>0,Z92:AG92)),0)} -> 9940 | AL92: =+AVERAGE(AI92,AK92) -> 6707 | AM92: =ROUND(MEDIAN(Z92,AD92,AE92,AF92,AG92),0) -> 20000 | AN92: =ROUND(GEOMEAN(Z92,AD92,AE92,AF92,AG92),0) -> 10382 | AO92: =ROUND(TRIMMEAN(Z92:AG92,$AO$3),0) -> 9940 | AP92: =ROUND(HARMEAN(Z92:AG92),0) -> 5527 | AQ92: {=STDEVA(IF(Z92:AG92>0,Z92:AG92))} -> 8373.1886 | AS92: =_xlfn.XLOOKUP(AT92,AK92:AQ92,$AK$8:$AQ$8,0) -> Media Armónica | AT92: =+MIN(AK92:AP92) -> 5527 | AU92: =+AT92*H92 -> 132648 | AV92: =+AU92*3 -> 397944 | AW92: 24 | AX92: =+AW92-H92 -> 0
B93: 75 | C93: Termonebulizacion | D93: IF CARTAGENA | E93: CARTAGENA-MANGA | F93: Calle 28 No. 25 - 10 Barrio Manga | G93: M2 | H93: 25 | I93: 3474 | J93: =+H93*I93 -> 86850 | K93: =+I93+(I93*5.2%) -> 3654.648 | L93: =+H93*K93 -> 91366.2 | M93: =+K93+(K93*5.1%) -> 3841.035 | N93: =+H93*M93 -> 96025.876 | O93: 4100 | P93: =+H93*O93 -> 102500 | Q93: =+O93+(O93*5.1%) -> 4309.1 | R93: =+H93*Q93 -> 107727.5 | S93: 20140 | T93: =+H93*S93 -> 503500 | U93: 20000 | V93: =+H93*U93 -> 500000 | W93: 20000 | X93: =+H93*W93 -> 500000 | Z93: =+I93 -> 3474 | AA93: =+K93 -> 3654.648 | AB93: =+M93 -> 3841.035 | AC93: =+O93 -> 4100 | AD93: =+Q93 -> 4309.1 | AE93: =+S93 -> 20140 | AF93: =+U93 -> 20000 | AG93: =+W93 -> 20000 | AI93: {=+MIN(IF(Z93:AG93>0,Z93:AG93))} -> 3474 | AJ93: {=MAX(IF(Z93:AG93>0,Z93:AG93))} -> 20140 | AK93: {=ROUND(AVERAGE(IF(Z93:AG93>0,Z93:AG93)),0)} -> 9940 | AL93: =+AVERAGE(AI93,AK93) -> 6707 | AM93: =ROUND(MEDIAN(Z93,AD93,AE93,AF93,AG93),0) -> 20000 | AN93: =ROUND(GEOMEAN(Z93,AD93,AE93,AF93,AG93),0) -> 10382 | AO93: =ROUND(TRIMMEAN(Z93:AG93,$AO$3),0) -> 9940 | AP93: =ROUND(HARMEAN(Z93:AG93),0) -> 5527 | AQ93: {=STDEVA(IF(Z93:AG93>0,Z93:AG93))} -> 8373.1886 | AS93: =_xlfn.XLOOKUP(AT93,AK93:AQ93,$AK$8:$AQ$8,0) -> Media Armónica | AT93: =+MIN(AK93:AP93) -> 5527 | AU93: =+AT93*H93 -> 138175 | AV93: =+AU93*3 -> 414525 | AW93: 25 | AX93: =+AW93-H93 -> 0
B94: 76 | C94: Termonebulizacion | D94: IF CARTAGENA DE CHAIRA | E94: CARTAGENA DE CHAIRA - CAQUETA | F94: Tv. 16 No. 30-10 | G94: M2 | H94: 10 | I94: 3474 | J94: =+H94*I94 -> 34740 | K94: =+I94+(I94*5.2%) -> 3654.648 | L94: =+H94*K94 -> 36546.48 | M94: =+K94+(K94*5.1%) -> 3841.035 | N94: =+H94*M94 -> 38410.35 | O94: 4100 | P94: =+H94*O94 -> 41000 | Q94: =+O94+(O94*5.1%) -> 4309.1 | R94: =+H94*Q94 -> 43091 | S94: 20140 | T94: =+H94*S94 -> 201400 | U94: 20000 | V94: =+H94*U94 -> 200000 | W94: 20000 | X94: =+H94*W94 -> 200000 | Z94: =+I94 -> 3474 | AA94: =+K94 -> 3654.648 | AB94: =+M94 -> 3841.035 | AC94: =+O94 -> 4100 | AD94: =+Q94 -> 4309.1 | AE94: =+S94 -> 20140 | AF94: =+U94 -> 20000 | AG94: =+W94 -> 20000 | AI94: {=+MIN(IF(Z94:AG94>0,Z94:AG94))} -> 3474 | AJ94: {=MAX(IF(Z94:AG94>0,Z94:AG94))} -> 20140 | AK94: {=ROUND(AVERAGE(IF(Z94:AG94>0,Z94:AG94)),0)} -> 9940 | AL94: =+AVERAGE(AI94,AK94) -> 6707 | AM94: =ROUND(MEDIAN(Z94,AD94,AE94,AF94,AG94),0) -> 20000 | AN94: =ROUND(GEOMEAN(Z94,AD94,AE94,AF94,AG94),0) -> 10382 | AO94: =ROUND(TRIMMEAN(Z94:AG94,$AO$3),0) -> 9940 | AP94: =ROUND(HARMEAN(Z94:AG94),0) -> 5527 | AQ94: {=STDEVA(IF(Z94:AG94>0,Z94:AG94))} -> 8373.1886 | AS94: =_xlfn.XLOOKUP(AT94,AK94:AQ94,$AK$8:$AQ$8,0) -> Media Armónica | AT94: =+MIN(AK94:AP94) -> 5527 | AU94: =+AT94*H94 -> 55270 | AV94: =+AU94*3 -> 165810 | AW94: 10 | AX94: =+AW94-H94 -> 0
B95: 77 | C95: Termonebulizacion | D95: IF CAUCASIA | E95: CAUCASIA - ANTIOQUIA | F95: Calle 4 No. 2 A - 06 | G95: M2 | H95: 23 | I95: 3474 | J95: =+H95*I95 -> 79902 | K95: =+I95+(I95*5.2%) -> 3654.648 | L95: =+H95*K95 -> 84056.904 | M95: =+K95+(K95*5.1%) -> 3841.035 | N95: =+H95*M95 -> 88343.806 | O95: 4100 | P95: =+H95*O95 -> 94300 | Q95: =+O95+(O95*5.1%) -> 4309.1 | R95: =+H95*Q95 -> 99109.3 | S95: 20140 | T95: =+H95*S95 -> 463220 | U95: 20000 | V95: =+H95*U95 -> 460000 | W95: 20000 | X95: =+H95*W95 -> 460000 | Z95: =+I95 -> 3474 | AA95: =+K95 -> 3654.648 | AB95: =+M95 -> 3841.035 | AC95: =+O95 -> 4100 | AD95: =+Q95 -> 4309.1 | AE95: =+S95 -> 20140 | AF95: =+U95 -> 20000 | AG95: =+W95 -> 20000 | AI95: {=+MIN(IF(Z95:AG95>0,Z95:AG95))} -> 3474 | AJ95: {=MAX(IF(Z95:AG95>0,Z95:AG95))} -> 20140 | AK95: {=ROUND(AVERAGE(IF(Z95:AG95>0,Z95:AG95)),0)} -> 9940 | AL95: =+AVERAGE(AI95,AK95) -> 6707 | AM95: =ROUND(MEDIAN(Z95,AD95,AE95,AF95,AG95),0) -> 20000 | AN95: =ROUND(GEOMEAN(Z95,AD95,AE95,AF95,AG95),0) -> 10382 | AO95: =ROUND(TRIMMEAN(Z95:AG95,$AO$3),0) -> 9940 | AP95: =ROUND(HARMEAN(Z95:AG95),0) -> 5527 | AQ95: {=STDEVA(IF(Z95:AG95>0,Z95:AG95))} -> 8373.1886 | AS95: =_xlfn.XLOOKUP(AT95,AK95:AQ95,$AK$8:$AQ$8,0) -> Media Armónica | AT95: =+MIN(AK95:AP95) -> 5527 | AU95: =+AT95*H95 -> 127121 | AV95: =+AU95*3 -> 381363 | AW95: 23 | AX95: =+AW95-H95 -> 0
B96: 78 | C96: Termonebulizacion | D96: IF EL BANCO | E96: EL BANCO - MAGDALENA | F96: Carrera 2A N°1-108 | G96: M2 | H96: 9 | I96: 3474 | J96: =+H96*I96 -> 31266 | K96: =+I96+(I96*5.2%) -> 3654.648 | L96: =+H96*K96 -> 32891.832 | M96: =+K96+(K96*5.1%) -> 3841.035 | N96: =+H96*M96 -> 34569.315 | O96: 4100 | P96: =+H96*O96 -> 36900 | Q96: =+O96+(O96*5.1%) -> 4309.1 | R96: =+H96*Q96 -> 38781.9 | S96: 20140 | T96: =+H96*S96 -> 181260 | U96: 20000 | V96: =+H96*U96 -> 180000 | W96: 20000 | X96: =+H96*W96 -> 180000 | Z96: =+I96 -> 3474 | AA96: =+K96 -> 3654.648 | AB96: =+M96 -> 3841.035 | AC96: =+O96 -> 4100 | AD96: =+Q96 -> 4309.1 | AE96: =+S96 -> 20140 | AF96: =+U96 -> 20000 | AG96: =+W96 -> 20000 | AI96: {=+MIN(IF(Z96:AG96>0,Z96:AG96))} -> 3474 | AJ96: {=MAX(IF(Z96:AG96>0,Z96:AG96))} -> 20140 | AK96: {=ROUND(AVERAGE(IF(Z96:AG96>0,Z96:AG96)),0)} -> 9940 | AL96: =+AVERAGE(AI96,AK96) -> 6707 | AM96: =ROUND(MEDIAN(Z96,AD96,AE96,AF96,AG96),0) -> 20000 | AN96: =ROUND(GEOMEAN(Z96,AD96,AE96,AF96,AG96),0) -> 10382 | AO96: =ROUND(TRIMMEAN(Z96:AG96,$AO$3),0) -> 9940 | AP96: =ROUND(HARMEAN(Z96:AG96),0) -> 5527 | AQ96: {=STDEVA(IF(Z96:AG96>0,Z96:AG96))} -> 8373.1886 | AS96: =_xlfn.XLOOKUP(AT96,AK96:AQ96,$AK$8:$AQ$8,0) -> Media Armónica | AT96: =+MIN(AK96:AP96) -> 5527 | AU96: =+AT96*H96 -> 49743 | AV96: =+AU96*3 -> 149229 | AW96: 9 | AX96: =+AW96-H96 -> 0
B97: 79 | C97: Termonebulizacion | D97: IF GAMARRA | E97: GAMARRA - CESAR | F97: Carrera 12 #17-61 - CALLE 18 #12-27 local #15 Centro Comercial "El Parque" en la ciudad de Girardot, | G97: M2 | H97: 10 | I97: 3474 | J97: =+H97*I97 -> 34740 | K97: =+I97+(I97*5.2%) -> 3654.648 | L97: =+H97*K97 -> 36546.48 | M97: =+K97+(K97*5.1%) -> 3841.035 | N97: =+H97*M97 -> 38410.35 | O97: 4100 | P97: =+H97*O97 -> 41000 | Q97: =+O97+(O97*5.1%) -> 4309.1 | R97: =+H97*Q97 -> 43091 | S97: 20140 | T97: =+H97*S97 -> 201400 | U97: 20000 | V97: =+H97*U97 -> 200000 | W97: 20000 | X97: =+H97*W97 -> 200000 | Z97: =+I97 -> 3474 | AA97: =+K97 -> 3654.648 | AB97: =+M97 -> 3841.035 | AC97: =+O97 -> 4100 | AD97: =+Q97 -> 4309.1 | AE97: =+S97 -> 20140 | AF97: =+U97 -> 20000 | AG97: =+W97 -> 20000 | AI97: {=+MIN(IF(Z97:AG97>0,Z97:AG97))} -> 3474 | AJ97: {=MAX(IF(Z97:AG97>0,Z97:AG97))} -> 20140 | AK97: {=ROUND(AVERAGE(IF(Z97:AG97>0,Z97:AG97)),0)} -> 9940 | AL97: =+AVERAGE(AI97,AK97) -> 6707 | AM97: =ROUND(MEDIAN(Z97,AD97,AE97,AF97,AG97),0) -> 20000 | AN97: =ROUND(GEOMEAN(Z97,AD97,AE97,AF97,AG97),0) -> 10382 | AO97: =ROUND(TRIMMEAN(Z97:AG97,$AO$3),0) -> 9940 | AP97: =ROUND(HARMEAN(Z97:AG97),0) -> 5527 | AQ97: {=STDEVA(IF(Z97:AG97>0,Z97:AG97))} -> 8373.1886 | AS97: =_xlfn.XLOOKUP(AT97,AK97:AQ97,$AK$8:$AQ$8,0) -> Media Armónica | AT97: =+MIN(AK97:AP97) -> 5527 | AU97: =+AT97*H97 -> 55270 | AV97: =+AU97*3 -> 165810 | AW97: 10 | AX97: =+AW97-H97 -> 0
B98: 80 | C98: Termonebulizacion | D98: IF GIRARDOT | E98: GIRARDOT - CUNDINAMARCA | F98: Calle 1ª del Comercio | G98: M2 | H98: 10 | I98: 3474 | J98: =+H98*I98 -> 34740 | K98: =+I98+(I98*5.2%) -> 3654.648 | L98: =+H98*K98 -> 36546.48 | M98: =+K98+(K98*5.1%) -> 3841.035 | N98: =+H98*M98 -> 38410.35 | O98: 4100 | P98: =+H98*O98 -> 41000 | Q98: =+O98+(O98*5.1%) -> 4309.1 | R98: =+H98*Q98 -> 43091 | S98: 20140 | T98: =+H98*S98 -> 201400 | U98: 20000 | V98: =+H98*U98 -> 200000 | W98: 20000 | X98: =+H98*W98 -> 200000 | Z98: =+I98 -> 3474 | AA98: =+K98 -> 3654.648 | AB98: =+M98 -> 3841.035 | AC98: =+O98 -> 4100 | AD98: =+Q98 -> 4309.1 | AE98: =+S98 -> 20140 | AF98: =+U98 -> 20000 | AG98: =+W98 -> 20000 | AI98: {=+MIN(IF(Z98:AG98>0,Z98:AG98))} -> 3474 | AJ98: {=MAX(IF(Z98:AG98>0,Z98:AG98))} -> 20140 | AK98: {=ROUND(AVERAGE(IF(Z98:AG98>0,Z98:AG98)),0)} -> 9940 | AL98: =+AVERAGE(AI98,AK98) -> 6707 | AM98: =ROUND(MEDIAN(Z98,AD98,AE98,AF98,AG98),0) -> 20000 | AN98: =ROUND(GEOMEAN(Z98,AD98,AE98,AF98,AG98),0) -> 10382 | AO98: =ROUND(TRIMMEAN(Z98:AG98,$AO$3),0) -> 9940 | AP98: =ROUND(HARMEAN(Z98:AG98),0) -> 5527 | AQ98: {=STDEVA(IF(Z98:AG98>0,Z98:AG98))} -> 8373.1886 | AS98: =_xlfn.XLOOKUP(AT98,AK98:AQ98,$AK$8:$AQ$8,0) -> Media Armónica | AT98: =+MIN(AK98:AP98) -> 5527 | AU98: =+AT98*H98 -> 55270 | AV98: =+AU98*3 -> 165810 | AW98: 10 | AX98: =+AW98-H98 -> 0
B99: 81 | C99: Termonebulizacion | D99: IF GUARANDA | E99: GUARANDA - SUCRE | F99: Calle 23 N° 6-95 Barrio Cubis Margen Izquierda del Rio San Juan | G99: M2 | H99: 10 | I99: 3474 | J99: =+H99*I99 -> 34740 | K99: =+I99+(I99*5.2%) -> 3654.648 | L99: =+H99*K99 -> 36546.48 | M99: =+K99+(K99*5.1%) -> 3841.035 | N99: =+H99*M99 -> 38410.35 | O99: 4100 | P99: =+H99*O99 -> 41000 | Q99: =+O99+(O99*5.1%) -> 4309.1 | R99: =+H99*Q99 -> 43091 | S99: 20140 | T99: =+H99*S99 -> 201400 | U99: 20000 | V99: =+H99*U99 -> 200000 | W99: 20000 | X99: =+H99*W99 -> 200000 | Z99: =+I99 -> 3474 | AA99: =+K99 -> 3654.648 | AB99: =+M99 -> 3841.035 | AC99: =+O99 -> 4100 | AD99: =+Q99 -> 4309.1 | AE99: =+S99 -> 20140 | AF99: =+U99 -> 20000 | AG99: =+W99 -> 20000 | AI99: {=+MIN(IF(Z99:AG99>0,Z99:AG99))} -> 3474 | AJ99: {=MAX(IF(Z99:AG99>0,Z99:AG99))} -> 20140 | AK99: {=ROUND(AVERAGE(IF(Z99:AG99>0,Z99:AG99)),0)} -> 9940 | AL99: =+AVERAGE(AI99,AK99) -> 6707 | AM99: =ROUND(MEDIAN(Z99,AD99,AE99,AF99,AG99),0) -> 20000 | AN99: =ROUND(GEOMEAN(Z99,AD99,AE99,AF99,AG99),0) -> 10382 | AO99: =ROUND(TRIMMEAN(Z99:AG99,$AO$3),0) -> 9940 | AP99: =ROUND(HARMEAN(Z99:AG99),0) -> 5527 | AQ99: {=STDEVA(IF(Z99:AG99>0,Z99:AG99))} -> 8373.1886 | AS99: =_xlfn.XLOOKUP(AT99,AK99:AQ99,$AK$8:$AQ$8,0) -> Media Armónica | AT99: =+MIN(AK99:AP99) -> 5527 | AU99: =+AT99*H99 -> 55270 | AV99: =+AU99*3 -> 165810 | AW99: 10 | AX99: =+AW99-H99 -> 0
B100: 82 | C100: Termonebulizacion | D100: IF GUATAPE | E100: GUATAPE-ANTIOQUIA | F100: Carrera. 31 No. 31 - 28, Segundo piso Camara de Comercio | G100: M2 | H100: 10 | I100: 3474 | J100: =+H100*I100 -> 34740 | K100: =+I100+(I100*5.2%) -> 3654.648 | L100: =+H100*K100 -> 36546.48 | M100: =+K100+(K100*5.1%) -> 3841.035 | N100: =+H100*M100 -> 38410.35 | O100: 4100 | P100: =+H100*O100 -> 41000 | Q100: =+O100+(O100*5.1%) -> 4309.1 | R100: =+H100*Q100 -> 43091 | S100: 20140 | T100: =+H100*S100 -> 201400 | U100: 20000 | V100: =+H100*U100 -> 200000 | W100: 20000 | X100: =+H100*W100 -> 200000 | Z100: =+I100 -> 3474 | AA100: =+K100 -> 3654.648 | AB100: =+M100 -> 3841.035 | AC100: =+O100 -> 4100 | AD100: =+Q100 -> 4309.1 | AE100: =+S100 -> 20140 | AF100: =+U100 -> 20000 | AG100: =+W100 -> 20000 | AI100: {=+MIN(IF(Z100:AG100>0,Z100:AG100))} -> 3474 | AJ100: {=MAX(IF(Z100:AG100>0,Z100:AG100))} -> 20140 | AK100: {=ROUND(AVERAGE(IF(Z100:AG100>0,Z100:AG100)),0)} -> 9940 | AL100: =+AVERAGE(AI100,AK100) -> 6707 | AM100: =ROUND(MEDIAN(Z100,AD100,AE100,AF100,AG100),0) -> 20000 | AN100: =ROUND(GEOMEAN(Z100,AD100,AE100,AF100,AG100),0) -> 10382 | AO100: =ROUND(TRIMMEAN(Z100:AG100,$AO$3),0) -> 9940 | AP100: =ROUND(HARMEAN(Z100:AG100),0) -> 5527 | AQ100: {=STDEVA(IF(Z100:AG100>0,Z100:AG100))} -> 8373.1886 | AS100: =_xlfn.XLOOKUP(AT100,AK100:AQ100,$AK$8:$AQ$8,0) -> Media Armónica | AT100: =+MIN(AK100:AP100) -> 5527 | AU100: =+AT100*H100 -> 55270 | AV100: =+AU100*3 -> 165810 | AW100: 10 | AX100: =+AW100-H100 -> 0
... B105: 87 | C105: Termonebulizacion | D105: IF MAGANGUE | E105: MAGANGUÉ - BOLIVAR | F105: Calle 55 No. 6 - 195 | G105: M2 | H105: 18 | I105: 3474 | J105: =+H105*I105 -> 62532 | K105: =+I105+(I105*5.2%) -> 3654.648 | L105: =+H105*K105 -> 65783.664 | M105: =+K105+(K105*5.1%) -> 3841.035 | N105: =+H105*M105 -> 69138.631 | O105: 4100 | P105: =+H105*O105 -> 73800 | Q105: =+O105+(O105*5.1%) -> 4309.1 | R105: =+H105*Q105 -> 77563.8 | S105: 20140 | T105: =+H105*S105 -> 362520 | U105: 20000 | V105: =+H105*U105 -> 360000 | W105: 20000 | X105: =+H105*W105 -> 360000 | Z105: =+I105 -> 3474 | AA105: =+K105 -> 3654.648 | AB105: =+M105 -> 3841.035 | AC105: =+O105 -> 4100 | AD105: =+Q105 -> 4309.1 | AE105: =+S105 -> 20140 | AF105: =+U105 -> 20000 | AG105: =+W105 -> 20000 | AI105: {=+MIN(IF(Z105:AG105>0,Z105:AG105))} -> 3474 | AJ105: {=MAX(IF(Z105:AG105>0,Z105:AG105))} -> 20140 | AK105: {=ROUND(AVERAGE(IF(Z105:AG105>0,Z105:AG105)),0)} -> 9940 | AL105: =+AVERAGE(AI105,AK105) -> 6707 | AM105: =ROUND(MEDIAN(Z105,AD105,AE105,AF105,AG105),0) -> 20000 | AN105: =ROUND(GEOMEAN(Z105,AD105,AE105,AF105,AG105),0) -> 10382 | AO105: =ROUND(TRIMMEAN(Z105:AG105,$AO$3),0) -> 9940 | AP105: =ROUND(HARMEAN(Z105:AG105),0) -> 5527 | AQ105: {=STDEVA(IF(Z105:AG105>0,Z105:AG105))} -> 8373.1886 | AS105: =_xlfn.XLOOKUP(AT105,AK105:AQ105,$AK$8:$AQ$8,0) -> Media Armónica | AT105: =+MIN(AK105:AP105) -> 5527 | AU105: =+AT105*H105 -> 99486 | AV105: =+AU105*3 -> 298458 | AW105: 18 | AX105: =+AW105-H105 -> 0
B106: 88 | C106: Termonebulizacion | D106: IF PUERTO ASIS | F106: Carrera 1ª No. 50 -02 | G106: M2 | H106: 26 | I106: 3474 | J106: =+H106*I106 -> 90324 | K106: =+I106+(I106*5.2%) -> 3654.648 | L106: =+H106*K106 -> 95020.848 | M106: =+K106+(K106*5.1%) -> 3841.035 | N106: =+H106*M106 -> 99866.911 | O106: 4100 | P106: =+H106*O106 -> 106600 | Q106: =+O106+(O106*5.1%) -> 4309.1 | R106: =+H106*Q106 -> 112036.6 | S106: 20140 | T106: =+H106*S106 -> 523640 | U106: 20000 | V106: =+H106*U106 -> 520000 | W106: 20000 | X106: =+H106*W106 -> 520000 | Z106: =+I106 -> 3474 | AA106: =+K106 -> 3654.648 | AB106: =+M106 -> 3841.035 | AC106: =+O106 -> 4100 | AD106: =+Q106 -> 4309.1 | AE106: =+S106 -> 20140 | AF106: =+U106 -> 20000 | AG106: =+W106 -> 20000 | AI106: {=+MIN(IF(Z106:AG106>0,Z106:AG106))} -> 3474 | AJ106: {=MAX(IF(Z106:AG106>0,Z106:AG106))} -> 20140 | AK106: {=ROUND(AVERAGE(IF(Z106:AG106>0,Z106:AG106)),0)} -> 9940 | AL106: =+AVERAGE(AI106,AK106) -> 6707 | AM106: =ROUND(MEDIAN(Z106,AD106,AE106,AF106,AG106),0) -> 20000 | AN106: =ROUND(GEOMEAN(Z106,AD106,AE106,AF106,AG106),0) -> 10382 | AO106: =ROUND(TRIMMEAN(Z106:AG106,$AO$3),0) -> 9940 | AP106: =ROUND(HARMEAN(Z106:AG106),0) -> 5527 | AQ106: {=STDEVA(IF(Z106:AG106>0,Z106:AG106))} -> 8373.1886 | AS106: =_xlfn.XLOOKUP(AT106,AK106:AQ106,$AK$8:$AQ$8,0) -> Media Armónica | AT106: =+MIN(AK106:AP106) -> 5527 | AU106: =+AT106*H106 -> 143702 | AV106: =+AU106*3 -> 431106 | AW106: 26 | AX106: =+AW106-H106 -> 0
B107: 89 | C107: Termonebulizacion | D107: IF PUERTO BERRIO | E107: PUERTO BERRIO - ANTIOQUIA | F107: Carrera 1ª No.7-137 - Muelle Fluvial - | G107: M2 | H107: 10 | I107: 3474 | J107: =+H107*I107 -> 34740 | K107: =+I107+(I107*5.2%) -> 3654.648 | L107: =+H107*K107 -> 36546.48 | M107: =+K107+(K107*5.1%) -> 3841.035 | N107: =+H107*M107 -> 38410.35 | O107: 4100 | P107: =+H107*O107 -> 41000 | Q107: =+O107+(O107*5.1%) -> 4309.1 | R107: =+H107*Q107 -> 43091 | S107: 20140 | T107: =+H107*S107 -> 201400 | U107: 20000 | V107: =+H107*U107 -> 200000 | W107: 20000 | X107: =+H107*W107 -> 200000 | Z107: =+I107 -> 3474 | AA107: =+K107 -> 3654.648 | AB107: =+M107 -> 3841.035 | AC107: =+O107 -> 4100 | AD107: =+Q107 -> 4309.1 | AE107: =+S107 -> 20140 | AF107: =+U107 -> 20000 | AG107: =+W107 -> 20000 | AI107: {=+MIN(IF(Z107:AG107>0,Z107:AG107))} -> 3474 | AJ107: {=MAX(IF(Z107:AG107>0,Z107:AG107))} -> 20140 | AK107: {=ROUND(AVERAGE(IF(Z107:AG107>0,Z107:AG107)),0)} -> 9940 | AL107: =+AVERAGE(AI107,AK107) -> 6707 | AM107: =ROUND(MEDIAN(Z107,AD107,AE107,AF107,AG107),0) -> 20000 | AN107: =ROUND(GEOMEAN(Z107,AD107,AE107,AF107,AG107),0) -> 10382 | AO107: =ROUND(TRIMMEAN(Z107:AG107,$AO$3),0) -> 9940 | AP107: =ROUND(HARMEAN(Z107:AG107),0) -> 5527 | AQ107: {=STDEVA(IF(Z107:AG107>0,Z107:AG107))} -> 8373.1886 | AS107: =_xlfn.XLOOKUP(AT107,AK107:AQ107,$AK$8:$AQ$8,0) -> Media Armónica | AT107: =+MIN(AK107:AP107) -> 5527 | AU107: =+AT107*H107 -> 55270 | AV107: =+AU107*3 -> 165810 | AW107: 10 | AX107: =+AW107-H107 -> 0
B108: 90 | C108: Termonebulizacion | D108: IF PUERTO CARREÑO | E108: PUERTO CARREÑO - VICHADA | F108: Carrera 2 N° 11 -53 | G108: M2 | H108: 10 | I108: 3474 | J108: =+H108*I108 -> 34740 | K108: =+I108+(I108*5.2%) -> 3654.648 | L108: =+H108*K108 -> 36546.48 | M108: =+K108+(K108*5.1%) -> 3841.035 | N108: =+H108*M108 -> 38410.35 | O108: 4100 | P108: =+H108*O108 -> 41000 | Q108: =+O108+(O108*5.1%) -> 4309.1 | R108: =+H108*Q108 -> 43091 | S108: 20140 | T108: =+H108*S108 -> 201400 | U108: 20000 | V108: =+H108*U108 -> 200000 | W108: 20000 | X108: =+H108*W108 -> 200000 | Z108: =+I108 -> 3474 | AA108: =+K108 -> 3654.648 | AB108: =+M108 -> 3841.035 | AC108: =+O108 -> 4100 | AD108: =+Q108 -> 4309.1 | AE108: =+S108 -> 20140 | AF108: =+U108 -> 20000 | AG108: =+W108 -> 20000 | AI108: {=+MIN(IF(Z108:AG108>0,Z108:AG108))} -> 3474 | AJ108: {=MAX(IF(Z108:AG108>0,Z108:AG108))} -> 20140 | AK108: {=ROUND(AVERAGE(IF(Z108:AG108>0,Z108:AG108)),0)} -> 9940 | AL108: =+AVERAGE(AI108,AK108) -> 6707 | AM108: =ROUND(MEDIAN(Z108,AD108,AE108,AF108,AG108),0) -> 20000 | AN108: =ROUND(GEOMEAN(Z108,AD108,AE108,AF108,AG108),0) -> 10382 | AO108: =ROUND(TRIMMEAN(Z108:AG108,$AO$3),0) -> 9940 | AP108: =ROUND(HARMEAN(Z108:AG108),0) -> 5527 | AQ108: {=STDEVA(IF(Z108:AG108>0,Z108:AG108))} -> 8373.1886 | AS108: =_xlfn.XLOOKUP(AT108,AK108:AQ108,$AK$8:$AQ$8,0) -> Media Armónica | AT108: =+MIN(AK108:AP108) -> 5527 | AU108: =+AT108*H108 -> 55270 | AV108: =+AU108*3 -> 165810 | AW108: 10 | AX108: =+AW108-H108 -> 0
B109: 91 | C109: Termonebulizacion | D109: IF PUERTO GAITÁN | E109: PUERTO GAITÁN - META | F109: Muelle Fluvial | G109: M2 | H109: 14 | I109: 3474 | J109: =+H109*I109 -> 48636 | K109: =+I109+(I109*5.2%) -> 3654.648 | L109: =+H109*K109 -> 51165.072 | M109: =+K109+(K109*5.1%) -> 3841.035 | N109: =+H109*M109 -> 53774.491 | O109: 4100 | P109: =+H109*O109 -> 57400 | Q109: =+O109+(O109*5.1%) -> 4309.1 | R109: =+H109*Q109 -> 60327.4 | S109: 20140 | T109: =+H109*S109 -> 281960 | U109: 20000 | V109: =+H109*U109 -> 280000 | W109: 20000 | X109: =+H109*W109 -> 280000 | Z109: =+I109 -> 3474 | AA109: =+K109 -> 3654.648 | AB109: =+M109 -> 3841.035 | AC109: =+O109 -> 4100 | AD109: =+Q109 -> 4309.1 | AE109: =+S109 -> 20140 | AF109: =+U109 -> 20000 | AG109: =+W109 -> 20000 | AI109: {=+MIN(IF(Z109:AG109>0,Z109:AG109))} -> 3474 | AJ109: {=MAX(IF(Z109:AG109>0,Z109:AG109))} -> 20140 | AK109: {=ROUND(AVERAGE(IF(Z109:AG109>0,Z109:AG109)),0)} -> 9940 | AL109: =+AVERAGE(AI109,AK109) -> 6707 | AM109: =ROUND(MEDIAN(Z109,AD109,AE109,AF109,AG109),0) -> 20000 | AN109: =ROUND(GEOMEAN(Z109,AD109,AE109,AF109,AG109),0) -> 10382 | AO109: =ROUND(TRIMMEAN(Z109:AG109,$AO$3),0) -> 9940 | AP109: =ROUND(HARMEAN(Z109:AG109),0) -> 5527 | AQ109: {=STDEVA(IF(Z109:AG109>0,Z109:AG109))} -> 8373.1886 | AS109: =_xlfn.XLOOKUP(AT109,AK109:AQ109,$AK$8:$AQ$8,0) -> Media Armónica | AT109: =+MIN(AK109:AP109) -> 5527 | AU109: =+AT109*H109 -> 77378 | AV109: =+AU109*3 -> 232134 | AW109: 14 | AX109: =+AW109-H109 -> 0
B110: 92 | C110: Termonebulizacion | D110: IF PUERTO INÍRIDA | E110: PUERTO INÍRIDA - GUAINIA | F110: Carrera 3 #3-57, Barrio Centro del municipio de Puerto Leguizamo | G110: M2 | H110: 10 | I110: 3474 | J110: =+H110*I110 -> 34740 | K110: =+I110+(I110*5.2%) -> 3654.648 | L110: =+H110*K110 -> 36546.48 | M110: =+K110+(K110*5.1%) -> 3841.035 | N110: =+H110*M110 -> 38410.35 | O110: 4100 | P110: =+H110*O110 -> 41000 | Q110: =+O110+(O110*5.1%) -> 4309.1 | R110: =+H110*Q110 -> 43091 | S110: 20140 | T110: =+H110*S110 -> 201400 | U110: 20000 | V110: =+H110*U110 -> 200000 | W110: 20000 | X110: =+H110*W110 -> 200000 | Z110: =+I110 -> 3474 | AA110: =+K110 -> 3654.648 | AB110: =+M110 -> 3841.035 | AC110: =+O110 -> 4100 | AD110: =+Q110 -> 4309.1 | AE110: =+S110 -> 20140 | AF110: =+U110 -> 20000 | AG110: =+W110 -> 20000 | AI110: {=+MIN(IF(Z110:AG110>0,Z110:AG110))} -> 3474 | AJ110: {=MAX(IF(Z110:AG110>0,Z110:AG110))} -> 20140 | AK110: {=ROUND(AVERAGE(IF(Z110:AG110>0,Z110:AG110)),0)} -> 9940 | AL110: =+AVERAGE(AI110,AK110) -> 6707 | AM110: =ROUND(MEDIAN(Z110,AD110,AE110,AF110,AG110),0) -> 20000 | AN110: =ROUND(GEOMEAN(Z110,AD110,AE110,AF110,AG110),0) -> 10382 | AO110: =ROUND(TRIMMEAN(Z110:AG110,$AO$3),0) -> 9940 | AP110: =ROUND(HARMEAN(Z110:AG110),0) -> 5527 | AQ110: {=STDEVA(IF(Z110:AG110>0,Z110:AG110))} -> 8373.1886 | AS110: =_xlfn.XLOOKUP(AT110,AK110:AQ110,$AK$8:$AQ$8,0) -> Media Armónica | AT110: =+MIN(AK110:AP110) -> 5527 | AU110: =+AT110*H110 -> 55270 | AV110: =+AU110*3 -> 165810 | AW110: 10 | AX110: =+AW110-H110 -> 0
B111: 93 | C111: Termonebulizacion | D111: IF PUERTO LEGUIZAMO | E111: PUERTO LEGUIZAMO - PUTUMAYO | F111: Carrera 3 No. 6 - 32 | G111: M2 | H111: 10 | I111: 3474 | J111: =+H111*I111 -> 34740 | K111: =+I111+(I111*5.2%) -> 3654.648 | L111: =+H111*K111 -> 36546.48 | M111: =+K111+(K111*5.1%) -> 3841.035 | N111: =+H111*M111 -> 38410.35 | O111: 4100 | P111: =+H111*O111 -> 41000 | Q111: =+O111+(O111*5.1%) -> 4309.1 | R111: =+H111*Q111 -> 43091 | S111: 20140 | T111: =+H111*S111 -> 201400 | U111: 20000 | V111: =+H111*U111 -> 200000 | W111: 20000 | X111: =+H111*W111 -> 200000 | Z111: =+I111 -> 3474 | AA111: =+K111 -> 3654.648 | AB111: =+M111 -> 3841.035 | AC111: =+O111 -> 4100 | AD111: =+Q111 -> 4309.1 | AE111: =+S111 -> 20140 | AF111: =+U111 -> 20000 | AG111: =+W111 -> 20000 | AI111: {=+MIN(IF(Z111:AG111>0,Z111:AG111))} -> 3474 | AJ111: {=MAX(IF(Z111:AG111>0,Z111:AG111))} -> 20140 | AK111: {=ROUND(AVERAGE(IF(Z111:AG111>0,Z111:AG111)),0)} -> 9940 | AL111: =+AVERAGE(AI111,AK111) -> 6707 | AM111: =ROUND(MEDIAN(Z111,AD111,AE111,AF111,AG111),0) -> 20000 | AN111: =ROUND(GEOMEAN(Z111,AD111,AE111,AF111,AG111),0) -> 10382 | AO111: =ROUND(TRIMMEAN(Z111:AG111,$AO$3),0) -> 9940 | AP111: =ROUND(HARMEAN(Z111:AG111),0) -> 5527 | AQ111: {=STDEVA(IF(Z111:AG111>0,Z111:AG111))} -> 8373.1886 | AS111: =_xlfn.XLOOKUP(AT111,AK111:AQ111,$AK$8:$AQ$8,0) -> Media Armónica | AT111: =+MIN(AK111:AP111) -> 5527 | AU111: =+AT111*H111 -> 55270 | AV111: =+AU111*3 -> 165810 | AW111: 10 | AX111: =+AW111-H111 -> 0
B112: 94 | C112: Termonebulizacion | D112: IF PUERTO LOPEZ | E112: PUERTO LOPEZ - META | F112: Cra. 14 No. 17B-275 Barrio Primero de Mayo | G112: M2 | H112: 9 | I112: 3474 | J112: =+H112*I112 -> 31266 | K112: =+I112+(I112*5.2%) -> 3654.648 | L112: =+H112*K112 -> 32891.832 | M112: =+K112+(K112*5.1%) -> 3841.035 | N112: =+H112*M112 -> 34569.315 | O112: 4100 | P112: =+H112*O112 -> 36900 | Q112: =+O112+(O112*5.1%) -> 4309.1 | R112: =+H112*Q112 -> 38781.9 | S112: 20140 | T112: =+H112*S112 -> 181260 | U112: 20000 | V112: =+H112*U112 -> 180000 | W112: 20000 | X112: =+H112*W112 -> 180000 | Z112: =+I112 -> 3474 | AA112: =+K112 -> 3654.648 | AB112: =+M112 -> 3841.035 | AC112: =+O112 -> 4100 | AD112: =+Q112 -> 4309.1 | AE112: =+S112 -> 20140 | AF112: =+U112 -> 20000 | AG112: =+W112 -> 20000 | AI112: {=+MIN(IF(Z112:AG112>0,Z112:AG112))} -> 3474 | AJ112: {=MAX(IF(Z112:AG112>0,Z112:AG112))} -> 20140 | AK112: {=ROUND(AVERAGE(IF(Z112:AG112>0,Z112:AG112)),0)} -> 9940 | AL112: =+AVERAGE(AI112,AK112) -> 6707 | AM112: =ROUND(MEDIAN(Z112,AD112,AE112,AF112,AG112),0) -> 20000 | AN112: =ROUND(GEOMEAN(Z112,AD112,AE112,AF112,AG112),0) -> 10382 | AO112: =ROUND(TRIMMEAN(Z112:AG112,$AO$3),0) -> 9940 | AP112: =ROUND(HARMEAN(Z112:AG112),0) -> 5527 | AQ112: {=STDEVA(IF(Z112:AG112>0,Z112:AG112))} -> 8373.1886 | AS112: =_xlfn.XLOOKUP(AT112,AK112:AQ112,$AK$8:$AQ$8,0) -> Media Armónica | AT112: =+MIN(AK112:AP112) -> 5527 | AU112: =+AT112*H112 -> 49743 | AV112: =+AU112*3 -> 149229 | AW112: 9 | AX112: =+AW112-H112 -> 0
B113: 95 | C113: Termonebulizacion | D113: IF PUERTO SALGAR | E113: PUERTO SALGAR - CUNDINAMARCA | F113: Carrera 1 No. 24 - 10 | G113: M2 | H113: 27 | I113: 3474 | J113: =+H113*I113 -> 93798 | K113: =+I113+(I113*5.2%) -> 3654.648 | L113: =+H113*K113 -> 98675.496 | M113: =+K113+(K113*5.1%) -> 3841.035 | N113: =+H113*M113 -> 103707.95 | O113: 4100 | P113: =+H113*O113 -> 110700 | Q113: =+O113+(O113*5.1%) -> 4309.1 | R113: =+H113*Q113 -> 116345.7 | S113: 20140 | T113: =+H113*S113 -> 543780 | U113: 20000 | V113: =+H113*U113 -> 540000 | W113: 20000 | X113: =+H113*W113 -> 540000 | Z113: =+I113 -> 3474 | AA113: =+K113 -> 3654.648 | AB113: =+M113 -> 3841.035 | AC113: =+O113 -> 4100 | AD113: =+Q113 -> 4309.1 | AE113: =+S113 -> 20140 | AF113: =+U113 -> 20000 | AG113: =+W113 -> 20000 | AI113: {=+MIN(IF(Z113:AG113>0,Z113:AG113))} -> 3474 | AJ113: {=MAX(IF(Z113:AG113>0,Z113:AG113))} -> 20140 | AK113: {=ROUND(AVERAGE(IF(Z113:AG113>0,Z113:AG113)),0)} -> 9940 | AL113: =+AVERAGE(AI113,AK113) -> 6707 | AM113: =ROUND(MEDIAN(Z113,AD113,AE113,AF113,AG113),0) -> 20000 | AN113: =ROUND(GEOMEAN(Z113,AD113,AE113,AF113,AG113),0) -> 10382 | AO113: =ROUND(TRIMMEAN(Z113:AG113,$AO$3),0) -> 9940 | AP113: =ROUND(HARMEAN(Z113:AG113),0) -> 5527 | AQ113: {=STDEVA(IF(Z113:AG113>0,Z113:AG113))} -> 8373.1886 | AS113: =_xlfn.XLOOKUP(AT113,AK113:AQ113,$AK$8:$AQ$8,0) -> Media Armónica | AT113: =+MIN(AK113:AP113) -> 5527 | AU113: =+AT113*H113 -> 149229 | AV113: =+AU113*3 -> 447687 | AW113: 27 | AX113: =+AW113-H113 -> 0
B114: 101 | C114: Termonebulizacion | D114: IF QUIBDÓ | E114: QUIBDÓ - CHOCO | F114: Barrio Maket - Calle Principal | G114: M2 | H114: 5 | I114: 3474 | J114: =+H114*I114 -> 17370 | K114: =+I114+(I114*5.2%) -> 3654.648 | L114: =+H114*K114 -> 18273.24 | M114: =+K114+(K114*5.1%) -> 3841.035 | N114: =+H114*M114 -> 19205.175 | O114: 4100 | P114: =+H114*O114 -> 20500 | Q114: =+O114+(O114*5.1%) -> 4309.1 | R114: =+H114*Q114 -> 21545.5 | S114: 20140 | T114: =+H114*S114 -> 100700 | U114: 20000 | V114: =+H114*U114 -> 100000 | W114: 20000 | X114: =+H114*W114 -> 100000 | Z114: =+I114 -> 3474 | AA114: =+K114 -> 3654.648 | AB114: =+M114 -> 3841.035 | AC114: =+O114 -> 4100 | AD114: =+Q114 -> 4309.1 | AE114: =+S114 -> 20140 | AF114: =+U114 -> 20000 | AG114: =+W114 -> 20000 | AI114: {=+MIN(IF(Z114:AG114>0,Z114:AG114))} -> 3474 | AJ114: {=MAX(IF(Z114:AG114>0,Z114:AG114))} -> 20140 | AK114: {=ROUND(AVERAGE(IF(Z114:AG114>0,Z114:AG114)),0)} -> 9940 | AL114: =+AVERAGE(AI114,AK114) -> 6707 | AM114: =ROUND(MEDIAN(Z114,AD114,AE114,AF114,AG114),0) -> 20000 | AN114: =ROUND(GEOMEAN(Z114,AD114,AE114,AF114,AG114),0) -> 10382 | AO114: =ROUND(TRIMMEAN(Z114:AG114,$AO$3),0) -> 9940 | AP114: =ROUND(HARMEAN(Z114:AG114),0) -> 5527 | AQ114: {=STDEVA(IF(Z114:AG114>0,Z114:AG114))} -> 8373.1886 | AS114: =_xlfn.XLOOKUP(AT114,AK114:AQ114,$AK$8:$AQ$8,0) -> Media Armónica | AT114: =+MIN(AK114:AP114) -> 5527 | AU114: =+AT114*H114 -> 27635 | AV114: =+AU114*3 -> 82905 | AW114: 5 | AX114: =+AW114-H114 -> 0
B115: 102 | C115: Termonebulizacion | D115: IF RIOSUCIO | E115: RIOSUCIO - CHOCO | F115: Calle 21 N°5-15/23 Centro Muelle Fluvial | G115: M2 | H115: 13 | I115: 3474 | J115: =+H115*I115 -> 45162 | K115: =+I115+(I115*5.2%) -> 3654.648 | L115: =+H115*K115 -> 47510.424 | M115: =+K115+(K115*5.1%) -> 3841.035 | N115: =+H115*M115 -> 49933.456 | O115: 4100 | P115: =+H115*O115 -> 53300 | Q115: =+O115+(O115*5.1%) -> 4309.1 | R115: =+H115*Q115 -> 56018.3 | S115: 20140 | T115: =+H115*S115 -> 261820 | U115: 20000 | V115: =+H115*U115 -> 260000 | W115: 20000 | X115: =+H115*W115 -> 260000 | Z115: =+I115 -> 3474 | AA115: =+K115 -> 3654.648 | AB115: =+M115 -> 3841.035 | AC115: =+O115 -> 4100 | AD115: =+Q115 -> 4309.1 | AE115: =+S115 -> 20140 | AF115: =+U115 -> 20000 | AG115: =+W115 -> 20000 | AI115: {=+MIN(IF(Z115:AG115>0,Z115:AG115))} -> 3474 | AJ115: {=MAX(IF(Z115:AG115>0,Z115:AG115))} -> 20140 | AK115: {=ROUND(AVERAGE(IF(Z115:AG115>0,Z115:AG115)),0)} -> 9940 | AL115: =+AVERAGE(AI115,AK115) -> 6707 | AM115: =ROUND(MEDIAN(Z115,AD115,AE115,AF115,AG115),0) -> 20000 | AN115: =ROUND(GEOMEAN(Z115,AD115,AE115,AF115,AG115),0) -> 10382 | AO115: =ROUND(TRIMMEAN(Z115:AG115,$AO$3),0) -> 9940 | AP115: =ROUND(HARMEAN(Z115:AG115),0) -> 5527 | AQ115: {=STDEVA(IF(Z115:AG115>0,Z115:AG115))} -> 8373.1886 | AS115: =_xlfn.XLOOKUP(AT115,AK115:AQ115,$AK$8:$AQ$8,0) -> Media Armónica | AT115: =+MIN(AK115:AP115) -> 5527 | AU115: =+AT115*H115 -> 71851 | AV115: =+AU115*3 -> 215553 | AW115: 13 | AX115: =+AW115-H115 -> 0
B116: 103 | C116: Termonebulizacion | D116: IF SAN JOSE DE GUAVIARE | E116: SAN JOSE DE GUAVIARE - GUAVIARE | F116: Calle 6 # 2 – 52/56 en la ciudad de Solano - Caquetá | G116: M2 | H116: 10 | I116: 3474 | J116: =+H116*I116 -> 34740 | K116: =+I116+(I116*5.2%) -> 3654.648 | L116: =+H116*K116 -> 36546.48 | M116: =+K116+(K116*5.1%) -> 3841.035 | N116: =+H116*M116 -> 38410.35 | O116: 4100 | P116: =+H116*O116 -> 41000 | Q116: =+O116+(O116*5.1%) -> 4309.1 | R116: =+H116*Q116 -> 43091 | S116: 20140 | T116: =+H116*S116 -> 201400 | U116: 20000 | V116: =+H116*U116 -> 200000 | W116: 20000 | X116: =+H116*W116 -> 200000 | Z116: =+I116 -> 3474 | AA116: =+K116 -> 3654.648 | AB116: =+M116 -> 3841.035 | AC116: =+O116 -> 4100 | AD116: =+Q116 -> 4309.1 | AE116: =+S116 -> 20140 | AF116: =+U116 -> 20000 | AG116: =+W116 -> 20000 | AI116: {=+MIN(IF(Z116:AG116>0,Z116:AG116))} -> 3474 | AJ116: {=MAX(IF(Z116:AG116>0,Z116:AG116))} -> 20140 | AK116: {=ROUND(AVERAGE(IF(Z116:AG116>0,Z116:AG116)),0)} -> 9940 | AL116: =+AVERAGE(AI116,AK116) -> 6707 | AM116: =ROUND(MEDIAN(Z116,AD116,AE116,AF116,AG116),0) -> 20000 | AN116: =ROUND(GEOMEAN(Z116,AD116,AE116,AF116,AG116),0) -> 10382 | AO116: =ROUND(TRIMMEAN(Z116:AG116,$AO$3),0) -> 9940 | AP116: =ROUND(HARMEAN(Z116:AG116),0) -> 5527 | AQ116: {=STDEVA(IF(Z116:AG116>0,Z116:AG116))} -> 8373.1886 | AS116: =_xlfn.XLOOKUP(AT116,AK116:AQ116,$AK$8:$AQ$8,0) -> Media Armónica | AT116: =+MIN(AK116:AP116) -> 5527 | AU116: =+AT116*H116 -> 55270 | AV116: =+AU116*3 -> 165810 | AW116: 10 | AX116: =+AW116-H116 -> 0
B117: 104 | C117: Termonebulizacion | D117: IF SOLANO | E117: SOLANO - CAQUETA | F117: Calle 100 No. 12 - 65. Edificio El Pirata. Local 2 | G117: M2 | H117: 10 | I117: 3474 | J117: =+H117*I117 -> 34740 | K117: =+I117+(I117*5.2%) -> 3654.648 | L117: =+H117*K117 -> 36546.48 | M117: =+K117+(K117*5.1%) -> 3841.035 | N117: =+H117*M117 -> 38410.35 | O117: 4100 | P117: =+H117*O117 -> 41000 | Q117: =+O117+(O117*5.1%) -> 4309.1 | R117: =+H117*Q117 -> 43091 | S117: 20140 | T117: =+H117*S117 -> 201400 | U117: 20000 | V117: =+H117*U117 -> 200000 | W117: 20000 | X117: =+H117*W117 -> 200000 | Z117: =+I117 -> 3474 | AA117: =+K117 -> 3654.648 | AB117: =+M117 -> 3841.035 | AC117: =+O117 -> 4100 | AD117: =+Q117 -> 4309.1 | AE117: =+S117 -> 20140 | AF117: =+U117 -> 20000 | AG117: =+W117 -> 20000 | AI117: {=+MIN(IF(Z117:AG117>0,Z117:AG117))} -> 3474 | AJ117: {=MAX(IF(Z117:AG117>0,Z117:AG117))} -> 20140 | AK117: {=ROUND(AVERAGE(IF(Z117:AG117>0,Z117:AG117)),0)} -> 9940 | AL117: =+AVERAGE(AI117,AK117) -> 6707 | AM117: =ROUND(MEDIAN(Z117,AD117,AE117,AF117,AG117),0) -> 20000 | AN117: =ROUND(GEOMEAN(Z117,AD117,AE117,AF117,AG117),0) -> 10382 | AO117: =ROUND(TRIMMEAN(Z117:AG117,$AO$3),0) -> 9940 | AP117: =ROUND(HARMEAN(Z117:AG117),0) -> 5527 | AQ117: {=STDEVA(IF(Z117:AG117>0,Z117:AG117))} -> 8373.1886 | AS117: =_xlfn.XLOOKUP(AT117,AK117:AQ117,$AK$8:$AQ$8,0) -> Media Armónica | AT117: =+MIN(AK117:AP117) -> 5527 | AU117: =+AT117*H117 -> 55270 | AV117: =+AU117*3 -> 165810 | AW117: 10 | AX117: =+AW117-H117 -> 0
B118: 105 | C118: Termonebulizacion | D118: IF TURBO | E118: TURBO - ANTIOQUIA | F118: Calle 40 No. 21 - 75 Instalaciones del INVIAS - Yopal, Casanare | G118: M2 | H118: 5 | I118: 3474 | J118: =+H118*I118 -> 17370 | K118: =+I118+(I118*5.2%) -> 3654.648 | L118: =+H118*K118 -> 18273.24 | M118: =+K118+(K118*5.1%) -> 3841.035 | N118: =+H118*M118 -> 19205.175 | O118: 4100 | P118: =+H118*O118 -> 20500 | Q118: =+O118+(O118*5.1%) -> 4309.1 | R118: =+H118*Q118 -> 21545.5 | S118: 20140 | T118: =+H118*S118 -> 100700 | U118: 20000 | V118: =+H118*U118 -> 100000 | W118: 20000 | X118: =+H118*W118 -> 100000 | Z118: =+I118 -> 3474 | AA118: =+K118 -> 3654.648 | AB118: =+M118 -> 3841.035 | AC118: =+O118 -> 4100 | AD118: =+Q118 -> 4309.1 | AE118: =+S118 -> 20140 | AF118: =+U118 -> 20000 | AG118: =+W118 -> 20000 | AI118: {=+MIN(IF(Z118:AG118>0,Z118:AG118))} -> 3474 | AJ118: {=MAX(IF(Z118:AG118>0,Z118:AG118))} -> 20140 | AK118: {=ROUND(AVERAGE(IF(Z118:AG118>0,Z118:AG118)),0)} -> 9940 | AL118: =+AVERAGE(AI118,AK118) -> 6707 | AM118: =ROUND(MEDIAN(Z118,AD118,AE118,AF118,AG118),0) -> 20000 | AN118: =ROUND(GEOMEAN(Z118,AD118,AE118,AF118,AG118),0) -> 10382 | AO118: =ROUND(TRIMMEAN(Z118:AG118,$AO$3),0) -> 9940 | AP118: =ROUND(HARMEAN(Z118:AG118),0) -> 5527 | AQ118: {=STDEVA(IF(Z118:AG118>0,Z118:AG118))} -> 8373.1886 | AS118: =_xlfn.XLOOKUP(AT118,AK118:AQ118,$AK$8:$AQ$8,0) -> Media Armónica | AT118: =+MIN(AK118:AP118) -> 5527 | AU118: =+AT118*H118 -> 27635 | AV118: =+AU118*3 -> 82905 | AW118: 5 | AX118: =+AW118-H118 -> 0
B119: TOTAL | H119: =SUM(H10:H118) -> 48357 | J119: =SUM(J10:J118) -> 46392892 | L119: =SUM(L10:L118) -> 48805322 | N119: =SUM(N10:N118) -> 51294394 | P119: =SUM(P10:P118) -> 56156720 | R119: =SUM(R10:R118) -> 59020713 | T119: =SUM(T10:T118) -> 232784700 | V119: =SUM(V10:V118) -> 287727000 | X119: =SUM(X10:X118) -> 217116000 | AT119: =SUM(AT10:AT118) -> 351459.5 | AU119: =SUM(AU10:AU118) -> 67520114 | AV119: =SUM(AV10:AV118) -> 202560342

Sheet Historicos
B2: FORMATO ANALISIS DE COSTOS - ESTUDIO DE MERCADO
AB3: 0.2
B6: DATOS DE INGRESO | T6: VALORES CONTRATOS HISTORICOS INDEXADOS | W6: MEDIAS ESTADISTICAS CALCULADAS | AF6: Valores unitarios Historico
B8: No. | C8: ITEM | D8: SEDE | E8: CIUDAD | F8: DIRECCION | G8: UND | H8: CANT. | I8: VALOR HISTORICO 2024 CTO 835-2024 | K8: VALOR IPC 2024 - (5.20%) CTO 835-2024 | M8: VALOR IPC 2025 ( 5.10%) CTO 835-2024 | O8: VALOR HISTORICO 2025 CTO 536-2025 | Q8: VALOR IPC 2025 5.10% CTO 536-2025 | T8: VALOR INDEXADO CTO 835-2024 | U8: VALOR INDEXADO CTO 536-2025 | W8: MIN | X8: MAX | Y8: Promedio | Z8: Mediana estadística | AA8: Media Geométrica | AB8: Media Acotada | AC8: Media Armónica | AD8: s Stdr | AF8: Medida de tendencia seleccionada | AG8: Valor Unitario
I9: VR. UNITARIO | J9: VR. TOTAL | K9: VR. UNITARIO | L9: VR. TOTAL | M9: VR. UNITARIO | N9: VR. TOTAL | O9: VR. UNITARIO | P9: VR. TOTAL | Q9: VR. UNITARIO | R9: VR. TOTAL
B10: 1 | C10: Desinfeccion, fumigacion | D10: DT ANTIOQUIA | E10: MEDELLIN - ANTIOQUIA | F10: CRA 64 C Nº 78-580 Local 245N, 246N, 247N, 248N, 249N, 250N– TERMINAL DE TRANSPORTE NORTE OFIC.250 | G10: M2 | H10: 490 | I10: 616 | J10: =+H10*I10 -> 301840 | K10: =ROUND(I10+(I10*5.2%),0) -> 648 | L10: =+H10*K10 -> 317520 | M10: =ROUND(K10+(K10*5.1%),0) -> 681 | N10: =+H10*M10 -> 333690 | O10: 760 | P10: =+H10*O10 -> 372400 | Q10: =ROUND(O10+(O10*5.1%),0) -> 799 | R10: =+H10*Q10 -> 391510 | S10: =+O10*23% -> 174.8 | T10: =+M10 -> 681 | U10: =+Q10 -> 799 | W10: {=+MIN(IF(T10:U10>0,T10:U10))} -> 681 | X10: {=MAX(IF(T10:U10>0,T10:U10))} -> 799 | Y10: {=ROUND(AVERAGE(IF(T10:U10>0,T10:U10)),0)} -> 740 | Z10: =ROUND(MEDIAN(T10,U10),0) -> 740 | AA10: =ROUND(GEOMEAN(T10,U10),0) -> 738 | AB10: =ROUND(TRIMMEAN(T10:U10,$AB$3),0) -> 740 | AC10: =ROUND(HARMEAN(T10:U10),0) -> 735 | AD10: {=STDEVA(IF(T10:U10>0,T10:U10))} -> 83.4386 | AF10: =_xlfn.XLOOKUP(AG10,X10:AD10,$X$8:$AD$8,0) -> MAX | AG10: =+MAX(X10:AC10) -> 799
B11: 2 | C11: Desinfeccion, fumigacion | D11: DT ATLANTICO | E11: BARRANQUILLA - ATLANTICO | F11: CARRERA 57 No.75-42 BARRANQUILLA | G11: M2 | H11: 1114 | I11: 616 | J11: =+H11*I11 -> 686224 | K11: =ROUND(I11+(I11*5.2%),0) -> 648 | L11: =+H11*K11 -> 721872 | M11: =ROUND(K11+(K11*5.1%),0) -> 681 | N11: =+H11*M11 -> 758634 | O11: 760 | P11: =+H11*O11 -> 846640 | Q11: =ROUND(O11+(O11*5.1%),0) -> 799 | R11: =+H11*Q11 -> 890086 | T11: =+M11 -> 681 | U11: =+Q11 -> 799 | W11: {=+MIN(IF(T11:U11>0,T11:U11))} -> 681 | X11: {=MAX(IF(T11:U11>0,T11:U11))} -> 799 | Y11: {=ROUND(AVERAGE(IF(T11:U11>0,T11:U11)),0)} -> 740 | Z11: =ROUND(MEDIAN(T11,U11),0) -> 740 | AA11: =ROUND(GEOMEAN(T11,U11),0) -> 738 | AB11: =ROUND(TRIMMEAN(T11:U11,$AB$3),0) -> 740 | AC11: =ROUND(HARMEAN(T11:U11),0) -> 735 | AD11: {=STDEVA(IF(T11:U11>0,T11:U11))} -> 83.4386 | AF11: =_xlfn.XLOOKUP(AG11,X11:AD11,$X$8:$AD$8,0) -> MAX | AG11: =+MAX(X11:AC11) -> 799
B12: 3 | C12: Desinfeccion, fumigacion | D12: DT BOLIVAR | E12: CARTAGENA - BOLIVAR | F12: Calle Candilejo y Román No. 33-41/43/47/49/57/63 (Cra. 6 No. 33-63) 3er piso | G12: M2 | H12: 835 | I12: 616 | J12: =+H12*I12 -> 514360 | K12: =ROUND(I12+(I12*5.2%),0) -> 648 | L12: =+H12*K12 -> 541080 | M12: =ROUND(K12+(K12*5.1%),0) -> 681 | N12: =+H12*M12 -> 568635 | O12: 760 | P12: =+H12*O12 -> 634600 | Q12: =ROUND(O12+(O12*5.1%),0) -> 799 | R12: =+H12*Q12 -> 667165 | T12: =+M12 -> 681 | U12: =+Q12 -> 799 | W12: {=+MIN(IF(T12:U12>0,T12:U12))} -> 681 | X12: {=MAX(IF(T12:U12>0,T12:U12))} -> 799 | Y12: {=ROUND(AVERAGE(IF(T12:U12>0,T12:U12)),0)} -> 740 | Z12: =ROUND(MEDIAN(T12,U12),0) -> 740 | AA12: =ROUND(GEOMEAN(T12,U12),0) -> 738 | AB12: =ROUND(TRIMMEAN(T12:U12,$AB$3),0) -> 740 | AC12: =ROUND(HARMEAN(T12:U12),0) -> 735 | AD12: {=STDEVA(IF(T12:U12>0,T12:U12))} -> 83.4386 | AF12: =_xlfn.XLOOKUP(AG12,X12:AD12,$X$8:$AD$8,0) -> MAX | AG12: =+MAX(X12:AC12) -> 799
B13: 4 | C13: Desinfeccion, fumigacion | D13: DT BOYACA | E13: DUITAMA - BOYACA | F13: Calle 16 No.14-68 Oficina 401-402 DUITAMA | G13: M2 | H13: 437 | I13: 616 | J13: =+H13*I13 -> 269192 | K13: =ROUND(I13+(I13*5.2%),0) -> 648 | L13: =+H13*K13 -> 283176 | M13: =ROUND(K13+(K13*5.1%),0) -> 681 | N13: =+H13*M13 -> 297597 | O13: 760 | P13: =+H13*O13 -> 332120 | Q13: =ROUND(O13+(O13*5.1%),0) -> 799 | R13: =+H13*Q13 -> 349163 | T13: =+M13 -> 681 | U13: =+Q13 -> 799 | W13: {=+MIN(IF(T13:U13>0,T13:U13))} -> 681 | X13: {=MAX(IF(T13:U13>0,T13:U13))} -> 799 | Y13: {=ROUND(AVERAGE(IF(T13:U13>0,T13:U13)),0)} -> 740 | Z13: =ROUND(MEDIAN(T13,U13),0) -> 740 | AA13: =ROUND(GEOMEAN(T13,U13),0) -> 738 | AB13: =ROUND(TRIMMEAN(T13:U13,$AB$3),0) -> 740 | AC13: =ROUND(HARMEAN(T13:U13),0) -> 735 | AD13: {=STDEVA(IF(T13:U13>0,T13:U13))} -> 83.4386 | AF13: =_xlfn.XLOOKUP(AG13,X13:AD13,$X$8:$AD$8,0) -> MAX | AG13: =+MAX(X13:AC13) -> 799
B14: 5 | C14: Desinfeccion, fumigacion | D14: DT CALDAS | E14: MANIZALES - CALDAS | F14: Calle 21 No.21- 45 Edif. Millan y Asociados Piso 9 Manizales | G14: M2 | H14: 166 | I14: 616 | J14: =+H14*I14 -> 102256 | K14: =ROUND(I14+(I14*5.2%),0) -> 648 | L14: =+H14*K14 -> 107568 | M14: =ROUND(K14+(K14*5.1%),0) -> 681 | N14: =+H14*M14 -> 113046 | O14: 760 | P14: =+H14*O14 -> 126160 | Q14: =ROUND(O14+(O14*5.1%),0) -> 799 | R14: =+H14*Q14 -> 132634 | T14: =+M14 -> 681 | U14: =+Q14 -> 799 | W14: {=+MIN(IF(T14:U14>0,T14:U14))} -> 681 | X14: {=MAX(IF(T14:U14>0,T14:U14))} -> 799 | Y14: {=ROUND(AVERAGE(IF(T14:U14>0,T14:U14)),0)} -> 740 | Z14: =ROUND(MEDIAN(T14,U14),0) -> 740 | AA14: =ROUND(GEOMEAN(T14,U14),0) -> 738 | AB14: =ROUND(TRIMMEAN(T14:U14,$AB$3),0) -> 740 | AC14: =ROUND(HARMEAN(T14:U14),0) -> 735 | AD14: {=STDEVA(IF(T14:U14>0,T14:U14))} -> 83.4386 | AF14: =_xlfn.XLOOKUP(AG14,X14:AD14,$X$8:$AD$8,0) -> MAX | AG14: =+MAX(X14:AC14) -> 799
B15: 6 | C15: Desinfeccion, fumigacion | D15: DT CAUCA | E15: POPAYAN - CAUCA | F15: Calle 25N Nº 11 – 96 1º piso | G15: M2 | H15: 390 | I15: 616 | J15: =+H15*I15 -> 240240 | K15: =ROUND(I15+(I15*5.2%),0) -> 648 | L15: =+H15*K15 -> 252720 | M15: =ROUND(K15+(K15*5.1%),0) -> 681 | N15: =+H15*M15 -> 265590 | O15: 760 | P15: =+H15*O15 -> 296400 | Q15: =ROUND(O15+(O15*5.1%),0) -> 799 | R15: =+H15*Q15 -> 311610 | T15: =+M15 -> 681 | U15: =+Q15 -> 799 | W15: {=+MIN(IF(T15:U15>0,T15:U15))} -> 681 | X15: {=MAX(IF(T15:U15>0,T15:U15))} -> 799 | Y15: {=ROUND(AVERAGE(IF(T15:U15>0,T15:U15)),0)} -> 740 | Z15: =ROUND(MEDIAN(T15,U15),0) -> 740 | AA15: =ROUND(GEOMEAN(T15,U15),0) -> 738 | AB15: =ROUND(TRIMMEAN(T15:U15,$AB$3),0) -> 740 | AC15: =ROUND(HARMEAN(T15:U15),0) -> 735 | AD15: {=STDEVA(IF(T15:U15>0,T15:U15))} -> 83.4386 | AF15: =_xlfn.XLOOKUP(AG15,X15:AD15,$X$8:$AD$8,0) -> MAX | AG15: =+MAX(X15:AC15) -> 799
B16: 7 | C16: Desinfeccion, fumigacion | D16: DT CESAR | E16: VALLEDUPAR - CESAR | F16: Calle 16 A No. 12-89 Valledupar - Cesar | G16: M2 | H16: 248 | I16: 616 | J16: =+H16*I16 -> 152768 | K16: =ROUND(I16+(I16*5.2%),0) -> 648 | L16: =+H16*K16 -> 160704 | M16: =ROUND(K16+(K16*5.1%),0) -> 681 | N16: =+H16*M16 -> 168888 | O16: 760 | P16: =+H16*O16 -> 188480 | Q16: =ROUND(O16+(O16*5.1%),0) -> 799 | R16: =+H16*Q16 -> 198152 | T16: =+M16 -> 681 | U16: =+Q16 -> 799 | W16: {=+MIN(IF(T16:U16>0,T16:U16))} -> 681 | X16: {=MAX(IF(T16:U16>0,T16:U16))} -> 799 | Y16: {=ROUND(AVERAGE(IF(T16:U16>0,T16:U16)),0)} -> 740 | Z16: =ROUND(MEDIAN(T16,U16),0) -> 740 | AA16: =ROUND(GEOMEAN(T16,U16),0) -> 738 | AB16: =ROUND(TRIMMEAN(T16:U16,$AB$3),0) -> 740 | AC16: =ROUND(HARMEAN(T16:U16),0) -> 735 | AD16: {=STDEVA(IF(T16:U16>0,T16:U16))} -> 83.4386 | AF16: =_xlfn.XLOOKUP(AG16,X16:AD16,$X$8:$AD$8,0) -> MAX | AG16: =+MAX(X16:AC16) -> 799
B17: 8 | C17: Desinfeccion, fumigacion | D17: DT CORDOBA | E17: MONTERIA - CORDOBA | F17: CALLE 55 nº 6- 1-95 Barrio Castellana | G17: M2 | H17: 772 | I17: 616 | J17: =+H17*I17 -> 475552 | K17: =ROUND(I17+(I17*5.2%),0) -> 648 | L17: =+H17*K17 -> 500256 | M17: =ROUND(K17+(K17*5.1%),0) -> 681 | N17: =+H17*M17 -> 525732 | O17: 760 | P17: =+H17*O17 -> 586720 | Q17: =ROUND(O17+(O17*5.1%),0) -> 799 | R17: =+H17*Q17 -> 616828 | T17: =+M17 -> 681 | U17: =+Q17 -> 799 | W17: {=+MIN(IF(T17:U17>0,T17:U17))} -> 681 | X17: {=MAX(IF(T17:U17>0,T17:U17))} -> 799 | Y17: {=ROUND(AVERAGE(IF(T17:U17>0,T17:U17)),0)} -> 740 | Z17: =ROUND(MEDIAN(T17,U17),0) -> 740 | AA17: =ROUND(GEOMEAN(T17,U17),0) -> 738 | AB17: =ROUND(TRIMMEAN(T17:U17,$AB$3),0) -> 740 | AC17: =ROUND(HARMEAN(T17:U17),0) -> 735 | AD17: {=STDEVA(IF(T17:U17>0,T17:U17))} -> 83.4386 | AF17: =_xlfn.XLOOKUP(AG17,X17:AD17,$X$8:$AD$8,0) -> MAX | AG17: =+MAX(X17:AC17) -> 799
B18: 9 | C18: Desinfeccion, fumigacion | D18: DT CUNDINAMARCA | F18: Centro Comercial Gran Estacion II - 9no y 10mo piso | G18: M2 | H18: 9490 | I18: 616 | J18: =+H18*I18 -> 5845840 | K18: =ROUND(I18+(I18*5.2%),0) -> 648 | L18: =+H18*K18 -> 6149520 | M18: =ROUND(K18+(K18*5.1%),0) -> 681 | N18: =+H18*M18 -> 6462690 | O18: 760 | P18: =+H18*O18 -> 7212400 | Q18: =ROUND(O18+(O18*5.1%),0) -> 799 | R18: =+H18*Q18 -> 7582510 | T18: =+M18 -> 681 | U18: =+Q18 -> 799 | W18: {=+MIN(IF(T18:U18>0,T18:U18))} -> 681 | X18: {=MAX(IF(T18:U18>0,T18:U18))} -> 799 | Y18: {=ROUND(AVERAGE(IF(T18:U18>0,T18:U18)),0)} -> 740 | Z18: =ROUND(MEDIAN(T18,U18),0) -> 740 | AA18: =ROUND(GEOMEAN(T18,U18),0) -> 738 | AB18: =ROUND(TRIMMEAN(T18:U18,$AB$3),0) -> 740 | AC18: =ROUND(HARMEAN(T18:U18),0) -> 735 | AD18: {=STDEVA(IF(T18:U18>0,T18:U18))} -> 83.4386 | AF18: =_xlfn.XLOOKUP(AG18,X18:AD18,$X$8:$AD$8,0) -> MAX | AG18: =+MAX(X18:AC18) -> 799
B19: 10 | C19: Desinfeccion, fumigacion | D19: DT CUNDINAMARCA | F19: Carrera 128 #17-15, Archivo Central | G19: M2 | H19: 2312 | I19: 616 | J19: =+H19*I19 -> 1424192 | K19: =ROUND(I19+(I19*5.2%),0) -> 648 | L19: =+H19*K19 -> 1498176 | M19: =ROUND(K19+(K19*5.1%),0) -> 681 | N19: =+H19*M19 -> 1574472 | O19: 760 | P19: =+H19*O19 -> 1757120 | Q19: =ROUND(O19+(O19*5.1%),0) -> 799 | R19: =+H19*Q19 -> 1847288 | T19: =+M19 -> 681 | U19: =+Q19 -> 799 | W19: {=+MIN(IF(T19:U19>0,T19:U19))} -> 681 | X19: {=MAX(IF(T19:U19>0,T19:U19))} -> 799 | Y19: {=ROUND(AVERAGE(IF(T19:U19>0,T19:U19)),0)} -> 740 | Z19: =ROUND(MEDIAN(T19,U19),0) -> 740 | AA19: =ROUND(GEOMEAN(T19,U19),0) -> 738 | AB19: =ROUND(TRIMMEAN(T19:U19,$AB$3),0) -> 740 | AC19: =ROUND(HARMEAN(T19:U19),0) -> 735 | AD19: {=STDEVA(IF(T19:U19>0,T19:U19))} -> 83.4386 | AF19: =_xlfn.XLOOKUP(AG19,X19:AD19,$X$8:$AD$8,0) -> MAX | AG19: =+MAX(X19:AC19) -> 799
B20: 11 | C20: Desinfeccion, fumigacion | D20: DT CUNDINAMARCA | F20: Centro empresarial Dorado Plaza, Av. Calle 26 No.85-D-55, 2do piso | G20: M2 | H20: 222 | I20: 616 | J20: =+H20*I20 -> 136752 | K20: =ROUND(I20+(I20*5.2%),0) -> 648 | L20: =+H20*K20 -> 143856 | M20: =ROUND(K20+(K20*5.1%),0) -> 681 | N20: =+H20*M20 -> 151182 | O20: 760 | P20: =+H20*O20 -> 168720 | Q20: =ROUND(O20+(O20*5.1%),0) -> 799 | R20: =+H20*Q20 -> 177378 | T20: =+M20 -> 681 | U20: =+Q20 -> 799 | W20: {=+MIN(IF(T20:U20>0,T20:U20))} -> 681 | X20: {=MAX(IF(T20:U20>0,T20:U20))} -> 799 | Y20: {=ROUND(AVERAGE(IF(T20:U20>0,T20:U20)),0)} -> 740 | Z20: =ROUND(MEDIAN(T20,U20),0) -> 740 | AA20: =ROUND(GEOMEAN(T20,U20),0) -> 738 | AB20: =ROUND(TRIMMEAN(T20:U20,$AB$3),0) -> 740 | AC20: =ROUND(HARMEAN(T20:U20),0) -> 735 | AD20: {=STDEVA(IF(T20:U20>0,T20:U20))} -> 83.4386 | AF20: =_xlfn.XLOOKUP(AG20,X20:AD20,$X$8:$AD$8,0) -> MAX | AG20: =+MAX(X20:AC20) -> 799
B21: 12 | C21: Desinfeccion, fumigacion | D21: DT CUNDINAMARCA | F21: Carrera 45 #26-61, Unidad Deportiva | G21: M2 | H21: 3662 | I21: 616 | J21: =+H21*I21 -> 2255792 | K21: =ROUND(I21+(I21*5.2%),0) -> 648 | L21: =+H21*K21 -> 2372976 | M21: =ROUND(K21+(K21*5.1%),0) -> 681 | N21: =+H21*M21 -> 2493822 | O21: 760 | P21: =+H21*O21 -> 2783120 | Q21: =ROUND(O21+(O21*5.1%),0) -> 799 | R21: =+H21*Q21 -> 2925938 | T21: =+M21 -> 681 | U21: =+Q21 -> 799 | W21: {=+MIN(IF(T21:U21>0,T21:U21))} -> 681 | X21: {=MAX(IF(T21:U21>0,T21:U21))} -> 799 | Y21: {=ROUND(AVERAGE(IF(T21:U21>0,T21:U21)),0)} -> 740 | Z21: =ROUND(MEDIAN(T21,U21),0) -> 740 | AA21: =ROUND(GEOMEAN(T21,U21),0) -> 738 | AB21: =ROUND(TRIMMEAN(T21:U21,$AB$3),0) -> 740 | AC21: =ROUND(HARMEAN(T21:U21),0) -> 735 | AD21: {=STDEVA(IF(T21:U21>0,T21:U21))} -> 83.4386 | AF21: =_xlfn.XLOOKUP(AG21,X21:AD21,$X$8:$AD$8,0) -> MAX | AG21: =+MAX(X21:AC21) -> 799
B22: 13 | C22: Desinfeccion, fumigacion | D22: DT GUAJIRA | E22: NEIVA - HUILA | F22: CARRERA 5 No. 18-19 Centro NEIVA | G22: M2 | H22: 113 | I22: 616 | J22: =+H22*I22 -> 69608 | K22: =ROUND(I22+(I22*5.2%),0) -> 648 | L22: =+H22*K22 -> 73224 | M22: =ROUND(K22+(K22*5.1%),0) -> 681 | N22: =+H22*M22 -> 76953 | O22: 760 | P22: =+H22*O22 -> 85880 | Q22: =ROUND(O22+(O22*5.1%),0) -> 799 | R22: =+H22*Q22 -> 90287 | T22: =+M22 -> 681 | U22: =+Q22 -> 799 | W22: {=+MIN(IF(T22:U22>0,T22:U22))} -> 681 | X22: {=MAX(IF(T22:U22>0,T22:U22))} -> 799 | Y22: {=ROUND(AVERAGE(IF(T22:U22>0,T22:U22)),0)} -> 740 | Z22: =ROUND(MEDIAN(T22,U22),0) -> 740 | AA22: =ROUND(GEOMEAN(T22,U22),0) -> 738 | AB22: =ROUND(TRIMMEAN(T22:U22,$AB$3),0) -> 740 | AC22: =ROUND(HARMEAN(T22:U22),0) -> 735 | AD22: {=STDEVA(IF(T22:U22>0,T22:U22))} -> 83.4386 | AF22: =_xlfn.XLOOKUP(AG22,X22:AD22,$X$8:$AD$8,0) -> MAX | AG22: =+MAX(X22:AC22) -> 799
B23: 14 | C23: Desinfeccion, fumigacion | D23: DT HUILA | E23: VILLAVICENCIO - META | F23: Transversal 28 No 41 - 101 Barrio La Grama | G23: M2 | H23: 812 | I23: 616 | J23: =+H23*I23 -> 500192 | K23: =ROUND(I23+(I23*5.2%),0) -> 648 | L23: =+H23*K23 -> 526176 | M23: =ROUND(K23+(K23*5.1%),0) -> 681 | N23: =+H23*M23 -> 552972 | O23: 760 | P23: =+H23*O23 -> 617120 | Q23: =ROUND(O23+(O23*5.1%),0) -> 799 | R23: =+H23*Q23 -> 648788 | T23: =+M23 -> 681 | U23: =+Q23 -> 799 | W23: {=+MIN(IF(T23:U23>0,T23:U23))} -> 681 | X23: {=MAX(IF(T23:U23>0,T23:U23))} -> 799 | Y23: {=ROUND(AVERAGE(IF(T23:U23>0,T23:U23)),0)} -> 740 | Z23: =ROUND(MEDIAN(T23,U23),0) -> 740 | AA23: =ROUND(GEOMEAN(T23,U23),0) -> 738 | AB23: =ROUND(TRIMMEAN(T23:U23,$AB$3),0) -> 740 | AC23: =ROUND(HARMEAN(T23:U23),0) -> 735 | AD23: {=STDEVA(IF(T23:U23>0,T23:U23))} -> 83.4386 | AF23: =_xlfn.XLOOKUP(AG23,X23:AD23,$X$8:$AD$8,0) -> MAX | AG23: =+MAX(X23:AC23) -> 799
B24: 15 | C24: Desinfeccion, fumigacion | D24: DT MAGDALENA | F24: Carrera 4 No. 26-40 Ciudad Comercial Prado Plaza 401 | G24: M2 | H24: 120 | I24: 616 | J24: =+H24*I24 -> 73920 | K24: =ROUND(I24+(I24*5.2%),0) -> 648 | L24: =+H24*K24 -> 77760 | M24: =ROUND(K24+(K24*5.1%),0) -> 681 | N24: =+H24*M24 -> 81720 | O24: 760 | P24: =+H24*O24 -> 91200 | Q24: =ROUND(O24+(O24*5.1%),0) -> 799 | R24: =+H24*Q24 -> 95880 | T24: =+M24 -> 681 | U24: =+Q24 -> 799 | W24: {=+MIN(IF(T24:U24>0,T24:U24))} -> 681 | X24: {=MAX(IF(T24:U24>0,T24:U24))} -> 799 | Y24: {=ROUND(AVERAGE(IF(T24:U24>0,T24:U24)),0)} -> 740 | Z24: =ROUND(MEDIAN(T24,U24),0) -> 740 | AA24: =ROUND(GEOMEAN(T24,U24),0) -> 738 | AB24: =ROUND(TRIMMEAN(T24:U24,$AB$3),0) -> 740 | AC24: =ROUND(HARMEAN(T24:U24),0) -> 735 | AD24: {=STDEVA(IF(T24:U24>0,T24:U24))} -> 83.4386 | AF24: =_xlfn.XLOOKUP(AG24,X24:AD24,$X$8:$AD$8,0) -> MAX | AG24: =+MAX(X24:AC24) -> 799
B25: 16 | C25: Desinfeccion, fumigacion | D25: DT META | E25: PASTO - NARIÑO | F25: LOS ROSALES II - ANGANOY-EDIFICIO INVIAS-PASTO-NARIÑO | G25: M2 | H25: 1120 | I25: 616 | J25: =+H25*I25 -> 689920 | K25: =ROUND(I25+(I25*5.2%),0) -> 648 | L25: =+H25*K25 -> 725760 | M25: =ROUND(K25+(K25*5.1%),0) -> 681 | N25: =+H25*M25 -> 762720 | O25: 760 | P25: =+H25*O25 -> 851200 | Q25: =ROUND(O25+(O25*5.1%),0) -> 799 | R25: =+H25*Q25 -> 894880 | T25: =+M25 -> 681 | U25: =+Q25 -> 799 | W25: {=+MIN(IF(T25:U25>0,T25:U25))} -> 681 | X25: {=MAX(IF(T25:U25>0,T25:U25))} -> 799 | Y25: {=ROUND(AVERAGE(IF(T25:U25>0,T25:U25)),0)} -> 740 | Z25: =ROUND(MEDIAN(T25,U25),0) -> 740 | AA25: =ROUND(GEOMEAN(T25,U25),0) -> 738 | AB25: =ROUND(TRIMMEAN(T25:U25,$AB$3),0) -> 740 | AC25: =ROUND(HARMEAN(T25:U25),0) -> 735 | AD25: {=STDEVA(IF(T25:U25>0,T25:U25))} -> 83.4386 | AF25: =_xlfn.XLOOKUP(AG25,X25:AD25,$X$8:$AD$8,0) -> MAX | AG25: =+MAX(X25:AC25) -> 799
B26: 17 | C26: Desinfeccion, fumigacion | D26: DT NARIÑO | E26: CUCUTA - NTE. SANTANDER | F26: AV.DEMETRIO MENDOZA- ANTIGUA SEDE M.O.P.T. BARRIO SAN LUIS -CÚCUTA | G26: M2 | H26: 200 | I26: 616 | J26: =+H26*I26 -> 123200 | K26: =ROUND(I26+(I26*5.2%),0) -> 648 | L26: =+H26*K26 -> 129600 | M26: =ROUND(K26+(K26*5.1%),0) -> 681 | N26: =+H26*M26 -> 136200 | O26: 760 | P26: =+H26*O26 -> 152000 | Q26: =ROUND(O26+(O26*5.1%),0) -> 799 | R26: =+H26*Q26 -> 159800 | T26: =+M26 -> 681 | U26: =+Q26 -> 799 | W26: {=+MIN(IF(T26:U26>0,T26:U26))} -> 681 | X26: {=MAX(IF(T26:U26>0,T26:U26))} -> 799 | Y26: {=ROUND(AVERAGE(IF(T26:U26>0,T26:U26)),0)} -> 740 | Z26: =ROUND(MEDIAN(T26,U26),0) -> 740 | AA26: =ROUND(GEOMEAN(T26,U26),0) -> 738 | AB26: =ROUND(TRIMMEAN(T26:U26,$AB$3),0) -> 740 | AC26: =ROUND(HARMEAN(T26:U26),0) -> 735 | AD26: {=STDEVA(IF(T26:U26>0,T26:U26))} -> 83.4386 | AF26: =_xlfn.XLOOKUP(AG26,X26:AD26,$X$8:$AD$8,0) -> MAX | AG26: =+MAX(X26:AC26) -> 799
B27: 18 | C27: Desinfeccion, fumigacion | D27: DT NORTE DE SANTANDER | E27: ARMENIA - QUINDIO | F27: Carrera 14 No.1-333 Local 10 - C.Comercial Baleraes | G27: M2 | H27: 3000 | I27: 616 | J27: =+H27*I27 -> 1848000 | K27: =ROUND(I27+(I27*5.2%),0) -> 648 | L27: =+H27*K27 -> 1944000 | M27: =ROUND(K27+(K27*5.1%),0) -> 681 | N27: =+H27*M27 -> 2043000 | O27: 760 | P27: =+H27*O27 -> 2280000 | Q27: =ROUND(O27+(O27*5.1%),0) -> 799 | R27: =+H27*Q27 -> 2397000 | T27: =+M27 -> 681 | U27: =+Q27 -> 799 | W27: {=+MIN(IF(T27:U27>0,T27:U27))} -> 681 | X27: {=MAX(IF(T27:U27>0,T27:U27))} -> 799 | Y27: {=ROUND(AVERAGE(IF(T27:U27>0,T27:U27)),0)} -> 740 | Z27: =ROUND(MEDIAN(T27,U27),0) -> 740 | AA27: =ROUND(GEOMEAN(T27,U27),0) -> 738 | AB27: =ROUND(TRIMMEAN(T27:U27,$AB$3),0) -> 740 | AC27: =ROUND(HARMEAN(T27:U27),0) -> 735 | AD27: {=STDEVA(IF(T27:U27>0,T27:U27))} -> 83.4386 | AF27: =_xlfn.XLOOKUP(AG27,X27:AD27,$X$8:$AD$8,0) -> MAX | AG27: =+MAX(X27:AC27) -> 799
B28: 19 | C28: Desinfeccion, fumigacion | D28: DT QUINDIO | E28: PEREIRA - RISARALDA | F28: VIA MERCASA AVENIDA DE LAS AMERICAS | G28: M2 | H28: 286 | I28: 616 | J28: =+H28*I28 -> 176176 | K28: =ROUND(I28+(I28*5.2%),0) -> 648 | L28: =+H28*K28 -> 185328 | M28: =ROUND(K28+(K28*5.1%),0) -> 681 | N28: =+H28*M28 -> 194766 | O28: 760 | P28: =+H28*O28 -> 217360 | Q28: =ROUND(O28+(O28*5.1%),0) -> 799 | R28: =+H28*Q28 -> 228514 | T28: =+M28 -> 681 | U28: =+Q28 -> 799 | W28: {=+MIN(IF(T28:U28>0,T28:U28))} -> 681 | X28: {=MAX(IF(T28:U28>0,T28:U28))} -> 799 | Y28: {=ROUND(AVERAGE(IF(T28:U28>0,T28:U28)),0)} -> 740 | Z28: =ROUND(MEDIAN(T28,U28),0) -> 740 | AA28: =ROUND(GEOMEAN(T28,U28),0) -> 738 | AB28: =ROUND(TRIMMEAN(T28:U28,$AB$3),0) -> 740 | AC28: =ROUND(HARMEAN(T28:U28),0) -> 735 | AD28: {=STDEVA(IF(T28:U28>0,T28:U28))} -> 83.4386 | AF28: =_xlfn.XLOOKUP(AG28,X28:AD28,$X$8:$AD$8,0) -> MAX | AG28: =+MAX(X28:AC28) -> 799
B29: 20 | C29: Desinfeccion, fumigacion | D29: DT RISARALDA | E29: BUCARAMANGA - SANTANDER | F29: KILÓMETRO 1. RUITOQUE ANTIGUO DISTRITO 15- FLORIDA BLANCA | G29: M2 | H29: 238 | I29: 616 | J29: =+H29*I29 -> 146608 | K29: =ROUND(I29+(I29*5.2%),0) -> 648 | L29: =+H29*K29 -> 154224 | M29: =ROUND(K29+(K29*5.1%),0) -> 681 | N29: =+H29*M29 -> 162078 | O29: 760 | P29: =+H29*O29 -> 180880 | Q29: =ROUND(O29+(O29*5.1%),0) -> 799 | R29: =+H29*Q29 -> 190162 | T29: =+M29 -> 681 | U29: =+Q29 -> 799 | W29: {=+MIN(IF(T29:U29>0,T29:U29))} -> 681 | X29: {=MAX(IF(T29:U29>0,T29:U29))} -> 799 | Y29: {=ROUND(AVERAGE(IF(T29:U29>0,T29:U29)),0)} -> 740 | Z29: =ROUND(MEDIAN(T29,U29),0) -> 740 | AA29: =ROUND(GEOMEAN(T29,U29),0) -> 738 | AB29: =ROUND(TRIMMEAN(T29:U29,$AB$3),0) -> 740 | AC29: =ROUND(HARMEAN(T29:U29),0) -> 735 | AD29: {=STDEVA(IF(T29:U29>0,T29:U29))} -> 83.4386 | AF29: =_xlfn.XLOOKUP(AG29,X29:AD29,$X$8:$AD$8,0) -> MAX | AG29: =+MAX(X29:AC29) -> 799
B30: 21 | C30: Desinfeccion, fumigacion | D30: DT SANTANDER | E30: IBAGUE - TOLIMA | F30: Carrera 5ª Calle 60 Barrio El Jordan 1ª etapa | G30: M2 | H30: 4800 | I30: 616 | J30: =+H30*I30 -> 2956800 | K30: =ROUND(I30+(I30*5.2%),0) -> 648 | L30: =+H30*K30 -> 3110400 | M30: =ROUND(K30+(K30*5.1%),0) -> 681 | N30: =+H30*M30 -> 3268800 | O30: 760 | P30: =+H30*O30 -> 3648000 | Q30: =ROUND(O30+(O30*5.1%),0) -> 799 | R30: =+H30*Q30 -> 3835200 | T30: =+M30 -> 681 | U30: =+Q30 -> 799 | W30: {=+MIN(IF(T30:U30>0,T30:U30))} -> 681 | X30: {=MAX(IF(T30:U30>0,T30:U30))} -> 799 | Y30: {=ROUND(AVERAGE(IF(T30:U30>0,T30:U30)),0)} -> 740 | Z30: =ROUND(MEDIAN(T30,U30),0) -> 740 | AA30: =ROUND(GEOMEAN(T30,U30),0) -> 738 | AB30: =ROUND(TRIMMEAN(T30:U30,$AB$3),0) -> 740 | AC30: =ROUND(HARMEAN(T30:U30),0) -> 735 | AD30: {=STDEVA(IF(T30:U30>0,T30:U30))} -> 83.4386 | AF30: =_xlfn.XLOOKUP(AG30,X30:AD30,$X$8:$AD$8,0) -> MAX | AG30: =+MAX(X30:AC30) -> 799
B31: 22 | C31: Desinfeccion, fumigacion | D31: DT TOLIMA | E31: CALI - VALLE DEL CAUCA | F31: Carrera 39 A No. 5D-10 Barrio Tequendama | G31: M2 | H31: 1318 | I31: 616 | J31: =+H31*I31 -> 811888 | K31: =ROUND(I31+(I31*5.2%),0) -> 648 | L31: =+H31*K31 -> 854064 | M31: =ROUND(K31+(K31*5.1%),0) -> 681 | N31: =+H31*M31 -> 897558 | O31: 760 | P31: =+H31*O31 -> 1001680 | Q31: =ROUND(O31+(O31*5.1%),0) -> 799 | R31: =+H31*Q31 -> 1053082 | T31: =+M31 -> 681 | U31: =+Q31 -> 799 | W31: {=+MIN(IF(T31:U31>0,T31:U31))} -> 681 | X31: {=MAX(IF(T31:U31>0,T31:U31))} -> 799 | Y31: {=ROUND(AVERAGE(IF(T31:U31>0,T31:U31)),0)} -> 740 | Z31: =ROUND(MEDIAN(T31,U31),0) -> 740 | AA31: =ROUND(GEOMEAN(T31,U31),0) -> 738 | AB31: =ROUND(TRIMMEAN(T31:U31,$AB$3),0) -> 740 | AC31: =ROUND(HARMEAN(T31:U31),0) -> 735 | AD31: {=STDEVA(IF(T31:U31>0,T31:U31))} -> 83.4386 | AF31: =_xlfn.XLOOKUP(AG31,X31:AD31,$X$8:$AD$8,0) -> MAX | AG31: =+MAX(X31:AC31) -> 799
B32: 23 | C32: Desinfeccion, fumigacion | D32: DT VALLE DEL CAUCA | E32: ARAUCA - ARAUCA | F32: Calle 23 No. 26-17 – Municipio de Arauca | G32: M2 | H32: 546 | I32: 616 | J32: =+H32*I32 -> 336336 | K32: =ROUND(I32+(I32*5.2%),0) -> 648 | L32: =+H32*K32 -> 353808 | M32: =ROUND(K32+(K32*5.1%),0) -> 681 | N32: =+H32*M32 -> 371826 | O32: 760 | P32: =+H32*O32 -> 414960 | Q32: =ROUND(O32+(O32*5.1%),0) -> 799 | R32: =+H32*Q32 -> 436254 | T32: =+M32 -> 681 | U32: =+Q32 -> 799 | W32: {=+MIN(IF(T32:U32>0,T32:U32))} -> 681 | X32: {=MAX(IF(T32:U32>0,T32:U32))} -> 799 | Y32: {=ROUND(AVERAGE(IF(T32:U32>0,T32:U32)),0)} -> 740 | Z32: =ROUND(MEDIAN(T32,U32),0) -> 740 | AA32: =ROUND(GEOMEAN(T32,U32),0) -> 738 | AB32: =ROUND(TRIMMEAN(T32:U32,$AB$3),0) -> 740 | AC32: =ROUND(HARMEAN(T32:U32),0) -> 735 | AD32: {=STDEVA(IF(T32:U32>0,T32:U32))} -> 83.4386 | AF32: =_xlfn.XLOOKUP(AG32,X32:AD32,$X$8:$AD$8,0) -> MAX | AG32: =+MAX(X32:AC32) -> 799
B33: 24 | C33: Desinfeccion, fumigacion | D33: OFICINA SUCRE | E33: SUCRE SINCELEJO | F33: Cl. 38 No. 8-159 Carrera Troncal (Calle 1a del Comercio) | G33: M2 | H33: 117 | I33: 616 | J33: =+H33*I33 -> 72072 | K33: =ROUND(I33+(I33*5.2%),0) -> 648 | L33: =+H33*K33 -> 75816 | M33: =ROUND(K33+(K33*5.1%),0) -> 681 | N33: =+H33*M33 -> 79677 | O33: 760 | P33: =+H33*O33 -> 88920 | Q33: =ROUND(O33+(O33*5.1%),0) -> 799 | R33: =+H33*Q33 -> 93483 | T33: =+M33 -> 681 | U33: =+Q33 -> 799 | W33: {=+MIN(IF(T33:U33>0,T33:U33))} -> 681 | X33: {=MAX(IF(T33:U33>0,T33:U33))} -> 799 | Y33: {=ROUND(AVERAGE(IF(T33:U33>0,T33:U33)),0)} -> 740 | Z33: =ROUND(MEDIAN(T33,U33),0) -> 740 | AA33: =ROUND(GEOMEAN(T33,U33),0) -> 738 | AB33: =ROUND(TRIMMEAN(T33:U33,$AB$3),0) -> 740 | AC33: =ROUND(HARMEAN(T33:U33),0) -> 735 | AD33: {=STDEVA(IF(T33:U33>0,T33:U33))} -> 83.4386 | AF33: =_xlfn.XLOOKUP(AG33,X33:AD33,$X$8:$AD$8,0) -> MAX | AG33: =+MAX(X33:AC33) -> 799
B34: 25 | C34: Desinfeccion, fumigacion | D34: OFICINA YOPAL | E34: YOPAL | F34: Calle 40 No. 21 - 75 Instalaciones del INVIAS - Yopal, Casanare | G34: M2 | H34: 100 | I34: 616 | J34: =+H34*I34 -> 61600 | K34: =ROUND(I34+(I34*5.2%),0) -> 648 | L34: =+H34*K34 -> 64800 | M34: =ROUND(K34+(K34*5.1%),0) -> 681 | N34: =+H34*M34 -> 68100 | O34: 760 | P34: =+H34*O34 -> 76000 | Q34: =ROUND(O34+(O34*5.1%),0) -> 799 | R34: =+H34*Q34 -> 79900 | T34: =+M34 -> 681 | U34: =+Q34 -> 799 | W34: {=+MIN(IF(T34:U34>0,T34:U34))} -> 681 | X34: {=MAX(IF(T34:U34>0,T34:U34))} -> 799 | Y34: {=ROUND(AVERAGE(IF(T34:U34>0,T34:U34)),0)} -> 740 | Z34: =ROUND(MEDIAN(T34,U34),0) -> 740 | AA34: =ROUND(GEOMEAN(T34,U34),0) -> 738 | AB34: =ROUND(TRIMMEAN(T34:U34,$AB$3),0) -> 740 | AC34: =ROUND(HARMEAN(T34:U34),0) -> 735 | AD34: {=STDEVA(IF(T34:U34>0,T34:U34))} -> 83.4386 | AF34: =_xlfn.XLOOKUP(AG34,X34:AD34,$X$8:$AD$8,0) -> MAX | AG34: =+MAX(X34:AC34) -> 799
B35: 26 | C35: Desinfeccion, fumigacion | D35: IF ARAUCA | E35: ARAUCA | F35: Carrera 1 Calle 53 Esquina Terminal Fluvial Yuma | G35: M2 | H35: 125 | I35: 616 | J35: =+H35*I35 -> 77000 | K35: =ROUND(I35+(I35*5.2%),0) -> 648 | L35: =+H35*K35 -> 81000 | M35: =ROUND(K35+(K35*5.1%),0) -> 681 | N35: =+H35*M35 -> 85125 | O35: 760 | P35: =+H35*O35 -> 95000 | Q35: =ROUND(O35+(O35*5.1%),0) -> 799 | R35: =+H35*Q35 -> 99875 | T35: =+M35 -> 681 | U35: =+Q35 -> 799 | W35: {=+MIN(IF(T35:U35>0,T35:U35))} -> 681 | X35: {=MAX(IF(T35:U35>0,T35:U35))} -> 799 | Y35: {=ROUND(AVERAGE(IF(T35:U35>0,T35:U35)),0)} -> 740 | Z35: =ROUND(MEDIAN(T35,U35),0) -> 740 | AA35: =ROUND(GEOMEAN(T35,U35),0) -> 738 | AB35: =ROUND(TRIMMEAN(T35:U35,$AB$3),0) -> 740 | AC35: =ROUND(HARMEAN(T35:U35),0) -> 735 | AD35: {=STDEVA(IF(T35:U35>0,T35:U35))} -> 83.4386 | AF35: =_xlfn.XLOOKUP(AG35,X35:AD35,$X$8:$AD$8,0) -> MAX | AG35: =+MAX(X35:AC35) -> 799
B36: 27 | C36: Desinfeccion, fumigacion | D36: IF BETANIA | E36: BETANIA | F36: Carrera 1 No. 24-4 en el municipio de Calamar- Bolívar | G36: M2 | H36: 65 | I36: 616 | J36: =+H36*I36 -> 40040 | K36: =ROUND(I36+(I36*5.2%),0) -> 648 | L36: =+H36*K36 -> 42120 | M36: =ROUND(K36+(K36*5.1%),0) -> 681 | N36: =+H36*M36 -> 44265 | O36: 760 | P36: =+H36*O36 -> 49400 | Q36: =ROUND(O36+(O36*5.1%),0) -> 799 | R36: =+H36*Q36 -> 51935 | T36: =+M36 -> 681 | U36: =+Q36 -> 799 | W36: {=+MIN(IF(T36:U36>0,T36:U36))} -> 681 | X36: {=MAX(IF(T36:U36>0,T36:U36))} -> 799 | Y36: {=ROUND(AVERAGE(IF(T36:U36>0,T36:U36)),0)} -> 740 | Z36: =ROUND(MEDIAN(T36,U36),0) -> 740 | AA36: =ROUND(GEOMEAN(T36,U36),0) -> 738 | AB36: =ROUND(TRIMMEAN(T36:U36,$AB$3),0) -> 740 | AC36: =ROUND(HARMEAN(T36:U36),0) -> 735 | AD36: {=STDEVA(IF(T36:U36>0,T36:U36))} -> 83.4386 | AF36: =_xlfn.XLOOKUP(AG36,X36:AD36,$X$8:$AD$8,0) -> MAX | AG36: =+MAX(X36:AC36) -> 799
... B51: 42 | C51: Desinfeccion, fumigacion | D51: IF MAGANGUE | E51: MAGANGUÉ - BOLIVAR | F51: Calle 55 No. 6 - 195 | G51: M2 | H51: 700 | I51: 616 | J51: =+H51*I51 -> 431200 | K51: =ROUND(I51+(I51*5.2%),0) -> 648 | L51: =+H51*K51 -> 453600 | M51: =ROUND(K51+(K51*5.1%),0) -> 681 | N51: =+H51*M51 -> 476700 | O51: 760 | P51: =+H51*O51 -> 532000 | Q51: =ROUND(O51+(O51*5.1%),0) -> 799 | R51: =+H51*Q51 -> 559300 | T51: =+M51 -> 681 | U51: =+Q51 -> 799 | W51: {=+MIN(IF(T51:U51>0,T51:U51))} -> 681 | X51: {=MAX(IF(T51:U51>0,T51:U51))} -> 799 | Y51: {=ROUND(AVERAGE(IF(T51:U51>0,T51:U51)),0)} -> 740 | Z51: =ROUND(MEDIAN(T51,U51),0) -> 740 | AA51: =ROUND(GEOMEAN(T51,U51),0) -> 738 | AB51: =ROUND(TRIMMEAN(T51:U51,$AB$3),0) -> 740 | AC51: =ROUND(HARMEAN(T51:U51),0) -> 735 | AD51: {=STDEVA(IF(T51:U51>0,T51:U51))} -> 83.4386 | AF51: =_xlfn.XLOOKUP(AG51,X51:AD51,$X$8:$AD$8,0) -> MAX | AG51: =+MAX(X51:AC51) -> 799
B52: 43 | C52: Desinfeccion, fumigacion | D52: IF PUERTO ASIS | F52: Carrera 1ª No. 50 -02 | G52: M2 | H52: 967 | I52: 616 | J52: =+H52*I52 -> 595672 | K52: =ROUND(I52+(I52*5.2%),0) -> 648 | L52: =+H52*K52 -> 626616 | M52: =ROUND(K52+(K52*5.1%),0) -> 681 | N52: =+H52*M52 -> 658527 | O52: 760 | P52: =+H52*O52 -> 734920 | Q52: =ROUND(O52+(O52*5.1%),0) -> 799 | R52: =+H52*Q52 -> 772633 | T52: =+M52 -> 681 | U52: =+Q52 -> 799 | W52: {=+MIN(IF(T52:U52>0,T52:U52))} -> 681 | X52: {=MAX(IF(T52:U52>0,T52:U52))} -> 799 | Y52: {=ROUND(AVERAGE(IF(T52:U52>0,T52:U52)),0)} -> 740 | Z52: =ROUND(MEDIAN(T52,U52),0) -> 740 | AA52: =ROUND(GEOMEAN(T52,U52),0) -> 738 | AB52: =ROUND(TRIMMEAN(T52:U52,$AB$3),0) -> 740 | AC52: =ROUND(HARMEAN(T52:U52),0) -> 735 | AD52: {=STDEVA(IF(T52:U52>0,T52:U52))} -> 83.4386 | AF52: =_xlfn.XLOOKUP(AG52,X52:AD52,$X$8:$AD$8,0) -> MAX | AG52: =+MAX(X52:AC52) -> 799
B53: 44 | C53: Desinfeccion, fumigacion | D53: IF PUERTO BERRIO | E53: PUERTO BERRIO - ANTIOQUIA | F53: Carrera 1ª No.7-137 - Muelle Fluvial - | G53: M2 | H53: 20 | I53: 616 | J53: =+H53*I53 -> 12320 | K53: =ROUND(I53+(I53*5.2%),0) -> 648 | L53: =+H53*K53 -> 12960 | M53: =ROUND(K53+(K53*5.1%),0) -> 681 | N53: =+H53*M53 -> 13620 | O53: 760 | P53: =+H53*O53 -> 15200 | Q53: =ROUND(O53+(O53*5.1%),0) -> 799 | R53: =+H53*Q53 -> 15980 | T53: =+M53 -> 681 | U53: =+Q53 -> 799 | W53: {=+MIN(IF(T53:U53>0,T53:U53))} -> 681 | X53: {=MAX(IF(T53:U53>0,T53:U53))} -> 799 | Y53: {=ROUND(AVERAGE(IF(T53:U53>0,T53:U53)),0)} -> 740 | Z53: =ROUND(MEDIAN(T53,U53),0) -> 740 | AA53: =ROUND(GEOMEAN(T53,U53),0) -> 738 | AB53: =ROUND(TRIMMEAN(T53:U53,$AB$3),0) -> 740 | AC53: =ROUND(HARMEAN(T53:U53),0) -> 735 | AD53: {=STDEVA(IF(T53:U53>0,T53:U53))} -> 83.4386 | AF53: =_xlfn.XLOOKUP(AG53,X53:AD53,$X$8:$AD$8,0) -> MAX | AG53: =+MAX(X53:AC53) -> 799
B54: 45 | C54: Desinfeccion, fumigacion | D54: IF PUERTO CARREÑO | E54: PUERTO CARREÑO - VICHADA | F54: Carrera 2 N° 11 -53 | G54: M2 | H54: 260 | I54: 616 | J54: =+H54*I54 -> 160160 | K54: =ROUND(I54+(I54*5.2%),0) -> 648 | L54: =+H54*K54 -> 168480 | M54: =ROUND(K54+(K54*5.1%),0) -> 681 | N54: =+H54*M54 -> 177060 | O54: 760 | P54: =+H54*O54 -> 197600 | Q54: =ROUND(O54+(O54*5.1%),0) -> 799 | R54: =+H54*Q54 -> 207740 | T54: =+M54 -> 681 | U54: =+Q54 -> 799 | W54: {=+MIN(IF(T54:U54>0,T54:U54))} -> 681 | X54: {=MAX(IF(T54:U54>0,T54:U54))} -> 799 | Y54: {=ROUND(AVERAGE(IF(T54:U54>0,T54:U54)),0)} -> 740 | Z54: =ROUND(MEDIAN(T54,U54),0) -> 740 | AA54: =ROUND(GEOMEAN(T54,U54),0) -> 738 | AB54: =ROUND(TRIMMEAN(T54:U54,$AB$3),0) -> 740 | AC54: =ROUND(HARMEAN(T54:U54),0) -> 735 | AD54: {=STDEVA(IF(T54:U54>0,T54:U54))} -> 83.4386 | AF54: =_xlfn.XLOOKUP(AG54,X54:AD54,$X$8:$AD$8,0) -> MAX | AG54: =+MAX(X54:AC54) -> 799
B55: 46 | C55: Desinfeccion, fumigacion | D55: IF PUERTO GAITÁN | E55: PUERTO GAITÁN - META | F55: Muelle Fluvial | G55: M2 | H55: 250 | I55: 616 | J55: =+H55*I55 -> 154000 | K55: =ROUND(I55+(I55*5.2%),0) -> 648 | L55: =+H55*K55 -> 162000 | M55: =ROUND(K55+(K55*5.1%),0) -> 681 | N55: =+H55*M55 -> 170250 | O55: 760 | P55: =+H55*O55 -> 190000 | Q55: =ROUND(O55+(O55*5.1%),0) -> 799 | R55: =+H55*Q55 -> 199750 | T55: =+M55 -> 681 | U55: =+Q55 -> 799 | W55: {=+MIN(IF(T55:U55>0,T55:U55))} -> 681 | X55: {=MAX(IF(T55:U55>0,T55:U55))} -> 799 | Y55: {=ROUND(AVERAGE(IF(T55:U55>0,T55:U55)),0)} -> 740 | Z55: =ROUND(MEDIAN(T55,U55),0) -> 740 | AA55: =ROUND(GEOMEAN(T55,U55),0) -> 738 | AB55: =ROUND(TRIMMEAN(T55:U55,$AB$3),0) -> 740 | AC55: =ROUND(HARMEAN(T55:U55),0) -> 735 | AD55: {=STDEVA(IF(T55:U55>0,T55:U55))} -> 83.4386 | AF55: =_xlfn.XLOOKUP(AG55,X55:AD55,$X$8:$AD$8,0) -> MAX | AG55: =+MAX(X55:AC55) -> 799
B56: 47 | C56: Desinfeccion, fumigacion | D56: IF PUERTO INÍRIDA | E56: PUERTO INÍRIDA - GUAINIA | F56: Carrera 3 #3-57, Barrio Centro del municipio de Puerto Leguizamo | G56: M2 | H56: 125 | I56: 616 | J56: =+H56*I56 -> 77000 | K56: =ROUND(I56+(I56*5.2%),0) -> 648 | L56: =+H56*K56 -> 81000 | M56: =ROUND(K56+(K56*5.1%),0) -> 681 | N56: =+H56*M56 -> 85125 | O56: 760 | P56: =+H56*O56 -> 95000 | Q56: =ROUND(O56+(O56*5.1%),0) -> 799 | R56: =+H56*Q56 -> 99875 | T56: =+M56 -> 681 | U56: =+Q56 -> 799 | W56: {=+MIN(IF(T56:U56>0,T56:U56))} -> 681 | X56: {=MAX(IF(T56:U56>0,T56:U56))} -> 799 | Y56: {=ROUND(AVERAGE(IF(T56:U56>0,T56:U56)),0)} -> 740 | Z56: =ROUND(MEDIAN(T56,U56),0) -> 740 | AA56: =ROUND(GEOMEAN(T56,U56),0) -> 738 | AB56: =ROUND(TRIMMEAN(T56:U56,$AB$3),0) -> 740 | AC56: =ROUND(HARMEAN(T56:U56),0) -> 735 | AD56: {=STDEVA(IF(T56:U56>0,T56:U56))} -> 83.4386 | AF56: =_xlfn.XLOOKUP(AG56,X56:AD56,$X$8:$AD$8,0) -> MAX | AG56: =+MAX(X56:AC56) -> 799
B57: 48 | C57: Desinfeccion, fumigacion | D57: IF PUERTO LEGUIZAMO | E57: PUERTO LEGUIZAMO - PUTUMAYO | F57: Carrera 3 No. 6 - 32 | G57: M2 | H57: 146 | I57: 616 | J57: =+H57*I57 -> 89936 | K57: =ROUND(I57+(I57*5.2%),0) -> 648 | L57: =+H57*K57 -> 94608 | M57: =ROUND(K57+(K57*5.1%),0) -> 681 | N57: =+H57*M57 -> 99426 | O57: 760 | P57: =+H57*O57 -> 110960 | Q57: =ROUND(O57+(O57*5.1%),0) -> 799 | R57: =+H57*Q57 -> 116654 | T57: =+M57 -> 681 | U57: =+Q57 -> 799 | W57: {=+MIN(IF(T57:U57>0,T57:U57))} -> 681 | X57: {=MAX(IF(T57:U57>0,T57:U57))} -> 799 | Y57: {=ROUND(AVERAGE(IF(T57:U57>0,T57:U57)),0)} -> 740 | Z57: =ROUND(MEDIAN(T57,U57),0) -> 740 | AA57: =ROUND(GEOMEAN(T57,U57),0) -> 738 | AB57: =ROUND(TRIMMEAN(T57:U57,$AB$3),0) -> 740 | AC57: =ROUND(HARMEAN(T57:U57),0) -> 735 | AD57: {=STDEVA(IF(T57:U57>0,T57:U57))} -> 83.4386 | AF57: =_xlfn.XLOOKUP(AG57,X57:AD57,$X$8:$AD$8,0) -> MAX | AG57: =+MAX(X57:AC57) -> 799
B58: 49 | C58: Desinfeccion, fumigacion | D58: IF PUERTO LOPEZ | E58: PUERTO LOPEZ - META | F58: Cra. 14 No. 17B-275 Barrio Primero de Mayo | G58: M2 | H58: 1100 | I58: 616 | J58: =+H58*I58 -> 677600 | K58: =ROUND(I58+(I58*5.2%),0) -> 648 | L58: =+H58*K58 -> 712800 | M58: =ROUND(K58+(K58*5.1%),0) -> 681 | N58: =+H58*M58 -> 749100 | O58: 760 | P58: =+H58*O58 -> 836000 | Q58: =ROUND(O58+(O58*5.1%),0) -> 799 | R58: =+H58*Q58 -> 878900 | T58: =+M58 -> 681 | U58: =+Q58 -> 799 | W58: {=+MIN(IF(T58:U58>0,T58:U58))} -> 681 | X58: {=MAX(IF(T58:U58>0,T58:U58))} -> 799 | Y58: {=ROUND(AVERAGE(IF(T58:U58>0,T58:U58)),0)} -> 740 | Z58: =ROUND(MEDIAN(T58,U58),0) -> 740 | AA58: =ROUND(GEOMEAN(T58,U58),0) -> 738 | AB58: =ROUND(TRIMMEAN(T58:U58,$AB$3),0) -> 740 | AC58: =ROUND(HARMEAN(T58:U58),0) -> 735 | AD58: {=STDEVA(IF(T58:U58>0,T58:U58))} -> 83.4386 | AF58: =_xlfn.XLOOKUP(AG58,X58:AD58,$X$8:$AD$8,0) -> MAX | AG58: =+MAX(X58:AC58) -> 799
B59: 50 | C59: Desinfeccion, fumigacion | D59: IF PUERTO SALGAR | E59: PUERTO SALGAR - CUNDINAMARCA | F59: Carrera 1 No. 24 - 10 | G59: M2 | H59: 823 | I59: 616 | J59: =+H59*I59 -> 506968 | K59: =ROUND(I59+(I59*5.2%),0) -> 648 | L59: =+H59*K59 -> 533304 | M59: =ROUND(K59+(K59*5.1%),0) -> 681 | N59: =+H59*M59 -> 560463 | O59: 760 | P59: =+H59*O59 -> 625480 | Q59: =ROUND(O59+(O59*5.1%),0) -> 799 | R59: =+H59*Q59 -> 657577 | T59: =+M59 -> 681 | U59: =+Q59 -> 799 | W59: {=+MIN(IF(T59:U59>0,T59:U59))} -> 681 | X59: {=MAX(IF(T59:U59>0,T59:U59))} -> 799 | Y59: {=ROUND(AVERAGE(IF(T59:U59>0,T59:U59)),0)} -> 740 | Z59: =ROUND(MEDIAN(T59,U59),0) -> 740 | AA59: =ROUND(GEOMEAN(T59,U59),0) -> 738 | AB59: =ROUND(TRIMMEAN(T59:U59,$AB$3),0) -> 740 | AC59: =ROUND(HARMEAN(T59:U59),0) -> 735 | AD59: {=STDEVA(IF(T59:U59>0,T59:U59))} -> 83.4386 | AF59: =_xlfn.XLOOKUP(AG59,X59:AD59,$X$8:$AD$8,0) -> MAX | AG59: =+MAX(X59:AC59) -> 799
B60: 51 | C60: Desinfeccion, fumigacion | D60: IF QUIBDÓ | E60: QUIBDÓ - CHOCO | F60: Barrio Maket - Calle Principal | G60: M2 | H60: 234 | I60: 616 | J60: =+H60*I60 -> 144144 | K60: =ROUND(I60+(I60*5.2%),0) -> 648 | L60: =+H60*K60 -> 151632 | M60: =ROUND(K60+(K60*5.1%),0) -> 681 | N60: =+H60*M60 -> 159354 | O60: 760 | P60: =+H60*O60 -> 177840 | Q60: =ROUND(O60+(O60*5.1%),0) -> 799 | R60: =+H60*Q60 -> 186966 | T60: =+M60 -> 681 | U60: =+Q60 -> 799 | W60: {=+MIN(IF(T60:U60>0,T60:U60))} -> 681 | X60: {=MAX(IF(T60:U60>0,T60:U60))} -> 799 | Y60: {=ROUND(AVERAGE(IF(T60:U60>0,T60:U60)),0)} -> 740 | Z60: =ROUND(MEDIAN(T60,U60),0) -> 740 | AA60: =ROUND(GEOMEAN(T60,U60),0) -> 738 | AB60: =ROUND(TRIMMEAN(T60:U60,$AB$3),0) -> 740 | AC60: =ROUND(HARMEAN(T60:U60),0) -> 735 | AD60: {=STDEVA(IF(T60:U60>0,T60:U60))} -> 83.4386 | AF60: =_xlfn.XLOOKUP(AG60,X60:AD60,$X$8:$AD$8,0) -> MAX | AG60: =+MAX(X60:AC60) -> 799
B61: 52 | C61: Desinfeccion, fumigacion | D61: IF RIOSUCIO | E61: RIOSUCIO - CHOCO | F61: Calle 21 N°5-15/23 Centro Muelle Fluvial | G61: M2 | H61: 45 | I61: 616 | J61: =+H61*I61 -> 27720 | K61: =ROUND(I61+(I61*5.2%),0) -> 648 | L61: =+H61*K61 -> 29160 | M61: =ROUND(K61+(K61*5.1%),0) -> 681 | N61: =+H61*M61 -> 30645 | O61: 760 | P61: =+H61*O61 -> 34200 | Q61: =ROUND(O61+(O61*5.1%),0) -> 799 | R61: =+H61*Q61 -> 35955 | T61: =+M61 -> 681 | U61: =+Q61 -> 799 | W61: {=+MIN(IF(T61:U61>0,T61:U61))} -> 681 | X61: {=MAX(IF(T61:U61>0,T61:U61))} -> 799 | Y61: {=ROUND(AVERAGE(IF(T61:U61>0,T61:U61)),0)} -> 740 | Z61: =ROUND(MEDIAN(T61,U61),0) -> 740 | AA61: =ROUND(GEOMEAN(T61,U61),0) -> 738 | AB61: =ROUND(TRIMMEAN(T61:U61,$AB$3),0) -> 740 | AC61: =ROUND(HARMEAN(T61:U61),0) -> 735 | AD61: {=STDEVA(IF(T61:U61>0,T61:U61))} -> 83.4386 | AF61: =_xlfn.XLOOKUP(AG61,X61:AD61,$X$8:$AD$8,0) -> MAX | AG61: =+MAX(X61:AC61) -> 799
B62: 53 | C62: Desinfeccion, fumigacion | D62: IF SAN JOSE DE GUAVIARE | E62: SAN JOSE DE GUAVIARE - GUAVIARE | F62: Calle 6 # 2 – 52/56 en la ciudad de Solano - Caquetá | G62: M2 | H62: 325 | I62: 616 | J62: =+H62*I62 -> 200200 | K62: =ROUND(I62+(I62*5.2%),0) -> 648 | L62: =+H62*K62 -> 210600 | M62: =ROUND(K62+(K62*5.1%),0) -> 681 | N62: =+H62*M62 -> 221325 | O62: 760 | P62: =+H62*O62 -> 247000 | Q62: =ROUND(O62+(O62*5.1%),0) -> 799 | R62: =+H62*Q62 -> 259675 | T62: =+M62 -> 681 | U62: =+Q62 -> 799 | W62: {=+MIN(IF(T62:U62>0,T62:U62))} -> 681 | X62: {=MAX(IF(T62:U62>0,T62:U62))} -> 799 | Y62: {=ROUND(AVERAGE(IF(T62:U62>0,T62:U62)),0)} -> 740 | Z62: =ROUND(MEDIAN(T62,U62),0) -> 740 | AA62: =ROUND(GEOMEAN(T62,U62),0) -> 738 | AB62: =ROUND(TRIMMEAN(T62:U62,$AB$3),0) -> 740 | AC62: =ROUND(HARMEAN(T62:U62),0) -> 735 | AD62: {=STDEVA(IF(T62:U62>0,T62:U62))} -> 83.4386 | AF62: =_xlfn.XLOOKUP(AG62,X62:AD62,$X$8:$AD$8,0) -> MAX | AG62: =+MAX(X62:AC62) -> 799
B63: 54 | C63: Desinfeccion, fumigacion | D63: IF SOLANO | E63: SOLANO - CAQUETA | F63: Calle 100 No. 12 - 65. Edificio El Pirata. Local 2 | G63: M2 | H63: 135 | I63: 616 | J63: =+H63*I63 -> 83160 | K63: =ROUND(I63+(I63*5.2%),0) -> 648 | L63: =+H63*K63 -> 87480 | M63: =ROUND(K63+(K63*5.1%),0) -> 681 | N63: =+H63*M63 -> 91935 | O63: 760 | P63: =+H63*O63 -> 102600 | Q63: =ROUND(O63+(O63*5.1%),0) -> 799 | R63: =+H63*Q63 -> 107865 | T63: =+M63 -> 681 | U63: =+Q63 -> 799 | W63: {=+MIN(IF(T63:U63>0,T63:U63))} -> 681 | X63: {=MAX(IF(T63:U63>0,T63:U63))} -> 799 | Y63: {=ROUND(AVERAGE(IF(T63:U63>0,T63:U63)),0)} -> 740 | Z63: =ROUND(MEDIAN(T63,U63),0) -> 740 | AA63: =ROUND(GEOMEAN(T63,U63),0) -> 738 | AB63: =ROUND(TRIMMEAN(T63:U63,$AB$3),0) -> 740 | AC63: =ROUND(HARMEAN(T63:U63),0) -> 735 | AD63: {=STDEVA(IF(T63:U63>0,T63:U63))} -> 83.4386 | AF63: =_xlfn.XLOOKUP(AG63,X63:AD63,$X$8:$AD$8,0) -> MAX | AG63: =+MAX(X63:AC63) -> 799
B64: 55 | C64: Desinfeccion, fumigacion | D64: IF TURBO | E64: TURBO - ANTIOQUIA | F64: Calle 40 No. 21 - 75 Instalaciones del INVIAS - Yopal, Casanare | G64: M2 | H64: 44 | I64: 616 | J64: =+H64*I64 -> 27104 | K64: =ROUND(I64+(I64*5.2%),0) -> 648 | L64: =+H64*K64 -> 28512 | M64: =ROUND(K64+(K64*5.1%),0) -> 681 | N64: =+H64*M64 -> 29964 | O64: 760 | P64: =+H64*O64 -> 33440 | Q64: =ROUND(O64+(O64*5.1%),0) -> 799 | R64: =+H64*Q64 -> 35156 | T64: =+M64 -> 681 | U64: =+Q64 -> 799 | W64: {=+MIN(IF(T64:U64>0,T64:U64))} -> 681 | X64: {=MAX(IF(T64:U64>0,T64:U64))} -> 799 | Y64: {=ROUND(AVERAGE(IF(T64:U64>0,T64:U64)),0)} -> 740 | Z64: =ROUND(MEDIAN(T64,U64),0) -> 740 | AA64: =ROUND(GEOMEAN(T64,U64),0) -> 738 | AB64: =ROUND(TRIMMEAN(T64:U64,$AB$3),0) -> 740 | AC64: =ROUND(HARMEAN(T64:U64),0) -> 735 | AD64: {=STDEVA(IF(T64:U64>0,T64:U64))} -> 83.4386 | AF64: =_xlfn.XLOOKUP(AG64,X64:AD64,$X$8:$AD$8,0) -> MAX | AG64: =+MAX(X64:AC64) -> 799
... B72: 54 | C72: Termonebulizacion | D72: DT CORDOBA | E72: MONTERIA - CORDOBA | F72: CALLE 55 nº 6- 1-95 Barrio Castellana | G72: M2 | H72: 38 | I72: 3474 | J72: =+H72*I72 -> 132012 | K72: =ROUND(I72+(I72*5.2%),0) -> 3655 | L72: =+H72*K72 -> 138890 | M72: =ROUND(K72+(K72*5.1%),0) -> 3841 | N72: =+H72*M72 -> 145958 | O72: 4100 | P72: =+H72*O72 -> 155800 | Q72: =ROUND(O72+(O72*5.1%),0) -> 4309 | R72: =+H72*Q72 -> 163742 | T72: =+M72 -> 3841 | U72: =+Q72 -> 4309 | W72: {=+MIN(IF(T72:U72>0,T72:U72))} -> 3841 | X72: {=MAX(IF(T72:U72>0,T72:U72))} -> 4309 | Y72: {=ROUND(AVERAGE(IF(T72:U72>0,T72:U72)),0)} -> 4075 | Z72: =ROUND(MEDIAN(T72,U72),0) -> 4075 | AA72: =ROUND(GEOMEAN(T72,U72),0) -> 4068 | AB72: =ROUND(TRIMMEAN(T72:U72,$AB$3),0) -> 4075 | AC72: =ROUND(HARMEAN(T72:U72),0) -> 4062 | AD72: {=STDEVA(IF(T72:U72>0,T72:U72))} -> 330.92597 | AF72: =_xlfn.XLOOKUP(AG72,X72:AD72,$X$8:$AD$8,0) -> MAX | AG72: =+MAX(X72:AC72) -> 4309
B73: 55 | C73: Termonebulizacion | D73: DT CUNDINAMARCA | F73: Centro Comercial Gran Estacion II - 9no y 10mo piso | G73: M2 | H73: 357 | I73: 3474 | J73: =+H73*I73 -> 1240218 | K73: =ROUND(I73+(I73*5.2%),0) -> 3655 | L73: =+H73*K73 -> 1304835 | M73: =ROUND(K73+(K73*5.1%),0) -> 3841 | N73: =+H73*M73 -> 1371237 | O73: 4100 | P73: =+H73*O73 -> 1463700 | Q73: =ROUND(O73+(O73*5.1%),0) -> 4309 | R73: =+H73*Q73 -> 1538313 | T73: =+M73 -> 3841 | U73: =+Q73 -> 4309 | W73: {=+MIN(IF(T73:U73>0,T73:U73))} -> 3841 | X73: {=MAX(IF(T73:U73>0,T73:U73))} -> 4309 | Y73: {=ROUND(AVERAGE(IF(T73:U73>0,T73:U73)),0)} -> 4075 | Z73: =ROUND(MEDIAN(T73,U73),0) -> 4075 | AA73: =ROUND(GEOMEAN(T73,U73),0) -> 4068 | AB73: =ROUND(TRIMMEAN(T73:U73,$AB$3),0) -> 4075 | AC73: =ROUND(HARMEAN(T73:U73),0) -> 4062 | AD73: {=STDEVA(IF(T73:U73>0,T73:U73))} -> 330.92597 | AF73: =_xlfn.XLOOKUP(AG73,X73:AD73,$X$8:$AD$8,0) -> MAX | AG73: =+MAX(X73:AC73) -> 4309
B74: 56 | C74: Termonebulizacion | D74: DT CUNDINAMARCA | F74: Carrera 128 #17-15, Archivo Central | G74: M2 | H74: 3826 | I74: 3474 | J74: =+H74*I74 -> 13291524 | K74: =ROUND(I74+(I74*5.2%),0) -> 3655 | L74: =+H74*K74 -> 13984030 | M74: =ROUND(K74+(K74*5.1%),0) -> 3841 | N74: =+H74*M74 -> 14695666 | O74: 4100 | P74: =+H74*O74 -> 15686600 | Q74: =ROUND(O74+(O74*5.1%),0) -> 4309 | R74: =+H74*Q74 -> 16486234 | T74: =+M74 -> 3841 | U74: =+Q74 -> 4309 | W74: {=+MIN(IF(T74:U74>0,T74:U74))} -> 3841 | X74: {=MAX(IF(T74:U74>0,T74:U74))} -> 4309 | Y74: {=ROUND(AVERAGE(IF(T74:U74>0,T74:U74)),0)} -> 4075 | Z74: =ROUND(MEDIAN(T74,U74),0) -> 4075 | AA74: =ROUND(GEOMEAN(T74,U74),0) -> 4068 | AB74: =ROUND(TRIMMEAN(T74:U74,$AB$3),0) -> 4075 | AC74: =ROUND(HARMEAN(T74:U74),0) -> 4062 | AD74: {=STDEVA(IF(T74:U74>0,T74:U74))} -> 330.92597 | AF74: =_xlfn.XLOOKUP(AG74,X74:AD74,$X$8:$AD$8,0) -> MAX | AG74: =+MAX(X74:AC74) -> 4309
B75: 57 | C75: Termonebulizacion | D75: DT CUNDINAMARCA | F75: Centro empresarial Dorado Plaza, Av. Calle 26 No.85-D-55, 2do piso | G75: M2 | H75: 12 | I75: 3474 | J75: =+H75*I75 -> 41688 | K75: =ROUND(I75+(I75*5.2%),0) -> 3655 | L75: =+H75*K75 -> 43860 | M75: =ROUND(K75+(K75*5.1%),0) -> 3841 | N75: =+H75*M75 -> 46092 | O75: 4100 | P75: =+H75*O75 -> 49200 | Q75: =ROUND(O75+(O75*5.1%),0) -> 4309 | R75: =+H75*Q75 -> 51708 | T75: =+M75 -> 3841 | U75: =+Q75 -> 4309 | W75: {=+MIN(IF(T75:U75>0,T75:U75))} -> 3841 | X75: {=MAX(IF(T75:U75>0,T75:U75))} -> 4309 | Y75: {=ROUND(AVERAGE(IF(T75:U75>0,T75:U75)),0)} -> 4075 | Z75: =ROUND(MEDIAN(T75,U75),0) -> 4075 | AA75: =ROUND(GEOMEAN(T75,U75),0) -> 4068 | AB75: =ROUND(TRIMMEAN(T75:U75,$AB$3),0) -> 4075 | AC75: =ROUND(HARMEAN(T75:U75),0) -> 4062 | AD75: {=STDEVA(IF(T75:U75>0,T75:U75))} -> 330.92597 | AF75: =_xlfn.XLOOKUP(AG75,X75:AD75,$X$8:$AD$8,0) -> MAX | AG75: =+MAX(X75:AC75) -> 4309
B76: 59 | C76: Termonebulizacion | D76: DT GUAJIRA | E76: NEIVA - HUILA | F76: CARRERA 5 No. 18-19 Centro NEIVA | G76: M2 | H76: 27 | I76: 3474 | J76: =+H76*I76 -> 93798 | K76: =ROUND(I76+(I76*5.2%),0) -> 3655 | L76: =+H76*K76 -> 98685 | M76: =ROUND(K76+(K76*5.1%),0) -> 3841 | N76: =+H76*M76 -> 103707 | O76: 4100 | P76: =+H76*O76 -> 110700 | Q76: =ROUND(O76+(O76*5.1%),0) -> 4309 | R76: =+H76*Q76 -> 116343 | T76: =+M76 -> 3841 | U76: =+Q76 -> 4309 | W76: {=+MIN(IF(T76:U76>0,T76:U76))} -> 3841 | X76: {=MAX(IF(T76:U76>0,T76:U76))} -> 4309 | Y76: {=ROUND(AVERAGE(IF(T76:U76>0,T76:U76)),0)} -> 4075 | Z76: =ROUND(MEDIAN(T76,U76),0) -> 4075 | AA76: =ROUND(GEOMEAN(T76,U76),0) -> 4068 | AB76: =ROUND(TRIMMEAN(T76:U76,$AB$3),0) -> 4075 | AC76: =ROUND(HARMEAN(T76:U76),0) -> 4062 | AD76: {=STDEVA(IF(T76:U76>0,T76:U76))} -> 330.92597 | AF76: =_xlfn.XLOOKUP(AG76,X76:AD76,$X$8:$AD$8,0) -> MAX | AG76: =+MAX(X76:AC76) -> 4309
B77: 60 | C77: Termonebulizacion | D77: DT HUILA | E77: VILLAVICENCIO - META | F77: Transversal 28 No 41 - 101 Barrio La Grama | G77: M2 | H77: 63 | I77: 3474 | J77: =+H77*I77 -> 218862 | K77: =ROUND(I77+(I77*5.2%),0) -> 3655 | L77: =+H77*K77 -> 230265 | M77: =ROUND(K77+(K77*5.1%),0) -> 3841 | N77: =+H77*M77 -> 241983 | O77: 4100 | P77: =+H77*O77 -> 258300 | Q77: =ROUND(O77+(O77*5.1%),0) -> 4309 | R77: =+H77*Q77 -> 271467 | T77: =+M77 -> 3841 | U77: =+Q77 -> 4309 | W77: {=+MIN(IF(T77:U77>0,T77:U77))} -> 3841 | X77: {=MAX(IF(T77:U77>0,T77:U77))} -> 4309 | Y77: {=ROUND(AVERAGE(IF(T77:U77>0,T77:U77)),0)} -> 4075 | Z77: =ROUND(MEDIAN(T77,U77),0) -> 4075 | AA77: =ROUND(GEOMEAN(T77,U77),0) -> 4068 | AB77: =ROUND(TRIMMEAN(T77:U77,$AB$3),0) -> 4075 | AC77: =ROUND(HARMEAN(T77:U77),0) -> 4062 | AD77: {=STDEVA(IF(T77:U77>0,T77:U77))} -> 330.92597 | AF77: =_xlfn.XLOOKUP(AG77,X77:AD77,$X$8:$AD$8,0) -> MAX | AG77: =+MAX(X77:AC77) -> 4309
B78: 61 | C78: Termonebulizacion | D78: DT MAGDALENA | F78: Carrera 4 No. 26-40 Ciudad Comercial Prado Plaza 401 | G78: M2 | H78: 13 | I78: 3474 | J78: =+H78*I78 -> 45162 | K78: =ROUND(I78+(I78*5.2%),0) -> 3655 | L78: =+H78*K78 -> 47515 | M78: =ROUND(K78+(K78*5.1%),0) -> 3841 | N78: =+H78*M78 -> 49933 | O78: 4100 | P78: =+H78*O78 -> 53300 | Q78: =ROUND(O78+(O78*5.1%),0) -> 4309 | R78: =+H78*Q78 -> 56017 | T78: =+M78 -> 3841 | U78: =+Q78 -> 4309 | W78: {=+MIN(IF(T78:U78>0,T78:U78))} -> 3841 | X78: {=MAX(IF(T78:U78>0,T78:U78))} -> 4309 | Y78: {=ROUND(AVERAGE(IF(T78:U78>0,T78:U78)),0)} -> 4075 | Z78: =ROUND(MEDIAN(T78,U78),0) -> 4075 | AA78: =ROUND(GEOMEAN(T78,U78),0) -> 4068 | AB78: =ROUND(TRIMMEAN(T78:U78,$AB$3),0) -> 4075 | AC78: =ROUND(HARMEAN(T78:U78),0) -> 4062 | AD78: {=STDEVA(IF(T78:U78>0,T78:U78))} -> 330.92597 | AF78: =_xlfn.XLOOKUP(AG78,X78:AD78,$X$8:$AD$8,0) -> MAX | AG78: =+MAX(X78:AC78) -> 4309
B79: 62 | C79: Termonebulizacion | D79: DT META | E79: PASTO - NARIÑO | F79: LOS ROSALES II - ANGANOY-EDIFICIO INVIAS-PASTO-NARIÑO | G79: M2 | H79: 180 | I79: 3474 | J79: =+H79*I79 -> 625320 | K79: =ROUND(I79+(I79*5.2%),0) -> 3655 | L79: =+H79*K79 -> 657900 | M79: =ROUND(K79+(K79*5.1%),0) -> 3841 | N79: =+H79*M79 -> 691380 | O79: 4100 | P79: =+H79*O79 -> 738000 | Q79: =ROUND(O79+(O79*5.1%),0) -> 4309 | R79: =+H79*Q79 -> 775620 | T79: =+M79 -> 3841 | U79: =+Q79 -> 4309 | W79: {=+MIN(IF(T79:U79>0,T79:U79))} -> 3841 | X79: {=MAX(IF(T79:U79>0,T79:U79))} -> 4309 | Y79: {=ROUND(AVERAGE(IF(T79:U79>0,T79:U79)),0)} -> 4075 | Z79: =ROUND(MEDIAN(T79,U79),0) -> 4075 | AA79: =ROUND(GEOMEAN(T79,U79),0) -> 4068 | AB79: =ROUND(TRIMMEAN(T79:U79,$AB$3),0) -> 4075 | AC79: =ROUND(HARMEAN(T79:U79),0) -> 4062 | AD79: {=STDEVA(IF(T79:U79>0,T79:U79))} -> 330.92597 | AF79: =_xlfn.XLOOKUP(AG79,X79:AD79,$X$8:$AD$8,0) -> MAX | AG79: =+MAX(X79:AC79) -> 4309
B80: 63 | C80: Termonebulizacion | D80: DT NARIÑO | E80: CUCUTA - NTE. SANTANDER | F80: AV.DEMETRIO MENDOZA- ANTIGUA SEDE M.O.P.T. BARRIO SAN LUIS -CÚCUTA | G80: M2 | H80: 100 | I80: 3474 | J80: =+H80*I80 -> 347400 | K80: =ROUND(I80+(I80*5.2%),0) -> 3655 | L80: =+H80*K80 -> 365500 | M80: =ROUND(K80+(K80*5.1%),0) -> 3841 | N80: =+H80*M80 -> 384100 | O80: 4100 | P80: =+H80*O80 -> 410000 | Q80: =ROUND(O80+(O80*5.1%),0) -> 4309 | R80: =+H80*Q80 -> 430900 | T80: =+M80 -> 3841 | U80: =+Q80 -> 4309 | W80: {=+MIN(IF(T80:U80>0,T80:U80))} -> 3841 | X80: {=MAX(IF(T80:U80>0,T80:U80))} -> 4309 | Y80: {=ROUND(AVERAGE(IF(T80:U80>0,T80:U80)),0)} -> 4075 | Z80: =ROUND(MEDIAN(T80,U80),0) -> 4075 | AA80: =ROUND(GEOMEAN(T80,U80),0) -> 4068 | AB80: =ROUND(TRIMMEAN(T80:U80,$AB$3),0) -> 4075 | AC80: =ROUND(HARMEAN(T80:U80),0) -> 4062 | AD80: {=STDEVA(IF(T80:U80>0,T80:U80))} -> 330.92597 | AF80: =_xlfn.XLOOKUP(AG80,X80:AD80,$X$8:$AD$8,0) -> MAX | AG80: =+MAX(X80:AC80) -> 4309
B81: 64 | C81: Termonebulizacion | D81: DT NORTE DE SANTANDER | E81: ARMENIA - QUINDIO | F81: Carrera 14 No.1-333 Local 10 - C.Comercial Baleraes | G81: M2 | H81: 10 | I81: 3474 | J81: =+H81*I81 -> 34740 | K81: =ROUND(I81+(I81*5.2%),0) -> 3655 | L81: =+H81*K81 -> 36550 | M81: =ROUND(K81+(K81*5.1%),0) -> 3841 | N81: =+H81*M81 -> 38410 | O81: 4100 | P81: =+H81*O81 -> 41000 | Q81: =ROUND(O81+(O81*5.1%),0) -> 4309 | R81: =+H81*Q81 -> 43090 | T81: =+M81 -> 3841 | U81: =+Q81 -> 4309 | W81: {=+MIN(IF(T81:U81>0,T81:U81))} -> 3841 | X81: {=MAX(IF(T81:U81>0,T81:U81))} -> 4309 | Y81: {=ROUND(AVERAGE(IF(T81:U81>0,T81:U81)),0)} -> 4075 | Z81: =ROUND(MEDIAN(T81,U81),0) -> 4075 | AA81: =ROUND(GEOMEAN(T81,U81),0) -> 4068 | AB81: =ROUND(TRIMMEAN(T81:U81,$AB$3),0) -> 4075 | AC81: =ROUND(HARMEAN(T81:U81),0) -> 4062 | AD81: {=STDEVA(IF(T81:U81>0,T81:U81))} -> 330.92597 | AF81: =_xlfn.XLOOKUP(AG81,X81:AD81,$X$8:$AD$8,0) -> MAX | AG81: =+MAX(X81:AC81) -> 4309
B82: 65 | C82: Termonebulizacion | D82: DT QUINDIO | E82: PEREIRA - RISARALDA | F82: VIA MERCASA AVENIDA DE LAS AMERICAS | G82: M2 | H82: 36 | I82: 3474 | J82: =+H82*I82 -> 125064 | K82: =ROUND(I82+(I82*5.2%),0) -> 3655 | L82: =+H82*K82 -> 131580 | M82: =ROUND(K82+(K82*5.1%),0) -> 3841 | N82: =+H82*M82 -> 138276 | O82: 4100 | P82: =+H82*O82 -> 147600 | Q82: =ROUND(O82+(O82*5.1%),0) -> 4309 | R82: =+H82*Q82 -> 155124 | T82: =+M82 -> 3841 | U82: =+Q82 -> 4309 | W82: {=+MIN(IF(T82:U82>0,T82:U82))} -> 3841 | X82: {=MAX(IF(T82:U82>0,T82:U82))} -> 4309 | Y82: {=ROUND(AVERAGE(IF(T82:U82>0,T82:U82)),0)} -> 4075 | Z82: =ROUND(MEDIAN(T82,U82),0) -> 4075 | AA82: =ROUND(GEOMEAN(T82,U82),0) -> 4068 | AB82: =ROUND(TRIMMEAN(T82:U82,$AB$3),0) -> 4075 | AC82: =ROUND(HARMEAN(T82:U82),0) -> 4062 | AD82: {=STDEVA(IF(T82:U82>0,T82:U82))} -> 330.92597 | AF82: =_xlfn.XLOOKUP(AG82,X82:AD82,$X$8:$AD$8,0) -> MAX | AG82: =+MAX(X82:AC82) -> 4309
B83: 66 | C83: Termonebulizacion | D83: DT RISARALDA | E83: BUCARAMANGA - SANTANDER | F83: KILÓMETRO 1. RUITOQUE ANTIGUO DISTRITO 15- FLORIDA BLANCA | G83: M2 | H83: 4 | I83: 3474 | J83: =+H83*I83 -> 13896 | K83: =ROUND(I83+(I83*5.2%),0) -> 3655 | L83: =+H83*K83 -> 14620 | M83: =ROUND(K83+(K83*5.1%),0) -> 3841 | N83: =+H83*M83 -> 15364 | O83: 4100 | P83: =+H83*O83 -> 16400 | Q83: =ROUND(O83+(O83*5.1%),0) -> 4309 | R83: =+H83*Q83 -> 17236 | T83: =+M83 -> 3841 | U83: =+Q83 -> 4309 | W83: {=+MIN(IF(T83:U83>0,T83:U83))} -> 3841 | X83: {=MAX(IF(T83:U83>0,T83:U83))} -> 4309 | Y83: {=ROUND(AVERAGE(IF(T83:U83>0,T83:U83)),0)} -> 4075 | Z83: =ROUND(MEDIAN(T83,U83),0) -> 4075 | AA83: =ROUND(GEOMEAN(T83,U83),0) -> 4068 | AB83: =ROUND(TRIMMEAN(T83:U83,$AB$3),0) -> 4075 | AC83: =ROUND(HARMEAN(T83:U83),0) -> 4062 | AD83: {=STDEVA(IF(T83:U83>0,T83:U83))} -> 330.92597 | AF83: =_xlfn.XLOOKUP(AG83,X83:AD83,$X$8:$AD$8,0) -> MAX | AG83: =+MAX(X83:AC83) -> 4309
B84: 67 | C84: Termonebulizacion | D84: DT SANTANDER | E84: IBAGUE - TOLIMA | F84: Carrera 5ª Calle 60 Barrio El Jordan 1ª etapa | G84: M2 | H84: 101 | I84: 3474 | J84: =+H84*I84 -> 350874 | K84: =ROUND(I84+(I84*5.2%),0) -> 3655 | L84: =+H84*K84 -> 369155 | M84: =ROUND(K84+(K84*5.1%),0) -> 3841 | N84: =+H84*M84 -> 387941 | O84: 4100 | P84: =+H84*O84 -> 414100 | Q84: =ROUND(O84+(O84*5.1%),0) -> 4309 | R84: =+H84*Q84 -> 435209 | T84: =+M84 -> 3841 | U84: =+Q84 -> 4309 | W84: {=+MIN(IF(T84:U84>0,T84:U84))} -> 3841 | X84: {=MAX(IF(T84:U84>0,T84:U84))} -> 4309 | Y84: {=ROUND(AVERAGE(IF(T84:U84>0,T84:U84)),0)} -> 4075 | Z84: =ROUND(MEDIAN(T84,U84),0) -> 4075 | AA84: =ROUND(GEOMEAN(T84,U84),0) -> 4068 | AB84: =ROUND(TRIMMEAN(T84:U84,$AB$3),0) -> 4075 | AC84: =ROUND(HARMEAN(T84:U84),0) -> 4062 | AD84: {=STDEVA(IF(T84:U84>0,T84:U84))} -> 330.92597 | AF84: =_xlfn.XLOOKUP(AG84,X84:AD84,$X$8:$AD$8,0) -> MAX | AG84: =+MAX(X84:AC84) -> 4309
B85: 68 | C85: Termonebulizacion | D85: DT TOLIMA | E85: CALI - VALLE DEL CAUCA | F85: Carrera 39 A No. 5D-10 Barrio Tequendama | G85: M2 | H85: 62 | I85: 3474 | J85: =+H85*I85 -> 215388 | K85: =ROUND(I85+(I85*5.2%),0) -> 3655 | L85: =+H85*K85 -> 226610 | M85: =ROUND(K85+(K85*5.1%),0) -> 3841 | N85: =+H85*M85 -> 238142 | O85: 4100 | P85: =+H85*O85 -> 254200 | Q85: =ROUND(O85+(O85*5.1%),0) -> 4309 | R85: =+H85*Q85 -> 267158 | T85: =+M85 -> 3841 | U85: =+Q85 -> 4309 | W85: {=+MIN(IF(T85:U85>0,T85:U85))} -> 3841 | X85: {=MAX(IF(T85:U85>0,T85:U85))} -> 4309 | Y85: {=ROUND(AVERAGE(IF(T85:U85>0,T85:U85)),0)} -> 4075 | Z85: =ROUND(MEDIAN(T85,U85),0) -> 4075 | AA85: =ROUND(GEOMEAN(T85,U85),0) -> 4068 | AB85: =ROUND(TRIMMEAN(T85:U85,$AB$3),0) -> 4075 | AC85: =ROUND(HARMEAN(T85:U85),0) -> 4062 | AD85: {=STDEVA(IF(T85:U85>0,T85:U85))} -> 330.92597 | AF85: =_xlfn.XLOOKUP(AG85,X85:AD85,$X$8:$AD$8,0) -> MAX | AG85: =+MAX(X85:AC85) -> 4309
B86: 69 | C86: Termonebulizacion | D86: DT VALLE DEL CAUCA | E86: ARAUCA - ARAUCA | F86: Calle 23 No. 26-17 – Municipio de Arauca | G86: M2 | H86: 55 | I86: 3474 | J86: =+H86*I86 -> 191070 | K86: =ROUND(I86+(I86*5.2%),0) -> 3655 | L86: =+H86*K86 -> 201025 | M86: =ROUND(K86+(K86*5.1%),0) -> 3841 | N86: =+H86*M86 -> 211255 | O86: 4100 | P86: =+H86*O86 -> 225500 | Q86: =ROUND(O86+(O86*5.1%),0) -> 4309 | R86: =+H86*Q86 -> 236995 | T86: =+M86 -> 3841 | U86: =+Q86 -> 4309 | W86: {=+MIN(IF(T86:U86>0,T86:U86))} -> 3841 | X86: {=MAX(IF(T86:U86>0,T86:U86))} -> 4309 | Y86: {=ROUND(AVERAGE(IF(T86:U86>0,T86:U86)),0)} -> 4075 | Z86: =ROUND(MEDIAN(T86,U86),0) -> 4075 | AA86: =ROUND(GEOMEAN(T86,U86),0) -> 4068 | AB86: =ROUND(TRIMMEAN(T86:U86,$AB$3),0) -> 4075 | AC86: =ROUND(HARMEAN(T86:U86),0) -> 4062 | AD86: {=STDEVA(IF(T86:U86>0,T86:U86))} -> 330.92597 | AF86: =_xlfn.XLOOKUP(AG86,X86:AD86,$X$8:$AD$8,0) -> MAX | AG86: =+MAX(X86:AC86) -> 4309
B87: 70 | C87: Termonebulizacion | D87: OFICINA SUCRE | E87: SINCELEJO SUCRE | F87: Cl. 38 No. 8-159 Carrera Troncal (Calle 1a del Comercio) | G87: M2 | H87: 25 | I87: 3474 | J87: =+H87*I87 -> 86850 | K87: =ROUND(I87+(I87*5.2%),0) -> 3655 | L87: =+H87*K87 -> 91375 | M87: =ROUND(K87+(K87*5.1%),0) -> 3841 | N87: =+H87*M87 -> 96025 | O87: 4100 | P87: =+H87*O87 -> 102500 | Q87: =ROUND(O87+(O87*5.1%),0) -> 4309 | R87: =+H87*Q87 -> 107725 | T87: =+M87 -> 3841 | U87: =+Q87 -> 4309 | W87: {=+MIN(IF(T87:U87>0,T87:U87))} -> 3841 | X87: {=MAX(IF(T87:U87>0,T87:U87))} -> 4309 | Y87: {=ROUND(AVERAGE(IF(T87:U87>0,T87:U87)),0)} -> 4075 | Z87: =ROUND(MEDIAN(T87,U87),0) -> 4075 | AA87: =ROUND(GEOMEAN(T87,U87),0) -> 4068 | AB87: =ROUND(TRIMMEAN(T87:U87,$AB$3),0) -> 4075 | AC87: =ROUND(HARMEAN(T87:U87),0) -> 4062 | AD87: {=STDEVA(IF(T87:U87>0,T87:U87))} -> 330.92597 | AF87: =_xlfn.XLOOKUP(AG87,X87:AD87,$X$8:$AD$8,0) -> MAX | AG87: =+MAX(X87:AC87) -> 4309
C88: Termonebulizacion | D88: OFICINA YOPAL | E88: YOPAL | F88: Calle 40 No. 21 - 75 Instalaciones del INVIAS - Yopal, Casanare | G88: M2 | H88: 10 | I88: 3474 | J88: =+H88*I88 -> 34740 | K88: =ROUND(I88+(I88*5.2%),0) -> 3655 | L88: =+H88*K88 -> 36550 | M88: =ROUND(K88+(K88*5.1%),0) -> 3841 | N88: =+H88*M88 -> 38410 | O88: 4100 | P88: =+H88*O88 -> 41000 | Q88: =ROUND(O88+(O88*5.1%),0) -> 4309 | R88: =+H88*Q88 -> 43090 | T88: =+M88 -> 3841 | U88: =+Q88 -> 4309 | W88: {=+MIN(IF(T88:U88>0,T88:U88))} -> 3841 | X88: {=MAX(IF(T88:U88>0,T88:U88))} -> 4309 | Y88: {=ROUND(AVERAGE(IF(T88:U88>0,T88:U88)),0)} -> 4075 | Z88: =ROUND(MEDIAN(T88,U88),0) -> 4075 | AA88: =ROUND(GEOMEAN(T88,U88),0) -> 4068 | AB88: =ROUND(TRIMMEAN(T88:U88,$AB$3),0) -> 4075 | AC88: =ROUND(HARMEAN(T88:U88),0) -> 4062 | AD88: {=STDEVA(IF(T88:U88>0,T88:U88))} -> 330.92597 | AF88: =_xlfn.XLOOKUP(AG88,X88:AD88,$X$8:$AD$8,0) -> MAX | AG88: =+MAX(X88:AC88) -> 4309
B89: 71 | C89: Termonebulizacion | D89: IF ARAUCA | E89: ARAUCA | F89: Carrera 1 Calle 53 Esquina Terminal Fluvial Yuma | G89: M2 | H89: 10 | I89: 3474 | J89: =+H89*I89 -> 34740 | K89: =ROUND(I89+(I89*5.2%),0) -> 3655 | L89: =+H89*K89 -> 36550 | M89: =ROUND(K89+(K89*5.1%),0) -> 3841 | N89: =+H89*M89 -> 38410 | O89: 4100 | P89: =+H89*O89 -> 41000 | Q89: =ROUND(O89+(O89*5.1%),0) -> 4309 | R89: =+H89*Q89 -> 43090 | T89: =+M89 -> 3841 | U89: =+Q89 -> 4309 | W89: {=+MIN(IF(T89:U89>0,T89:U89))} -> 3841 | X89: {=MAX(IF(T89:U89>0,T89:U89))} -> 4309 | Y89: {=ROUND(AVERAGE(IF(T89:U89>0,T89:U89)),0)} -> 4075 | Z89: =ROUND(MEDIAN(T89,U89),0) -> 4075 | AA89: =ROUND(GEOMEAN(T89,U89),0) -> 4068 | AB89: =ROUND(TRIMMEAN(T89:U89,$AB$3),0) -> 4075 | AC89: =ROUND(HARMEAN(T89:U89),0) -> 4062 | AD89: {=STDEVA(IF(T89:U89>0,T89:U89))} -> 330.92597 | AF89: =_xlfn.XLOOKUP(AG89,X89:AD89,$X$8:$AD$8,0) -> MAX | AG89: =+MAX(X89:AC89) -> 4309
B90: 72 | C90: Termonebulizacion | D90: IF BETANIA | E90: BETANIA | F90: Carrera 1 No. 24-4 en el municipio de Calamar- Bolívar | G90: M2 | H90: 10 | I90: 3474 | J90: =+H90*I90 -> 34740 | K90: =ROUND(I90+(I90*5.2%),0) -> 3655 | L90: =+H90*K90 -> 36550 | M90: =ROUND(K90+(K90*5.1%),0) -> 3841 | N90: =+H90*M90 -> 38410 | O90: 4100 | P90: =+H90*O90 -> 41000 | Q90: =ROUND(O90+(O90*5.1%),0) -> 4309 | R90: =+H90*Q90 -> 43090 | T90: =+M90 -> 3841 | U90: =+Q90 -> 4309 | W90: {=+MIN(IF(T90:U90>0,T90:U90))} -> 3841 | X90: {=MAX(IF(T90:U90>0,T90:U90))} -> 4309 | Y90: {=ROUND(AVERAGE(IF(T90:U90>0,T90:U90)),0)} -> 4075 | Z90: =ROUND(MEDIAN(T90,U90),0) -> 4075 | AA90: =ROUND(GEOMEAN(T90,U90),0) -> 4068 | AB90: =ROUND(TRIMMEAN(T90:U90,$AB$3),0) -> 4075 | AC90: =ROUND(HARMEAN(T90:U90),0) -> 4062 | AD90: {=STDEVA(IF(T90:U90>0,T90:U90))} -> 330.92597 | AF90: =_xlfn.XLOOKUP(AG90,X90:AD90,$X$8:$AD$8,0) -> MAX | AG90: =+MAX(X90:AC90) -> 4309
B91: 73 | C91: Termonebulizacion | D91: IF CALAMAR | E91: CALAMAR - BOLIVAR | F91: Carrera 8 No. 7 – 42 Darien - Valle | G91: M2 | H91: 10 | I91: 3474 | J91: =+H91*I91 -> 34740 | K91: =ROUND(I91+(I91*5.2%),0) -> 3655 | L91: =+H91*K91 -> 36550 | M91: =ROUND(K91+(K91*5.1%),0) -> 3841 | N91: =+H91*M91 -> 38410 | O91: 4100 | P91: =+H91*O91 -> 41000 | Q91: =ROUND(O91+(O91*5.1%),0) -> 4309 | R91: =+H91*Q91 -> 43090 | T91: =+M91 -> 3841 | U91: =+Q91 -> 4309 | W91: {=+MIN(IF(T91:U91>0,T91:U91))} -> 3841 | X91: {=MAX(IF(T91:U91>0,T91:U91))} -> 4309 | Y91: {=ROUND(AVERAGE(IF(T91:U91>0,T91:U91)),0)} -> 4075 | Z91: =ROUND(MEDIAN(T91,U91),0) -> 4075 | AA91: =ROUND(GEOMEAN(T91,U91),0) -> 4068 | AB91: =ROUND(TRIMMEAN(T91:U91,$AB$3),0) -> 4075 | AC91: =ROUND(HARMEAN(T91:U91),0) -> 4062 | AD91: {=STDEVA(IF(T91:U91>0,T91:U91))} -> 330.92597 | AF91: =_xlfn.XLOOKUP(AG91,X91:AD91,$X$8:$AD$8,0) -> MAX | AG91: =+MAX(X91:AC91) -> 4309
B92: 74 | C92: Termonebulizacion | D92: IF CALIMA | E92: CALIMA - VALLE DEL CAUCA | F92: Calle 5 # 6-36 Cartagena del Chairá (Caquetá) | G92: M2 | H92: 24 | I92: 3474 | J92: =+H92*I92 -> 83376 | K92: =ROUND(I92+(I92*5.2%),0) -> 3655 | L92: =+H92*K92 -> 87720 | M92: =ROUND(K92+(K92*5.1%),0) -> 3841 | N92: =+H92*M92 -> 92184 | O92: 4100 | P92: =+H92*O92 -> 98400 | Q92: =ROUND(O92+(O92*5.1%),0) -> 4309 | R92: =+H92*Q92 -> 103416 | T92: =+M92 -> 3841 | U92: =+Q92 -> 4309 | W92: {=+MIN(IF(T92:U92>0,T92:U92))} -> 3841 | X92: {=MAX(IF(T92:U92>0,T92:U92))} -> 4309 | Y92: {=ROUND(AVERAGE(IF(T92:U92>0,T92:U92)),0)} -> 4075 | Z92: =ROUND(MEDIAN(T92,U92),0) -> 4075 | AA92: =ROUND(GEOMEAN(T92,U92),0) -> 4068 | AB92: =ROUND(TRIMMEAN(T92:U92,$AB$3),0) -> 4075 | AC92: =ROUND(HARMEAN(T92:U92),0) -> 4062 | AD92: {=STDEVA(IF(T92:U92>0,T92:U92))} -> 330.92597 | AF92: =_xlfn.XLOOKUP(AG92,X92:AD92,$X$8:$AD$8,0) -> MAX | AG92: =+MAX(X92:AC92) -> 4309
B93: 75 | C93: Termonebulizacion | D93: IF CARTAGENA | E93: CARTAGENA-MANGA | F93: Calle 28 No. 25 - 10 Barrio Manga | G93: M2 | H93: 25 | I93: 3474 | J93: =+H93*I93 -> 86850 | K93: =ROUND(I93+(I93*5.2%),0) -> 3655 | L93: =+H93*K93 -> 91375 | M93: =ROUND(K93+(K93*5.1%),0) -> 3841 | N93: =+H93*M93 -> 96025 | O93: 4100 | P93: =+H93*O93 -> 102500 | Q93: =ROUND(O93+(O93*5.1%),0) -> 4309 | R93: =+H93*Q93 -> 107725 | T93: =+M93 -> 3841 | U93: =+Q93 -> 4309 | W93: {=+MIN(IF(T93:U93>0,T93:U93))} -> 3841 | X93: {=MAX(IF(T93:U93>0,T93:U93))} -> 4309 | Y93: {=ROUND(AVERAGE(IF(T93:U93>0,T93:U93)),0)} -> 4075 | Z93: =ROUND(MEDIAN(T93,U93),0) -> 4075 | AA93: =ROUND(GEOMEAN(T93,U93),0) -> 4068 | AB93: =ROUND(TRIMMEAN(T93:U93,$AB$3),0) -> 4075 | AC93: =ROUND(HARMEAN(T93:U93),0) -> 4062 | AD93: {=STDEVA(IF(T93:U93>0,T93:U93))} -> 330.92597 | AF93: =_xlfn.XLOOKUP(AG93,X93:AD93,$X$8:$AD$8,0) -> MAX | AG93: =+MAX(X93:AC93) -> 4309
B94: 76 | C94: Termonebulizacion | D94: IF CARTAGENA DE CHAIRA | E94: CARTAGENA DE CHAIRA - CAQUETA | F94: Tv. 16 No. 30-10 | G94: M2 | H94: 10 | I94: 3474 | J94: =+H94*I94 -> 34740 | K94: =ROUND(I94+(I94*5.2%),0) -> 3655 | L94: =+H94*K94 -> 36550 | M94: =ROUND(K94+(K94*5.1%),0) -> 3841 | N94: =+H94*M94 -> 38410 | O94: 4100 | P94: =+H94*O94 -> 41000 | Q94: =ROUND(O94+(O94*5.1%),0) -> 4309 | R94: =+H94*Q94 -> 43090 | T94: =+M94 -> 3841 | U94: =+Q94 -> 4309 | W94: {=+MIN(IF(T94:U94>0,T94:U94))} -> 3841 | X94: {=MAX(IF(T94:U94>0,T94:U94))} -> 4309 | Y94: {=ROUND(AVERAGE(IF(T94:U94>0,T94:U94)),0)} -> 4075 | Z94: =ROUND(MEDIAN(T94,U94),0) -> 4075 | AA94: =ROUND(GEOMEAN(T94,U94),0) -> 4068 | AB94: =ROUND(TRIMMEAN(T94:U94,$AB$3),0) -> 4075 | AC94: =ROUND(HARMEAN(T94:U94),0) -> 4062 | AD94: {=STDEVA(IF(T94:U94>0,T94:U94))} -> 330.92597 | AF94: =_xlfn.XLOOKUP(AG94,X94:AD94,$X$8:$AD$8,0) -> MAX | AG94: =+MAX(X94:AC94) -> 4309
B95: 77 | C95: Termonebulizacion | D95: IF CAUCASIA | E95: CAUCASIA - ANTIOQUIA | F95: Calle 4 No. 2 A - 06 | G95: M2 | H95: 23 | I95: 3474 | J95: =+H95*I95 -> 79902 | K95: =ROUND(I95+(I95*5.2%),0) -> 3655 | L95: =+H95*K95 -> 84065 | M95: =ROUND(K95+(K95*5.1%),0) -> 3841 | N95: =+H95*M95 -> 88343 | O95: 4100 | P95: =+H95*O95 -> 94300 | Q95: =ROUND(O95+(O95*5.1%),0) -> 4309 | R95: =+H95*Q95 -> 99107 | T95: =+M95 -> 3841 | U95: =+Q95 -> 4309 | W95: {=+MIN(IF(T95:U95>0,T95:U95))} -> 3841 | X95: {=MAX(IF(T95:U95>0,T95:U95))} -> 4309 | Y95: {=ROUND(AVERAGE(IF(T95:U95>0,T95:U95)),0)} -> 4075 | Z95: =ROUND(MEDIAN(T95,U95),0) -> 4075 | AA95: =ROUND(GEOMEAN(T95,U95),0) -> 4068 | AB95: =ROUND(TRIMMEAN(T95:U95,$AB$3),0) -> 4075 | AC95: =ROUND(HARMEAN(T95:U95),0) -> 4062 | AD95: {=STDEVA(IF(T95:U95>0,T95:U95))} -> 330.92597 | AF95: =_xlfn.XLOOKUP(AG95,X95:AD95,$X$8:$AD$8,0) -> MAX | AG95: =+MAX(X95:AC95) -> 4309
B96: 78 | C96: Termonebulizacion | D96: IF EL BANCO | E96: EL BANCO - MAGDALENA | F96: Carrera 2A N°1-108 | G96: M2 | H96: 9 | I96: 3474 | J96: =+H96*I96 -> 31266 | K96: =ROUND(I96+(I96*5.2%),0) -> 3655 | L96: =+H96*K96 -> 32895 | M96: =ROUND(K96+(K96*5.1%),0) -> 3841 | N96: =+H96*M96 -> 34569 | O96: 4100 | P96: =+H96*O96 -> 36900 | Q96: =ROUND(O96+(O96*5.1%),0) -> 4309 | R96: =+H96*Q96 -> 38781 | T96: =+M96 -> 3841 | U96: =+Q96 -> 4309 | W96: {=+MIN(IF(T96:U96>0,T96:U96))} -> 3841 | X96: {=MAX(IF(T96:U96>0,T96:U96))} -> 4309 | Y96: {=ROUND(AVERAGE(IF(T96:U96>0,T96:U96)),0)} -> 4075 | Z96: =ROUND(MEDIAN(T96,U96),0) -> 4075 | AA96: =ROUND(GEOMEAN(T96,U96),0) -> 4068 | AB96: =ROUND(TRIMMEAN(T96:U96,$AB$3),0) -> 4075 | AC96: =ROUND(HARMEAN(T96:U96),0) -> 4062 | AD96: {=STDEVA(IF(T96:U96>0,T96:U96))} -> 330.92597 | AF96: =_xlfn.XLOOKUP(AG96,X96:AD96,$X$8:$AD$8,0) -> MAX | AG96: =+MAX(X96:AC96) -> 4309
B97: 79 | C97: Termonebulizacion | D97: IF GAMARRA | E97: GAMARRA - CESAR | F97: Carrera 12 #17-61 - CALLE 18 #12-27 local #15 Centro Comercial "El Parque" en la ciudad de Girardot, | G97: M2 | H97: 10 | I97: 3474 | J97: =+H97*I97 -> 34740 | K97: =ROUND(I97+(I97*5.2%),0) -> 3655 | L97: =+H97*K97 -> 36550 | M97: =ROUND(K97+(K97*5.1%),0) -> 3841 | N97: =+H97*M97 -> 38410 | O97: 4100 | P97: =+H97*O97 -> 41000 | Q97: =ROUND(O97+(O97*5.1%),0) -> 4309 | R97: =+H97*Q97 -> 43090 | T97: =+M97 -> 3841 | U97: =+Q97 -> 4309 | W97: {=+MIN(IF(T97:U97>0,T97:U97))} -> 3841 | X97: {=MAX(IF(T97:U97>0,T97:U97))} -> 4309 | Y97: {=ROUND(AVERAGE(IF(T97:U97>0,T97:U97)),0)} -> 4075 | Z97: =ROUND(MEDIAN(T97,U97),0) -> 4075 | AA97: =ROUND(GEOMEAN(T97,U97),0) -> 4068 | AB97: =ROUND(TRIMMEAN(T97:U97,$AB$3),0) -> 4075 | AC97: =ROUND(HARMEAN(T97:U97),0) -> 4062 | AD97: {=STDEVA(IF(T97:U97>0,T97:U97))} -> 330.92597 | AF97: =_xlfn.XLOOKUP(AG97,X97:AD97,$X$8:$AD$8,0) -> MAX | AG97: =+MAX(X97:AC97) -> 4309
B98: 80 | C98: Termonebulizacion | D98: IF GIRARDOT | E98: GIRARDOT - CUNDINAMARCA | F98: Calle 1ª del Comercio | G98: M2 | H98: 10 | I98: 3474 | J98: =+H98*I98 -> 34740 | K98: =ROUND(I98+(I98*5.2%),0) -> 3655 | L98: =+H98*K98 -> 36550 | M98: =ROUND(K98+(K98*5.1%),0) -> 3841 | N98: =+H98*M98 -> 38410 | O98: 4100 | P98: =+H98*O98 -> 41000 | Q98: =ROUND(O98+(O98*5.1%),0) -> 4309 | R98: =+H98*Q98 -> 43090 | T98: =+M98 -> 3841 | U98: =+Q98 -> 4309 | W98: {=+MIN(IF(T98:U98>0,T98:U98))} -> 3841 | X98: {=MAX(IF(T98:U98>0,T98:U98))} -> 4309 | Y98: {=ROUND(AVERAGE(IF(T98:U98>0,T98:U98)),0)} -> 4075 | Z98: =ROUND(MEDIAN(T98,U98),0) -> 4075 | AA98: =ROUND(GEOMEAN(T98,U98),0) -> 4068 | AB98: =ROUND(TRIMMEAN(T98:U98,$AB$3),0) -> 4075 | AC98: =ROUND(HARMEAN(T98:U98),0) -> 4062 | AD98: {=STDEVA(IF(T98:U98>0,T98:U98))} -> 330.92597 | AF98: =_xlfn.XLOOKUP(AG98,X98:AD98,$X$8:$AD$8,0) -> MAX | AG98: =+MAX(X98:AC98) -> 4309
B99: 81 | C99: Termonebulizacion | D99: IF GUARANDA | E99: GUARANDA - SUCRE | F99: Calle 23 N° 6-95 Barrio Cubis Margen Izquierda del Rio San Juan | G99: M2 | H99: 10 | I99: 3474 | J99: =+H99*I99 -> 34740 | K99: =ROUND(I99+(I99*5.2%),0) -> 3655 | L99: =+H99*K99 -> 36550 | M99: =ROUND(K99+(K99*5.1%),0) -> 3841 | N99: =+H99*M99 -> 38410 | O99: 4100 | P99: =+H99*O99 -> 41000 | Q99: =ROUND(O99+(O99*5.1%),0) -> 4309 | R99: =+H99*Q99 -> 43090 | T99: =+M99 -> 3841 | U99: =+Q99 -> 4309 | W99: {=+MIN(IF(T99:U99>0,T99:U99))} -> 3841 | X99: {=MAX(IF(T99:U99>0,T99:U99))} -> 4309 | Y99: {=ROUND(AVERAGE(IF(T99:U99>0,T99:U99)),0)} -> 4075 | Z99: =ROUND(MEDIAN(T99,U99),0) -> 4075 | AA99: =ROUND(GEOMEAN(T99,U99),0) -> 4068 | AB99: =ROUND(TRIMMEAN(T99:U99,$AB$3),0) -> 4075 | AC99: =ROUND(HARMEAN(T99:U99),0) -> 4062 | AD99: {=STDEVA(IF(T99:U99>0,T99:U99))} -> 330.92597 | AF99: =_xlfn.XLOOKUP(AG99,X99:AD99,$X$8:$AD$8,0) -> MAX | AG99: =+MAX(X99:AC99) -> 4309
B100: 82 | C100: Termonebulizacion | D100: IF GUATAPE | E100: GUATAPE-ANTIOQUIA | F100: Carrera. 31 No. 31 - 28, Segundo piso Camara de Comercio | G100: M2 | H100: 10 | I100: 3474 | J100: =+H100*I100 -> 34740 | K100: =ROUND(I100+(I100*5.2%),0) -> 3655 | L100: =+H100*K100 -> 36550 | M100: =ROUND(K100+(K100*5.1%),0) -> 3841 | N100: =+H100*M100 -> 38410 | O100: 4100 | P100: =+H100*O100 -> 41000 | Q100: =ROUND(O100+(O100*5.1%),0) -> 4309 | R100: =+H100*Q100 -> 43090 | T100: =+M100 -> 3841 | U100: =+Q100 -> 4309 | W100: {=+MIN(IF(T100:U100>0,T100:U100))} -> 3841 | X100: {=MAX(IF(T100:U100>0,T100:U100))} -> 4309 | Y100: {=ROUND(AVERAGE(IF(T100:U100>0,T100:U100)),0)} -> 4075 | Z100: =ROUND(MEDIAN(T100,U100),0) -> 4075 | AA100: =ROUND(GEOMEAN(T100,U100),0) -> 4068 | AB100: =ROUND(TRIMMEAN(T100:U100,$AB$3),0) -> 4075 | AC100: =ROUND(HARMEAN(T100:U100),0) -> 4062 | AD100: {=STDEVA(IF(T100:U100>0,T100:U100))} -> 330.92597 | AF100: =_xlfn.XLOOKUP(AG100,X100:AD100,$X$8:$AD$8,0) -> MAX | AG100: =+MAX(X100:AC100) -> 4309
... B105: 87 | C105: Termonebulizacion | D105: IF MAGANGUE | E105: MAGANGUÉ - BOLIVAR | F105: Calle 55 No. 6 - 195 | G105: M2 | H105: 18 | I105: 3474 | J105: =+H105*I105 -> 62532 | K105: =ROUND(I105+(I105*5.2%),0) -> 3655 | L105: =+H105*K105 -> 65790 | M105: =ROUND(K105+(K105*5.1%),0) -> 3841 | N105: =+H105*M105 -> 69138 | O105: 4100 | P105: =+H105*O105 -> 73800 | Q105: =ROUND(O105+(O105*5.1%),0) -> 4309 | R105: =+H105*Q105 -> 77562 | T105: =+M105 -> 3841 | U105: =+Q105 -> 4309 | W105: {=+MIN(IF(T105:U105>0,T105:U105))} -> 3841 | X105: {=MAX(IF(T105:U105>0,T105:U105))} -> 4309 | Y105: {=ROUND(AVERAGE(IF(T105:U105>0,T105:U105)),0)} -> 4075 | Z105: =ROUND(MEDIAN(T105,U105),0) -> 4075 | AA105: =ROUND(GEOMEAN(T105,U105),0) -> 4068 | AB105: =ROUND(TRIMMEAN(T105:U105,$AB$3),0) -> 4075 | AC105: =ROUND(HARMEAN(T105:U105),0) -> 4062 | AD105: {=STDEVA(IF(T105:U105>0,T105:U105))} -> 330.92597 | AF105: =_xlfn.XLOOKUP(AG105,X105:AD105,$X$8:$AD$8,0) -> MAX | AG105: =+MAX(X105:AC105) -> 4309
B106: 88 | C106: Termonebulizacion | D106: IF PUERTO ASIS | F106: Carrera 1ª No. 50 -02 | G106: M2 | H106: 26 | I106: 3474 | J106: =+H106*I106 -> 90324 | K106: =ROUND(I106+(I106*5.2%),0) -> 3655 | L106: =+H106*K106 -> 95030 | M106: =ROUND(K106+(K106*5.1%),0) -> 3841 | N106: =+H106*M106 -> 99866 | O106: 4100 | P106: =+H106*O106 -> 106600 | Q106: =ROUND(O106+(O106*5.1%),0) -> 4309 | R106: =+H106*Q106 -> 112034 | T106: =+M106 -> 3841 | U106: =+Q106 -> 4309 | W106: {=+MIN(IF(T106:U106>0,T106:U106))} -> 3841 | X106: {=MAX(IF(T106:U106>0,T106:U106))} -> 4309 | Y106: {=ROUND(AVERAGE(IF(T106:U106>0,T106:U106)),0)} -> 4075 | Z106: =ROUND(MEDIAN(T106,U106),0) -> 4075 | AA106: =ROUND(GEOMEAN(T106,U106),0) -> 4068 | AB106: =ROUND(TRIMMEAN(T106:U106,$AB$3),0) -> 4075 | AC106: =ROUND(HARMEAN(T106:U106),0) -> 4062 | AD106: {=STDEVA(IF(T106:U106>0,T106:U106))} -> 330.92597 | AF106: =_xlfn.XLOOKUP(AG106,X106:AD106,$X$8:$AD$8,0) -> MAX | AG106: =+MAX(X106:AC106) -> 4309
B107: 89 | C107: Termonebulizacion | D107: IF PUERTO BERRIO | E107: PUERTO BERRIO - ANTIOQUIA | F107: Carrera 1ª No.7-137 - Muelle Fluvial - | G107: M2 | H107: 10 | I107: 3474 | J107: =+H107*I107 -> 34740 | K107: =ROUND(I107+(I107*5.2%),0) -> 3655 | L107: =+H107*K107 -> 36550 | M107: =ROUND(K107+(K107*5.1%),0) -> 3841 | N107: =+H107*M107 -> 38410 | O107: 4100 | P107: =+H107*O107 -> 41000 | Q107: =ROUND(O107+(O107*5.1%),0) -> 4309 | R107: =+H107*Q107 -> 43090 | T107: =+M107 -> 3841 | U107: =+Q107 -> 4309 | W107: {=+MIN(IF(T107:U107>0,T107:U107))} -> 3841 | X107: {=MAX(IF(T107:U107>0,T107:U107))} -> 4309 | Y107: {=ROUND(AVERAGE(IF(T107:U107>0,T107:U107)),0)} -> 4075 | Z107: =ROUND(MEDIAN(T107,U107),0) -> 4075 | AA107: =ROUND(GEOMEAN(T107,U107),0) -> 4068 | AB107: =ROUND(TRIMMEAN(T107:U107,$AB$3),0) -> 4075 | AC107: =ROUND(HARMEAN(T107:U107),0) -> 4062 | AD107: {=STDEVA(IF(T107:U107>0,T107:U107))} -> 330.92597 | AF107: =_xlfn.XLOOKUP(AG107,X107:AD107,$X$8:$AD$8,0) -> MAX | AG107: =+MAX(X107:AC107) -> 4309
B108: 90 | C108: Termonebulizacion | D108: IF PUERTO CARREÑO | E108: PUERTO CARREÑO - VICHADA | F108: Carrera 2 N° 11 -53 | G108: M2 | H108: 10 | I108: 3474 | J108: =+H108*I108 -> 34740 | K108: =ROUND(I108+(I108*5.2%),0) -> 3655 | L108: =+H108*K108 -> 36550 | M108: =ROUND(K108+(K108*5.1%),0) -> 3841 | N108: =+H108*M108 -> 38410 | O108: 4100 | P108: =+H108*O108 -> 41000 | Q108: =ROUND(O108+(O108*5.1%),0) -> 4309 | R108: =+H108*Q108 -> 43090 | T108: =+M108 -> 3841 | U108: =+Q108 -> 4309 | W108: {=+MIN(IF(T108:U108>0,T108:U108))} -> 3841 | X108: {=MAX(IF(T108:U108>0,T108:U108))} -> 4309 | Y108: {=ROUND(AVERAGE(IF(T108:U108>0,T108:U108)),0)} -> 4075 | Z108: =ROUND(MEDIAN(T108,U108),0) -> 4075 | AA108: =ROUND(GEOMEAN(T108,U108),0) -> 4068 | AB108: =ROUND(TRIMMEAN(T108:U108,$AB$3),0) -> 4075 | AC108: =ROUND(HARMEAN(T108:U108),0) -> 4062 | AD108: {=STDEVA(IF(T108:U108>0,T108:U108))} -> 330.92597 | AF108: =_xlfn.XLOOKUP(AG108,X108:AD108,$X$8:$AD$8,0) -> MAX | AG108: =+MAX(X108:AC108) -> 4309
B109: 91 | C109: Termonebulizacion | D109: IF PUERTO GAITÁN | E109: PUERTO GAITÁN - META | F109: Muelle Fluvial | G109: M2 | H109: 14 | I109: 3474 | J109: =+H109*I109 -> 48636 | K109: =ROUND(I109+(I109*5.2%),0) -> 3655 | L109: =+H109*K109 -> 51170 | M109: =ROUND(K109+(K109*5.1%),0) -> 3841 | N109: =+H109*M109 -> 53774 | O109: 4100 | P109: =+H109*O109 -> 57400 | Q109: =ROUND(O109+(O109*5.1%),0) -> 4309 | R109: =+H109*Q109 -> 60326 | T109: =+M109 -> 3841 | U109: =+Q109 -> 4309 | W109: {=+MIN(IF(T109:U109>0,T109:U109))} -> 3841 | X109: {=MAX(IF(T109:U109>0,T109:U109))} -> 4309 | Y109: {=ROUND(AVERAGE(IF(T109:U109>0,T109:U109)),0)} -> 4075 | Z109: =ROUND(MEDIAN(T109,U109),0) -> 4075 | AA109: =ROUND(GEOMEAN(T109,U109),0) -> 4068 | AB109: =ROUND(TRIMMEAN(T109:U109,$AB$3),0) -> 4075 | AC109: =ROUND(HARMEAN(T109:U109),0) -> 4062 | AD109: {=STDEVA(IF(T109:U109>0,T109:U109))} -> 330.92597 | AF109: =_xlfn.XLOOKUP(AG109,X109:AD109,$X$8:$AD$8,0) -> MAX | AG109: =+MAX(X109:AC109) -> 4309
B110: 92 | C110: Termonebulizacion | D110: IF PUERTO INÍRIDA | E110: PUERTO INÍRIDA - GUAINIA | F110: Carrera 3 #3-57, Barrio Centro del municipio de Puerto Leguizamo | G110: M2 | H110: 10 | I110: 3474 | J110: =+H110*I110 -> 34740 | K110: =ROUND(I110+(I110*5.2%),0) -> 3655 | L110: =+H110*K110 -> 36550 | M110: =ROUND(K110+(K110*5.1%),0) -> 3841 | N110: =+H110*M110 -> 38410 | O110: 4100 | P110: =+H110*O110 -> 41000 | Q110: =ROUND(O110+(O110*5.1%),0) -> 4309 | R110: =+H110*Q110 -> 43090 | T110: =+M110 -> 3841 | U110: =+Q110 -> 4309 | W110: {=+MIN(IF(T110:U110>0,T110:U110))} -> 3841 | X110: {=MAX(IF(T110:U110>0,T110:U110))} -> 4309 | Y110: {=ROUND(AVERAGE(IF(T110:U110>0,T110:U110)),0)} -> 4075 | Z110: =ROUND(MEDIAN(T110,U110),0) -> 4075 | AA110: =ROUND(GEOMEAN(T110,U110),0) -> 4068 | AB110: =ROUND(TRIMMEAN(T110:U110,$AB$3),0) -> 4075 | AC110: =ROUND(HARMEAN(T110:U110),0) -> 4062 | AD110: {=STDEVA(IF(T110:U110>0,T110:U110))} -> 330.92597 | AF110: =_xlfn.XLOOKUP(AG110,X110:AD110,$X$8:$AD$8,0) -> MAX | AG110: =+MAX(X110:AC110) -> 4309
B111: 93 | C111: Termonebulizacion | D111: IF PUERTO LEGUIZAMO | E111: PUERTO LEGUIZAMO - PUTUMAYO | F111: Carrera 3 No. 6 - 32 | G111: M2 | H111: 10 | I111: 3474 | J111: =+H111*I111 -> 34740 | K111: =ROUND(I111+(I111*5.2%),0) -> 3655 | L111: =+H111*K111 -> 36550 | M111: =ROUND(K111+(K111*5.1%),0) -> 3841 | N111: =+H111*M111 -> 38410 | O111: 4100 | P111: =+H111*O111 -> 41000 | Q111: =ROUND(O111+(O111*5.1%),0) -> 4309 | R111: =+H111*Q111 -> 43090 | T111: =+M111 -> 3841 | U111: =+Q111 -> 4309 | W111: {=+MIN(IF(T111:U111>0,T111:U111))} -> 3841 | X111: {=MAX(IF(T111:U111>0,T111:U111))} -> 4309 | Y111: {=ROUND(AVERAGE(IF(T111:U111>0,T111:U111)),0)} -> 4075 | Z111: =ROUND(MEDIAN(T111,U111),0) -> 4075 | AA111: =ROUND(GEOMEAN(T111,U111),0) -> 4068 | AB111: =ROUND(TRIMMEAN(T111:U111,$AB$3),0) -> 4075 | AC111: =ROUND(HARMEAN(T111:U111),0) -> 4062 | AD111: {=STDEVA(IF(T111:U111>0,T111:U111))} -> 330.92597 | AF111: =_xlfn.XLOOKUP(AG111,X111:AD111,$X$8:$AD$8,0) -> MAX | AG111: =+MAX(X111:AC111) -> 4309
B112: 94 | C112: Termonebulizacion | D112: IF PUERTO LOPEZ | E112: PUERTO LOPEZ - META | F112: Cra. 14 No. 17B-275 Barrio Primero de Mayo | G112: M2 | H112: 9 | I112: 3474 | J112: =+H112*I112 -> 31266 | K112: =ROUND(I112+(I112*5.2%),0) -> 3655 | L112: =+H112*K112 -> 32895 | M112: =ROUND(K112+(K112*5.1%),0) -> 3841 | N112: =+H112*M112 -> 34569 | O112: 4100 | P112: =+H112*O112 -> 36900 | Q112: =ROUND(O112+(O112*5.1%),0) -> 4309 | R112: =+H112*Q112 -> 38781 | T112: =+M112 -> 3841 | U112: =+Q112 -> 4309 | W112: {=+MIN(IF(T112:U112>0,T112:U112))} -> 3841 | X112: {=MAX(IF(T112:U112>0,T112:U112))} -> 4309 | Y112: {=ROUND(AVERAGE(IF(T112:U112>0,T112:U112)),0)} -> 4075 | Z112: =ROUND(MEDIAN(T112,U112),0) -> 4075 | AA112: =ROUND(GEOMEAN(T112,U112),0) -> 4068 | AB112: =ROUND(TRIMMEAN(T112:U112,$AB$3),0) -> 4075 | AC112: =ROUND(HARMEAN(T112:U112),0) -> 4062 | AD112: {=STDEVA(IF(T112:U112>0,T112:U112))} -> 330.92597 | AF112: =_xlfn.XLOOKUP(AG112,X112:AD112,$X$8:$AD$8,0) -> MAX | AG112: =+MAX(X112:AC112) -> 4309
B113: 95 | C113: Termonebulizacion | D113: IF PUERTO SALGAR | E113: PUERTO SALGAR - CUNDINAMARCA | F113: Carrera 1 No. 24 - 10 | G113: M2 | H113: 27 | I113: 3474 | J113: =+H113*I113 -> 93798 | K113: =ROUND(I113+(I113*5.2%),0) -> 3655 | L113: =+H113*K113 -> 98685 | M113: =ROUND(K113+(K113*5.1%),0) -> 3841 | N113: =+H113*M113 -> 103707 | O113: 4100 | P113: =+H113*O113 -> 110700 | Q113: =ROUND(O113+(O113*5.1%),0) -> 4309 | R113: =+H113*Q113 -> 116343 | T113: =+M113 -> 3841 | U113: =+Q113 -> 4309 | W113: {=+MIN(IF(T113:U113>0,T113:U113))} -> 3841 | X113: {=MAX(IF(T113:U113>0,T113:U113))} -> 4309 | Y113: {=ROUND(AVERAGE(IF(T113:U113>0,T113:U113)),0)} -> 4075 | Z113: =ROUND(MEDIAN(T113,U113),0) -> 4075 | AA113: =ROUND(GEOMEAN(T113,U113),0) -> 4068 | AB113: =ROUND(TRIMMEAN(T113:U113,$AB$3),0) -> 4075 | AC113: =ROUND(HARMEAN(T113:U113),0) -> 4062 | AD113: {=STDEVA(IF(T113:U113>0,T113:U113))} -> 330.92597 | AF113: =_xlfn.XLOOKUP(AG113,X113:AD113,$X$8:$AD$8,0) -> MAX | AG113: =+MAX(X113:AC113) -> 4309
B114: 101 | C114: Termonebulizacion | D114: IF QUIBDÓ | E114: QUIBDÓ - CHOCO | F114: Barrio Maket - Calle Principal | G114: M2 | H114: 5 | I114: 3474 | J114: =+H114*I114 -> 17370 | K114: =ROUND(I114+(I114*5.2%),0) -> 3655 | L114: =+H114*K114 -> 18275 | M114: =ROUND(K114+(K114*5.1%),0) -> 3841 | N114: =+H114*M114 -> 19205 | O114: 4100 | P114: =+H114*O114 -> 20500 | Q114: =ROUND(O114+(O114*5.1%),0) -> 4309 | R114: =+H114*Q114 -> 21545 | T114: =+M114 -> 3841 | U114: =+Q114 -> 4309 | W114: {=+MIN(IF(T114:U114>0,T114:U114))} -> 3841 | X114: {=MAX(IF(T114:U114>0,T114:U114))} -> 4309 | Y114: {=ROUND(AVERAGE(IF(T114:U114>0,T114:U114)),0)} -> 4075 | Z114: =ROUND(MEDIAN(T114,U114),0) -> 4075 | AA114: =ROUND(GEOMEAN(T114,U114),0) -> 4068 | AB114: =ROUND(TRIMMEAN(T114:U114,$AB$3),0) -> 4075 | AC114: =ROUND(HARMEAN(T114:U114),0) -> 4062 | AD114: {=STDEVA(IF(T114:U114>0,T114:U114))} -> 330.92597 | AF114: =_xlfn.XLOOKUP(AG114,X114:AD114,$X$8:$AD$8,0) -> MAX | AG114: =+MAX(X114:AC114) -> 4309
B115: 102 | C115: Termonebulizacion | D115: IF RIOSUCIO | E115: RIOSUCIO - CHOCO | F115: Calle 21 N°5-15/23 Centro Muelle Fluvial | G115: M2 | H115: 13 | I115: 3474 | J115: =+H115*I115 -> 45162 | K115: =ROUND(I115+(I115*5.2%),0) -> 3655 | L115: =+H115*K115 -> 47515 | M115: =ROUND(K115+(K115*5.1%),0) -> 3841 | N115: =+H115*M115 -> 49933 | O115: 4100 | P115: =+H115*O115 -> 53300 | Q115: =ROUND(O115+(O115*5.1%),0) -> 4309 | R115: =+H115*Q115 -> 56017 | T115: =+M115 -> 3841 | U115: =+Q115 -> 4309 | W115: {=+MIN(IF(T115:U115>0,T115:U115))} -> 3841 | X115: {=MAX(IF(T115:U115>0,T115:U115))} -> 4309 | Y115: {=ROUND(AVERAGE(IF(T115:U115>0,T115:U115)),0)} -> 4075 | Z115: =ROUND(MEDIAN(T115,U115),0) -> 4075 | AA115: =ROUND(GEOMEAN(T115,U115),0) -> 4068 | AB115: =ROUND(TRIMMEAN(T115:U115,$AB$3),0) -> 4075 | AC115: =ROUND(HARMEAN(T115:U115),0) -> 4062 | AD115: {=STDEVA(IF(T115:U115>0,T115:U115))} -> 330.92597 | AF115: =_xlfn.XLOOKUP(AG115,X115:AD115,$X$8:$AD$8,0) -> MAX | AG115: =+MAX(X115:AC115) -> 4309
B116: 103 | C116: Termonebulizacion | D116: IF SAN JOSE DE GUAVIARE | E116: SAN JOSE DE GUAVIARE - GUAVIARE | F116: Calle 6 # 2 – 52/56 en la ciudad de Solano - Caquetá | G116: M2 | H116: 10 | I116: 3474 | J116: =+H116*I116 -> 34740 | K116: =ROUND(I116+(I116*5.2%),0) -> 3655 | L116: =+H116*K116 -> 36550 | M116: =ROUND(K116+(K116*5.1%),0) -> 3841 | N116: =+H116*M116 -> 38410 | O116: 4100 | P116: =+H116*O116 -> 41000 | Q116: =ROUND(O116+(O116*5.1%),0) -> 4309 | R116: =+H116*Q116 -> 43090 | T116: =+M116 -> 3841 | U116: =+Q116 -> 4309 | W116: {=+MIN(IF(T116:U116>0,T116:U116))} -> 3841 | X116: {=MAX(IF(T116:U116>0,T116:U116))} -> 4309 | Y116: {=ROUND(AVERAGE(IF(T116:U116>0,T116:U116)),0)} -> 4075 | Z116: =ROUND(MEDIAN(T116,U116),0) -> 4075 | AA116: =ROUND(GEOMEAN(T116,U116),0) -> 4068 | AB116: =ROUND(TRIMMEAN(T116:U116,$AB$3),0) -> 4075 | AC116: =ROUND(HARMEAN(T116:U116),0) -> 4062 | AD116: {=STDEVA(IF(T116:U116>0,T116:U116))} -> 330.92597 | AF116: =_xlfn.XLOOKUP(AG116,X116:AD116,$X$8:$AD$8,0) -> MAX | AG116: =+MAX(X116:AC116) -> 4309
B117: 104 | C117: Termonebulizacion | D117: IF SOLANO | E117: SOLANO - CAQUETA | F117: Calle 100 No. 12 - 65. Edificio El Pirata. Local 2 | G117: M2 | H117: 10 | I117: 3474 | J117: =+H117*I117 -> 34740 | K117: =ROUND(I117+(I117*5.2%),0) -> 3655 | L117: =+H117*K117 -> 36550 | M117: =ROUND(K117+(K117*5.1%),0) -> 3841 | N117: =+H117*M117 -> 38410 | O117: 4100 | P117: =+H117*O117 -> 41000 | Q117: =ROUND(O117+(O117*5.1%),0) -> 4309 | R117: =+H117*Q117 -> 43090 | T117: =+M117 -> 3841 | U117: =+Q117 -> 4309 | W117: {=+MIN(IF(T117:U117>0,T117:U117))} -> 3841 | X117: {=MAX(IF(T117:U117>0,T117:U117))} -> 4309 | Y117: {=ROUND(AVERAGE(IF(T117:U117>0,T117:U117)),0)} -> 4075 | Z117: =ROUND(MEDIAN(T117,U117),0) -> 4075 | AA117: =ROUND(GEOMEAN(T117,U117),0) -> 4068 | AB117: =ROUND(TRIMMEAN(T117:U117,$AB$3),0) -> 4075 | AC117: =ROUND(HARMEAN(T117:U117),0) -> 4062 | AD117: {=STDEVA(IF(T117:U117>0,T117:U117))} -> 330.92597 | AF117: =_xlfn.XLOOKUP(AG117,X117:AD117,$X$8:$AD$8,0) -> MAX | AG117: =+MAX(X117:AC117) -> 4309
